Workbook

Sheet Índice
A1: Estatísticas Fiscais do Governo Geral
A2: Despesa por Função de Governo (COFOG - Classification of Functions of Government) da OCDE/ONU
A5: 1. | B5: Despesa por função - Dados Anuais
A6: 1.1. | B6: Despesa por função de governo por esfera de governo - Governo Geral - Brasil - Anual - R$ Milhões
A7: 1.2. | B7: Despesa por função de governo - Governo Central - Brasil - Anual - R$ Milhões
A8: 1.3. | B8: Despesa por função de governo - Governos Estaduais - Brasil - Anual - R$ Milhões
A9: 1.4. | B9: Despesa por função de governo - Governos Municipais - Brasil - Anual - R$ Milhões
A10: 1.5. | B10: Despesa por função de governo - Governo Geral - Brasil - Anual - R$ Milhões
A11: 1.1.a | B11: Despesa por função de governo por esfera de governo - Governo Geral - Brasil - Anual - % PIB
A12: 1.2.a | B12: Despesa por função de governo - Governo Central - Brasil - Anual - % PIB
A13: 1.3.a | B13: Despesa por função de governo - Governos Estaduais - Brasil - Anual - % PIB
A14: 1.4.a | B14: Despesa por função de governo - Governos Municipais - Brasil - Anual - % PIB
A15: 1.5.a | B15: Despesa por função de governo - Governo Geral - Brasil - Anual - % PIB
A16: 1.1.b | B16: Despesa por função de governo por esfera de governo - Governo Geral - Brasil - Anual - R$ Milhões - Valores reais - IPCA
... A32: 2.4.b | B32: Despesa por função de governo - Classificação cruzada da classificação econômica e funcional da despesa - Governo Geral - Brasil - Anual - R$ Milhões - Valores reais - IPCA
A34: Metadados

Sheet 1.1
A1: Tabela 1.1. Despesa por função de governo1/ por esfera de governo - Governo Geral - Brasil - Anual
A2: R$ Milhões - Valores Correntes
A5: Governo Geral | C5: 2010 | K5: 2011 | S5: 2012 | AA5: 2013 | AI5: 2014 | AQ5: 2015 | AY5: 2016 | BG5: 2017 | BO5: 2018 | BW5: 2019 | CE5: 2020 | CM5: 2021 | CU5: 2022 | DC5: 2023
C6: Governo Central | G6: Governos Estaduais 5/ | H6: Governos Municipais 6/ | I6: Coluna de Consolidação 4/ | J6: Governo Geral 7/ | K6: Governo Central | O6: Governos Estaduais 5/ | P6: Governos Municipais 6/ | Q6: Coluna de Consolidação 4/ | R6: Governo Geral 7/ | S6: Governo Central | W6: Governos Estaduais 5/ | X6: Governos Municipais 6/ | Y6: Coluna de Consolidação 4/ | Z6: Governo Geral 7/ | AA6: Governo Central | AE6: Governos Estaduais 5/ | AF6: Governos Municipais 6/ | AG6: Coluna de Consolidação 4/ | AH6: Governo Geral 7/ | AI6: Governo Central | AM6: Governos Estaduais 5/ | AN6: Governos Municipais 6/ | AO6: Coluna de Consolidação 4/ | AP6: Governo Geral 7/ | AQ6: Governo Central | AU6: Governos Estaduais 5/ | AV6: Governos Municipais 6/ | AW6: Coluna de Consolidação 4/ | AX6: Governo Geral 7/ | AY6: Governo Central | BC6: Governos Estaduais 5/ | BD6: Governos Municipais 6/ | BE6: Coluna de Consolidação 4/ | BF6: Governo Geral 7/ | BG6: Governo Central | BK6: Governos Estaduais 5/ | BL6: Governos Municipais 6/ | BM6: Coluna de Consolidação 4/ | BN6: Governo Geral 7/ | BO6: Governo Central | BS6: Governos Estaduais 5/ | BT6: Governos Municipais 6/ | BU6: Coluna de Consolidação 4/ | BV6: Governo Geral 7/ | BW6: Governo Central | CA6: Governos Estaduais 5/ | CB6: Governos Municipais 6/ | CC6: Coluna de Consolidação 4/ | CD6: Governo Geral 7/ | CE6: Governo Central | CI6: Governos Estaduais 5/ | CJ6: Governos Municipais 6/ | CK6: Coluna de Consolidação 4/ | CL6: Governo Geral 7/ | CM6: Governo Central | CQ6: Governos Estaduais 5/ | CR6: Governos Municipais 6/ | CS6: Coluna de Consolidação 4/ | CT6: Governo Geral 7/ | CU6: Governo Central | CY6: Governos Estaduais 5/ | CZ6: Governos Municipais 6/ | DA6: Coluna de Consolidação 4/ | DB6: Governo Geral 7/ | DC6: Governo Central | DG6: Governos Estaduais 5/ | DH6: Governos Municipais 6/ | DI6: Coluna de Consolidação 4/ | DJ6: Governo Geral 7/
C7: Orçamentário 2/ | D7: Extraorçamentário 3/ | E7: Coluna de Consolidação 4/ | F7: Governo Central | K7: Orçamentário 2/ | L7: Extraorçamentário 3/ | M7: Coluna de Consolidação 4/ | N7: Governo Central | S7: Orçamentário 2/ | T7: Extraorçamentário 3/ | U7: Coluna de Consolidação 4/ | V7: Governo Central | AA7: Orçamentário 2/ | AB7: Extraorçamentário 3/ | AC7: Coluna de Consolidação 4/ | AD7: Governo Central | AI7: Orçamentário 2/ | AJ7: Extraorçamentário 3/ | AK7: Coluna de Consolidação 4/ | AL7: Governo Central | AQ7: Orçamentário 2/ | AR7: Extraorçamentário 3/ | AS7: Coluna de Consolidação 4/ | AT7: Governo Central | AY7: Orçamentário 2/ | AZ7: Extraorçamentário 3/ | BA7: Coluna de Consolidação 4/ | BB7: Governo Central | BG7: Orçamentário 2/ | BH7: Extraorçamentário 3/ | BI7: Coluna de Consolidação 4/ | BJ7: Governo Central | BO7: Orçamentário 2/ | BP7: Extraorçamentário 3/ | BQ7: Coluna de Consolidação 4/ | BR7: Governo Central | BW7: Orçamentário 2/ | BX7: Extraorçamentário 3/ | BY7: Coluna de Consolidação 4/ | BZ7: Governo Central | CE7: Orçamentário 2/ | CF7: Extraorçamentário 3/ | CG7: Coluna de Consolidação 4/ | CH7: Governo Central | CM7: Orçamentário 2/ | CN7: Extraorçamentário 3/ | CO7: Coluna de Consolidação 4/ | CP7: Governo Central | CU7: Orçamentário 2/ | CV7: Extraorçamentário 3/ | CW7: Coluna de Consolidação 4/ | CX7: Governo Central | DC7: Orçamentário 2/ | DD7: Extraorçamentário 3/ | DE7: Coluna de Consolidação 4/ | DF7: Governo Central
A8: 7 | B8: Despesa total8/ | C8: 1103219.3 | D8: 0 | E8: 0 | F8: 1103219.3 | G8: 518938 | H8: 314125.31 | I8: -400756.11 | J8: 1535526.5 | K8: 1257124.6 | L8: 0 | M8: 0 | N8: 1257124.6 | O8: 541108.83 | P8: 352266.6 | Q8: -427638.63 | R8: 1722861.4 | S8: 1359120.4 | T8: 0 | U8: 0 | V8: 1359120.4 | W8: 608922.48 | X8: 403845.02 | Y8: -479229.77 | Z8: 1892658.2 | AA8: 1508757.4 | AB8: 0 | AC8: 0 | AD8: 1508757.4 | AE8: 683376.52 | AF8: 423939.56 | AG8: -495147.64 | AH8: 2120925.8 | AI8: 1700229.2 | AJ8: 0 | AK8: 0 | AL8: 1700229.2 | AM8: 745869.38 | AN8: 484741.46 | AO8: -536826 | AP8: 2394014 | AQ8: 2029683.8 | AR8: 0 | AS8: 0 | AT8: 2029683.8 | AU8: 802903.98 | AV8: 521581.35 | AW8: -584664.11 | AX8: 2769505 | AY8: 2084158.9 | AZ8: 0 | BA8: 0 | BB8: 2084158.9 | BC8: 830799.09 | BD8: 552541.07 | BE8: -614772 | BF8: 2852727.1 | BG8: 2113662 | BH8: 0 | BI8: 0 | BJ8: 2113662 | BK8: 845274.2 | BL8: 548335.35 | BM8: -590080.52 | BN8: 2917191 | BO8: 2246409.2 | BP8: 0 | BQ8: 0 | BR8: 2246409.2 | BS8: 896794.19 | BT8: 603508.5 | BU8: -652236.18 | BV8: 3094475.7 | BW8: 2281853.9 | BX8: 0 | BY8: 0 | BZ8: 2281853.9 | CA8: 922449.34 | CB8: 659645.03 | CC8: -683453.7 | CD8: 3180494.5 | CE8: 2635975.1 | CF8: 0 | CG8: 0 | CH8: 2635975.1 | CI8: 947273.06 | CJ8: 719919.47 | CK8: -789175.83 | CL8: 3513991.8 | CM8: 2629674.2 | CN8: 0 | CO8: 0 | CP8: 2629674.2 | CQ8: 1084912.7 | CR8: 772728.42 | CS8: -849024.54 | CT8: 3638290.8 | CU8: 3166261 | CV8: 0 | CW8: 0 | CX8: 3166261 | CY8: 1369766.2 | CZ8: 973459.84 | DA8: -1130338.5 | DB8: 4379148.6 | DC8: 3529839.6 | DD8: 0 | DE8: 0 | DF8: 3529839.6 | DG8: 1461197.4 | DH8: 1123666.4 | DI8: -1156351.4 | DJ8: 4958352.1
A9: 701 | B9: Serviços públicos gerais | C9: 437299.75 | D9: 0 | E9: 0 | F9: 437299.75 | G9: 179154.65 | H9: 56014.281 | I9: -277946.62 | J9: 394522.07 | K9: 521007.89 | L9: 0 | M9: 0 | N9: 521007.89 | O9: 174149.59 | P9: 60808.287 | Q9: -295125.35 | R9: 460840.42 | S9: 532859.45 | T9: 0 | U9: 0 | V9: 532859.45 | W9: 201278.41 | X9: 67796.923 | Y9: -325996.91 | Z9: 475937.87 | AA9: 580677.52 | AB9: 0 | AC9: 0 | AD9: 580677.52 | AE9: 210590.66 | AF9: 71838.066 | AG9: -343079.2 | AH9: 520027.04 | AI9: 661984.76 | AJ9: 0 | AK9: 0 | AL9: 661984.76 | AM9: 220398.46 | AN9: 78338.195 | AO9: -366802.47 | AP9: 593918.94 | AQ9: 947641.82 | AR9: 0 | AS9: 0 | AT9: 947641.82 | AU9: 261226.57 | AV9: 88535.134 | AW9: -412152.67 | AX9: 885250.86 | AY9: 882584.58 | AZ9: 0 | BA9: 0 | BB9: 882584.58 | BC9: 246024.26 | BD9: 85669.401 | BE9: -416831.8 | BF9: 797446.44 | BG9: 856599.17 | BH9: 0 | BI9: 0 | BJ9: 856599.17 | BK9: 226092.85 | BL9: 80612.94 | BM9: -398184.65 | BN9: 765120.31 | BO9: 920163.71 | BP9: 0 | BQ9: 0 | BR9: 920163.71 | BS9: 240991.82 | BT9: 88519.021 | BU9: -443450.16 | BV9: 806224.39 | BW9: 862724.12 | BX9: 0 | BY9: 0 | BZ9: 862724.12 | CA9: 242043.81 | CB9: 101447.59 | CC9: -469857.62 | CD9: 736357.89 | CE9: 848969.92 | CF9: 0 | CG9: 0 | CH9: 848969.92 | CI9: 224613.75 | CJ9: 108011.71 | CK9: -525543.58 | CL9: 656051.79 | CM9: 1025436.4 | CN9: 0 | CO9: 0 | CP9: 1025436.4 | CQ9: 327117.04 | CR9: 117463.83 | CS9: -578505.87 | CT9: 891511.38 | CU9: 1367226.8 | CV9: 0 | CW9: 0 | CX9: 1367226.8 | CY9: 396897.51 | CZ9: 142888.13 | DA9: -792969.74 | DB9: 1114042.7 | DC9: 1453400.4 | DD9: 0 | DE9: 0 | DF9: 1453400.4 | DG9: 408878.31 | DH9: 155158.31 | DI9: -775419.2 | DJ9: 1242017.8
A10: 7011 | B10: Poder execut., leg., assuntos fiscais, financeiros e externos | C10: 26795.118 | D10: 0 | E10: 0 | F10: 26795.118 | G10: 36371.417 | H10: 17092.262 | I10: -1737.236 | J10: 78521.562 | K10: 29323.63 | L10: 0 | M10: 0 | N10: 29323.63 | O10: 35244.287 | P10: 19373.534 | Q10: -1133.4504 | R10: 82808.001 | S10: 28546.015 | T10: 0 | U10: 0 | V10: 28546.015 | W10: 45124.399 | X10: 21695.789 | Y10: -1829.3563 | Z10: 93536.846 | AA10: 29203.177 | AB10: 0 | AC10: 0 | AD10: 29203.177 | AE10: 47219.364 | AF10: 24630.412 | AG10: -1652.4206 | AH10: 99400.532 | AI10: 29457.997 | AJ10: 0 | AK10: 0 | AL10: 29457.997 | AM10: 50309.679 | AN10: 27534.317 | AO10: -1934.5249 | AP10: 105367.47 | AQ10: 35486.403 | AR10: 0 | AS10: 0 | AT10: 35486.403 | AU10: 51205.134 | AV10: 30007.419 | AW10: -1654.339 | AX10: 115044.62 | AY10: 39144.802 | AZ10: 0 | BA10: 0 | BB10: 39144.802 | BC10: 46633.785 | BD10: 32882.715 | BE10: -1082.6261 | BF10: 117578.68 | BG10: 39146.357 | BH10: 0 | BI10: 0 | BJ10: 39146.357 | BK10: 46523.207 | BL10: 33467.715 | BM10: -779.89097 | BN10: 118357.39 | BO10: 43253.37 | BP10: 0 | BQ10: 0 | BR10: 43253.37 | BS10: 46603.28 | BT10: 36101.028 | BU10: -720.27343 | BV10: 125237.4 | BW10: 45621.668 | BX10: 0 | BY10: 0 | BZ10: 45621.668 | CA10: 49110.103 | CB10: 39153.726 | CC10: -539.97121 | CD10: 133345.53 | CE10: 52198.359 | CF10: 0 | CG10: 0 | CH10: 52198.359 | CI10: 44861.535 | CJ10: 42500.348 | CK10: -319.5564 | CL10: 139240.69 | CM10: 50724.876 | CN10: 0 | CO10: 0 | CP10: 50724.876 | CQ10: 101803.44 | CR10: 46906.616 | CS10: -1694.2108 | CT10: 197740.72 | CU10: 66450.865 | CV10: 0 | CW10: 0 | CX10: 66450.865 | CY10: 104551.48 | CZ10: 55081.052 | DA10: -26219.236 | DB10: 199864.16 | DC10: 93869.849 | DD10: 0 | DE10: 0 | DF10: 93869.849 | DG10: 90264.601 | DH10: 61221.992 | DI10: -1318.2997 | DJ10: 244038.14
A11: 7012 | B11: Ajuda econômica externa | C11: 169.90967 | D11: 0 | E11: 0 | F11: 169.90967 | G11: 0 | H11: 6.6024427 | I11: 0 | J11: 176.51211 | K11: 122.17979 | L11: 0 | M11: 0 | N11: 122.17979 | O11: 0 | P11: 5.543318 | Q11: 0 | R11: 127.72311 | S11: 23.590135 | T11: 0 | U11: 0 | V11: 23.590135 | W11: 0 | X11: 5.9816596 | Y11: 0 | Z11: 29.571794 | AA11: 30.502239 | AB11: 0 | AC11: 0 | AD11: 30.502239 | AE11: 0 | AF11: 5.8549789 | AG11: 0 | AH11: 36.357217 | AI11: 0.02 | AJ11: 0 | AK11: 0 | AL11: 0.02 | AM11: 0 | AN11: 5.7578281 | AO11: 0 | AP11: 5.7778281 | AQ11: 0 | AR11: 0 | AS11: 0 | AT11: 0 | AU11: 0 | AV11: 6.5669601 | AW11: 0 | AX11: 6.5669601 | AY11: 0 | AZ11: 0 | BA11: 0 | BB11: 0 | BC11: 0 | BD11: 6.8670001 | BE11: 0 | BF11: 6.8670001 | BG11: 0 | BH11: 0 | BI11: 0 | BJ11: 0 | BK11: 0 | BL11: 2.1776774 | BM11: 0 | BN11: 2.1776774 | BO11: 0 | BP11: 0 | BQ11: 0 | BR11: 0 | BS11: 0 | BT11: 1.3520534 | BU11: 0 | BV11: 1.3520534 | BW11: 0 | BX11: 0 | BY11: 0 | BZ11: 0 | CA11: 0 | CB11: 0 | CC11: 0 | CD11: 0 | CE11: 0 | CF11: 0 | CG11: 0 | CH11: 0 | CI11: 0 | CJ11: 0 | CK11: 0 | CL11: 0 | CM11: 0 | CN11: 0 | CO11: 0 | CP11: 0 | CQ11: 0 | CR11: 0 | CS11: 0 | CT11: 0 | CU11: 0 | CV11: 0 | CW11: 0 | CX11: 0 | CY11: 0 | CZ11: 0 | DA11: 0 | DB11: 0 | DC11: 0 | DD11: 0 | DE11: 0 | DF11: 0 | DG11: 0 | DH11: 0 | DI11: 0 | DJ11: 0
A12: 7013 | B12: Serviços gerais | C12: 3028.9431 | D12: 0 | E12: 0 | F12: 3028.9431 | G12: 4298.1947 | H12: 27565.824 | I12: -177.34265 | J12: 34715.619 | K12: 1896.6422 | L12: 0 | M12: 0 | N12: 1896.6422 | O12: 4176.4456 | P12: 31942.47 | Q12: -126.39925 | R12: 37889.159 | S12: 1873.3399 | T12: 0 | U12: 0 | V12: 1873.3399 | W12: 4754.9646 | X12: 34856.594 | Y12: -149.75222 | Z12: 41335.147 | AA12: 1968.5178 | AB12: 0 | AC12: 0 | AD12: 1968.5178 | AE12: 5641.2059 | AF12: 35859.54 | AG12: -166.16828 | AH12: 43303.095 | AI12: 1869.6495 | AJ12: 0 | AK12: 0 | AL12: 1869.6495 | AM12: 5831.1695 | AN12: 39394.346 | AO12: -441.33638 | AP12: 46653.828 | AQ12: 1939.5213 | AR12: 0 | AS12: 0 | AT12: 1939.5213 | AU12: 5085.3343 | AV12: 40623.979 | AW12: -222.92015 | AX12: 47425.915 | AY12: 1919.8377 | AZ12: 0 | BA12: 0 | BB12: 1919.8377 | BC12: 2686.8082 | BD12: 42511.636 | BE12: -149.35763 | BF12: 46968.924 | BG12: 2327.5216 | BH12: 0 | BI12: 0 | BJ12: 2327.5216 | BK12: 2898.7359 | BL12: 41194.688 | BM12: -217.24442 | BN12: 46203.701 | BO12: 2462.0912 | BP12: 0 | BQ12: 0 | BR12: 2462.0912 | BS12: 3073.7258 | BT12: 46247.184 | BU12: -135.72005 | BV12: 51647.281 | BW12: 2029.8726 | BX12: 0 | BY12: 0 | BZ12: 2029.8726 | CA12: 3193.9855 | CB12: 56294.206 | CC12: -115.10135 | CD12: 61402.963 | CE12: 1973.625 | CF12: 0 | CG12: 0 | CH12: 1973.625 | CI12: 3257.6167 | CJ12: 59188.957 | CK12: -144.98984 | CL12: 64275.209 | CM12: 1946.1261 | CN12: 0 | CO12: 0 | CP12: 1946.1261 | CQ12: 4165.9378 | CR12: 63659.012 | CS12: -157.4309 | CT12: 69613.646 | CU12: 3501.2325 | CV12: 0 | CW12: 0 | CX12: 3501.2325 | CY12: 4752.4236 | CZ12: 76710.163 | DA12: -168.0348 | DB12: 84795.784 | DC12: 5078.3748 | DD12: 0 | DE12: 0 | DF12: 5078.3748 | DG12: 5802.9097 | DH12: 82600.991 | DI12: -171.75716 | DJ12: 93310.518
A13: 7014 | B13: Pesquisa básica | C13: 1171.3929 | D13: 0 | E13: 0 | F13: 1171.3929 | G13: 0 | H13: 61.898612 | I13: -124.30284 | J13: 1108.9886 | K13: 1109.0174 | L13: 0 | M13: 0 | N13: 1109.0174 | O13: 0 | P13: 22.887774 | Q13: -42.564568 | R13: 1089.3406 | S13: 1448.8417 | T13: 0 | U13: 0 | V13: 1448.8417 | W13: 0 | X13: 83.089266 | Y13: -49.364018 | Z13: 1482.567 | AA13: 1333.1602 | AB13: 0 | AC13: 0 | AD13: 1333.1602 | AE13: 0 | AF13: 35.737935 | AG13: -67.73373 | AH13: 1301.1644 | AI13: 1861.2716 | AJ13: 0 | AK13: 0 | AL13: 1861.2716 | AM13: 0 | AN13: 107.69216 | AO13: -60.90585 | AP13: 1908.0579 | AQ13: 1615.712 | AR13: 0 | AS13: 0 | AT13: 1615.712 | AU13: 0 | AV13: 136.84838 | AW13: -53.44566 | AX13: 1699.1147 | AY13: 1657.7894 | AZ13: 0 | BA13: 0 | BB13: 1657.7894 | BC13: 0 | BD13: 73.472727 | BE13: -51.773986 | BF13: 1679.4882 | BG13: 1403.0867 | BH13: 0 | BI13: 0 | BJ13: 1403.0867 | BK13: 0 | BL13: 88.11192 | BM13: -20.219813 | BN13: 1470.9788 | BO13: 1299.5288 | BP13: 0 | BQ13: 0 | BR13: 1299.5288 | BS13: 0 | BT13: 124.11136 | BU13: -22.013569 | BV13: 1401.6266 | BW13: 1399.1162 | BX13: 0 | BY13: 0 | BZ13: 1399.1162 | CA13: 0 | CB13: 190.64564 | CC13: -17.731387 | CD13: 1572.0305 | CE13: 1165.8217 | CF13: 0 | CG13: 0 | CH13: 1165.8217 | CI13: 0 | CJ13: 210.72229 | CK13: -16.003752 | CL13: 1360.5403 | CM13: 1439.754 | CN13: 0 | CO13: 0 | CP13: 1439.754 | CQ13: 0 | CR13: 233.54043 | CS13: -15.15759 | CT13: 1658.1369 | CU13: 2351.5415 | CV13: 0 | CW13: 0 | CX13: 2351.5415 | CY13: 0 | CZ13: 639.80016 | DA13: -44.267344 | DB13: 2947.0743 | DC13: 2937.7038 | DD13: 0 | DE13: 0 | DF13: 2937.7038 | DG13: 0 | DH13: 794.20099 | DI13: -44.592639 | DJ13: 3687.3121
A14: 7015 | B14: Pesquisa e desenvolvimento de serviços públicos gerais | C14: 29.704478 | D14: 0 | E14: 0 | F14: 29.704478 | G14: 61.73213 | H14: 0 | I14: -0.22445403 | J14: 91.212154 | K14: 23.718236 | L14: 0 | M14: 0 | N14: 23.718236 | O14: 66.250949 | P14: 0 | Q14: -0.25422392 | R14: 89.714961 | S14: 27.823264 | T14: 0 | U14: 0 | V14: 27.823264 | W14: 78.922027 | X14: 0 | Y14: -0.27409621 | Z14: 106.4712 | AA14: 45.994136 | AB14: 0 | AC14: 0 | AD14: 45.994136 | AE14: 89.512557 | AF14: 0 | AG14: -5.2802615 | AH14: 130.22643 | AI14: 38.356021 | AJ14: 0 | AK14: 0 | AL14: 38.356021 | AM14: 95.052201 | AN14: 0.081929446 | AO14: -0.18812694 | AP14: 133.30202 | AQ14: 50.599927 | AR14: 0 | AS14: 0 | AT14: 50.599927 | AU14: 82.95838 | AV14: 0.16006468 | AW14: -0.081966942 | AX14: 133.63641 | AY14: 33.367128 | AZ14: 0 | BA14: 0 | BB14: 33.367128 | BC14: 8.6004351 | BD14: 0.12906698 | BE14: -0.3660482 | BF14: 41.730582 | BG14: 35.494065 | BH14: 0 | BI14: 0 | BJ14: 35.494065 | BK14: 4.387839 | BL14: 0.084343178 | BM14: -0.36221598 | BN14: 39.604032 | BO14: 32.319793 | BP14: 0 | BQ14: 0 | BR14: 32.319793 | BS14: 5.0941451 | BT14: 0.14700155 | BU14: -0.2519115 | BV14: 37.309029 | BW14: 25.834328 | BX14: 0 | BY14: 0 | BZ14: 25.834328 | CA14: 5.3654208 | CB14: 0.1033932 | CC14: -0.15865433 | CD14: 31.144487 | CE14: 21.923033 | CF14: 0 | CG14: 0 | CH14: 21.923033 | CI14: 14.975262 | CJ14: 0.13875125 | CK14: -0.1063964 | CL14: 36.93065 | CM14: 22.759681 | CN14: 0 | CO14: 0 | CP14: 22.759681 | CQ14: 76.536591 | CR14: 0.15293223 | CS14: 0 | CT14: 99.449205 | CU14: 23.458403 | CV14: 0 | CW14: 0 | CX14: 23.458403 | CY14: 10.554973 | CZ14: 0.45042413 | DA14: 0 | DB14: 34.4638 | DC14: 31.426383 | DD14: 0 | DE14: 0 | DF14: 31.426383 | DG14: 12.474732 | DH14: 0.62212727 | DI14: -0.018152149 | DJ14: 44.50509
A15: 7016 | B15: Serviços públicos gerais não especificados | C15: 4545.4899 | D15: 0 | E15: 0 | F15: 4545.4899 | G15: 0 | H15: 304.74586 | I15: -162.61371 | J15: 4687.6221 | K15: 4142.7808 | L15: 0 | M15: 0 | N15: 4142.7808 | O15: 0 | P15: 190.56595 | Q15: -99.070923 | R15: 4234.2758 | S15: 4833.5032 | T15: 0 | U15: 0 | V15: 4833.5032 | W15: 0 | X15: 345.39393 | Y15: -92.922229 | Z15: 5085.9749 | AA15: 4403.4842 | AB15: 0 | AC15: 0 | AD15: 4403.4842 | AE15: 0 | AF15: 510.48472 | AG15: -207.02863 | AH15: 4706.9403 | AI15: 5299.3945 | AJ15: 0 | AK15: 0 | AL15: 5299.3945 | AM15: 0 | AN15: 530.07847 | AO15: -191.29616 | AP15: 5638.1768 | AQ15: 5587.5708 | AR15: 0 | AS15: 0 | AT15: 5587.5708 | AU15: 0 | AV15: 659.61545 | AW15: -263.0962 | AX15: 5984.09 | AY15: 6751.2541 | AZ15: 0 | BA15: 0 | BB15: 6751.2541 | BC15: 7.4285733e-06 | BD15: 752.99353 | BE15: -319.29995 | BF15: 7184.9477 | BG15: 6255.1753 | BH15: 0 | BI15: 0 | BJ15: 6255.1753 | BK15: 5.3991417e-05 | BL15: 685.49654 | BM15: -281.21054 | BN15: 6659.4614 | BO15: 9035.2407 | BP15: 0 | BQ15: 0 | BR15: 9035.2407 | BS15: 5.1457844e-05 | BT15: 693.39756 | BU15: -219.61224 | BV15: 9509.0261 | BW15: 7109.9761 | BX15: 0 | BY15: 0 | BZ15: 7109.9761 | CA15: 6.1337875e-05 | CB15: 945.03511 | CC15: -207.91894 | CD15: 7847.0923 | CE15: 9536.9486 | CF15: 0 | CG15: 0 | CH15: 9536.9486 | CI15: 0 | CJ15: 1097.0124 | CK15: -267.88401 | CL15: 10366.077 | CM15: 7262.3522 | CN15: 0 | CO15: 0 | CP15: 7262.3522 | CQ15: 0 | CR15: 1228.6092 | CS15: -269.49027 | CT15: 8221.4712 | CU15: 14514.1 | CV15: 0 | CW15: 0 | CX15: 14514.1 | CY15: 0 | CZ15: 1464.9906 | DA15: -251.22049 | DB15: 15727.871 | DC15: 9234.1152 | DD15: 0 | DE15: 0 | DF15: 9234.1152 | DG15: 0 | DH15: 1626.5317 | DI15: -289.42369 | DJ15: 10571.223
A16: 7017 | B16: Transações da dívida pública9/ | C16: 273807.33 | D16: 0 | E16: 0 | F16: 273807.33 | G16: 61401.311 | H16: 10982.949 | I16: -70971.04 | J16: 275220.55 | K16: 332233.36 | L16: 0 | M16: 0 | N16: 332233.36 | O16: 48604.1 | P16: 9273.2862 | Q16: -55508.535 | R16: 334602.21 | S16: 331572.55 | T16: 0 | U16: 0 | V16: 331572.55 | W16: 56992.84 | X16: 10809.659 | Y16: -65013.756 | Z16: 334361.3 | AA16: 366255.61 | AB16: 0 | AC16: 0 | AD16: 366255.61 | AE16: 54110.984 | AF16: 10796.036 | AG16: -60013.906 | AH16: 371148.73 | AI16: 426152.3 | AJ16: 0 | AK16: 0 | AL16: 426152.3 | AM16: 53003.253 | AN16: 10765.438 | AO16: -55708.665 | AP16: 434212.33 | AQ16: 700466.92 | AR16: 0 | AS16: 0 | AT16: 700466.92 | AU16: 89632.037 | AV16: 17100.437 | AW16: -92242.477 | AX16: 714956.92 | AY16: 606953.2 | AZ16: 0 | BA16: 0 | BB16: 606953.2 | BC16: 80342.761 | BD16: 9441.5877 | BE16: -72751.75 | BF16: 623985.8 | BG16: 576824.51 | BH16: 0 | BI16: 0 | BJ16: 576824.51 | BK16: 54313.136 | BL16: 5174.6013 | BM16: -43925.249 | BN16: 592387 | BO16: 603109.17 | BP16: 0 | BQ16: 0 | BR16: 603109.17 | BS16: 60738.703 | BT16: 5351.7259 | BU16: -50809.21 | BV16: 618390.39 | BW16: 517545.24 | BX16: 0 | BY16: 0 | BZ16: 517545.24 | CA16: 49107.515 | CB16: 4858.8584 | CC16: -39352.481 | CD16: 532159.13 | CE16: 430625.76 | CF16: 0 | CG16: 0 | CH16: 430625.76 | CI16: 36347.36 | CJ16: 5006.1788 | CK16: -31206.949 | CL16: 440772.35 | CM16: 601818 | CN16: 0 | CO16: 0 | CP16: 601818 | CQ16: 36972.956 | CR16: 5427.4149 | CS16: -30040.42 | CT16: 614177.95 | CU16: 784583.52 | CV16: 0 | CW16: 0 | CX16: 784583.52 | CY16: 94390.743 | CZ16: 8980.1072 | DA16: -77280.99 | DB16: 810673.38 | DC16: 856763.91 | DD16: 0 | DE16: 0 | DF16: 856763.91 | DG16: 116137.7 | DH16: 8904.9363 | DI16: -91440.41 | DJ16: 890366.13
A17: 7018 | B17: Transferências de caráter geral entre diferentes níveis de governo | C17: 127751.86 | D17: 0 | E17: 0 | F17: 127751.86 | G17: 77021.993 | H17: 0 | I17: -204773.86 | J17: 0 | K17: 152156.56 | L17: 0 | M17: 0 | N17: 152156.56 | O17: 86058.509 | P17: 0 | Q17: -238215.07 | R17: 0 | S17: 164533.78 | T17: 0 | U17: 0 | V17: 164533.78 | W17: 94327.285 | X17: 0.41634225 | Y17: -258861.48 | Z17: 0 | AA17: 177437.07 | AB17: 0 | AC17: 0 | AD17: 177437.07 | AE17: 103529.6 | AF17: 0 | AG17: -280966.67 | AH17: 0 | AI17: 197305.77 | AJ17: 0 | AK17: 0 | AL17: 197305.77 | AM17: 111159.3 | AN17: 0.48340317 | AO17: -308465.56 | AP17: 0 | AQ17: 202495.1 | AR17: 0 | AS17: 0 | AT17: 202495.1 | AU17: 115221.11 | AV17: 0.10716459 | AW17: -317716.31 | AX17: 0 | AY17: 226124.32 | AZ17: 0 | BA17: 0 | BB17: 226124.32 | BC17: 116352.31 | BD17: 0 | BE17: -342476.63 | BF17: 0 | BG17: 230607.02 | BH17: 0 | BI17: 0 | BJ17: 230607.02 | BK17: 122353.39 | BL17: 0.065188343 | BM17: -352960.47 | BN17: 0 | BO17: 260971.99 | BP17: 0 | BQ17: 0 | BR17: 260971.99 | BS17: 130571.02 | BT17: 0.075570489 | BU17: -391543.08 | BV17: 0 | BW17: 288992.41 | BX17: 0 | BY17: 0 | BZ17: 288992.41 | CA17: 140626.84 | CB17: 5.0161554 | CC17: -429624.26 | CD17: 0 | CE17: 353447.48 | CF17: 0 | CG17: 0 | CH17: 353447.48 | CI17: 140132.26 | CJ17: 8.3553414 | CK17: -493588.1 | CL17: 0 | CM17: 362222.5 | CN17: 0 | CO17: 0 | CP17: 362222.5 | CQ17: 184098.17 | CR17: 8.4854262 | CS17: -546329.16 | CT17: 0 | CU17: 495802.11 | CV17: 0 | CW17: 0 | CX17: 495802.11 | CY17: 193192.31 | CZ17: 11.565955 | DA17: -689005.99 | DB17: 0 | DC17: 485485.04 | DD17: 0 | DE17: 0 | DF17: 485485.04 | DG17: 196660.62 | DH17: 9.0404263 | DI17: -682154.7 | DJ17: 0
A18: 702 | B18: Defesa | C18: 29179.35 | D18: 0 | E18: 0 | F18: 29179.35 | G18: 1249.5682 | H18: 723.93257 | I18: -2046.408 | J18: 29106.443 | K18: 28317.628 | L18: 0 | M18: 0 | N18: 28317.628 | O18: 1069.3274 | P18: 922.00101 | Q18: -842.47296 | R18: 29466.483 | S18: 31604.038 | T18: 0 | U18: 0 | V18: 31604.038 | W18: 1278.2528 | X18: 944.51089 | Y18: -869.99734 | Z18: 32956.804 | AA18: 37277.482 | AB18: 0 | AC18: 0 | AD18: 37277.482 | AE18: 1476.4389 | AF18: 953.08131 | AG18: -1654.5067 | AH18: 38052.496 | AI18: 38894.195 | AJ18: 0 | AK18: 0 | AL18: 38894.195 | AM18: 1859.3157 | AN18: 891.68703 | AO18: -613.36727 | AP18: 41031.83 | AQ18: 37743.91 | AR18: 0 | AS18: 0 | AT18: 37743.91 | AU18: 1621.5165 | AV18: 833.33885 | AW18: -486.36242 | AX18: 39712.403 | AY18: 38969.15 | AZ18: 0 | BA18: 0 | BB18: 38969.15 | BC18: 1334.8321 | BD18: 883.75926 | BE18: -467.02275 | BF18: 40720.719 | BG18: 42424.388 | BH18: 0 | BI18: 0 | BJ18: 42424.388 | BK18: 1432.3439 | BL18: 843.92242 | BM18: -488.60165 | BN18: 44212.053 | BO18: 44975.944 | BP18: 0 | BQ18: 0 | BR18: 44975.944 | BS18: 1522.2695 | BT18: 813.81146 | BU18: -556.2342 | BV18: 46755.791 | BW18: 45752.698 | BX18: 0 | BY18: 0 | BZ18: 45752.698 | CA18: 1458.6441 | CB18: 1064.7652 | CC18: -400.76708 | CD18: 47875.341 | CE18: 49672.516 | CF18: 0 | CG18: 0 | CH18: 49672.516 | CI18: 1152.3254 | CJ18: 1157.6654 | CK18: -632.51736 | CL18: 51349.99 | CM18: 49277.048 | CN18: 0 | CO18: 0 | CP18: 49277.048 | CQ18: 1529.4422 | CR18: 1218.45 | CS18: -434.96415 | CT18: 51589.976 | CU18: 51583.76 | CV18: 0 | CW18: 0 | CX18: 51583.76 | CY18: 2404.2857 | CZ18: 1542.4977 | DA18: -719.93844 | DB18: 54810.605 | DC18: 52326.341 | DD18: 0 | DE18: 0 | DF18: 52326.341 | DG18: 2461.0687 | DH18: 2017.4606 | DI18: -1013.0379 | DJ18: 55791.833
A19: 7021 | B19: Defesa militar | C19: 25322.417 | D19: 0 | E19: 0 | F19: 25322.417 | G19: 0 | H19: 16.644528 | I19: -3.5259709 | J19: 25335.536 | K19: 25844.58 | L19: 0 | M19: 0 | N19: 25844.58 | O19: 0 | P19: 24.812607 | Q19: 0 | R19: 25869.393 | S19: 28481.212 | T19: 0 | U19: 0 | V19: 28481.212 | W19: 0 | X19: 20.242594 | Y19: 0 | Z19: 28501.455 | AA19: 32062.1 | AB19: 0 | AC19: 0 | AD19: 32062.1 | AE19: 0 | AF19: 15.396411 | AG19: 0 | AH19: 32077.497 | AI19: 34777.791 | AJ19: 0 | AK19: 0 | AL19: 34777.791 | AM19: 0 | AN19: 18.854453 | AO19: -1.8565718 | AP19: 34794.789 | AQ19: 34923.769 | AR19: 0 | AS19: 0 | AT19: 34923.769 | AU19: 0 | AV19: 21.284479 | AW19: -2.4064829 | AX19: 34942.647 | AY19: 36129.954 | AZ19: 0 | BA19: 0 | BB19: 36129.954 | BC19: 0 | BD19: 19.168657 | BE19: -3.1969106 | BF19: 36145.926 | BG19: 39471.932 | BH19: 0 | BI19: 0 | BJ19: 39471.932 | BK19: 0 | BL19: 19.009381 | BM19: -2.8450095 | BN19: 39488.097 | BO19: 42281.23 | BP19: 0 | BQ19: 0 | BR19: 42281.23 | BS19: 0 | BT19: 28.148425 | BU19: -1.9988671 | BV19: 42307.379 | BW19: 43194.998 | BX19: 0 | BY19: 0 | BZ19: 43194.998 | CA19: 0 | CB19: 20.840287 | CC19: -1.3834912 | CD19: 43214.455 | CE19: 47238.079 | CF19: 0 | CG19: 0 | CH19: 47238.079 | CI19: 0 | CJ19: 20.627129 | CK19: -1.5442993 | CL19: 47257.161 | CM19: 47200.225 | CN19: 0 | CO19: 0 | CP19: 47200.225 | CQ19: 0 | CR19: 23.044473 | CS19: -7.5763889 | CT19: 47215.693 | CU19: 49126.892 | CV19: 0 | CW19: 0 | CX19: 49126.892 | CY19: 0 | CZ19: 28.86983 | DA19: -1.5954916 | DB19: 49154.166 | DC19: 49670.292 | DD19: 0 | DE19: 0 | DF19: 49670.292 | DG19: 0 | DH19: 40.426064 | DI19: -3.4747208 | DJ19: 49707.244
... A87: 7109 | B87: Proteção social não especificada | C87: 14624.471 | D87: 0 | E87: 0 | F87: 14624.471 | G87: 891.13682 | H87: 6571.6142 | I87: -251.40149 | J87: 21835.82 | K87: 14679.022 | L87: 0 | M87: 0 | N87: 14679.022 | O87: 1014.1589 | P87: 8089.7656 | Q87: -266.13276 | R87: 23516.814 | S87: 14821.363 | T87: 0 | U87: 0 | V87: 14821.363 | W87: 1152.1592 | X87: 8515.5357 | Y87: -383.08881 | Z87: 24105.969 | AA87: 15978.628 | AB87: 0 | AC87: 0 | AD87: 15978.628 | AE87: 1379.102 | AF87: 9127.0874 | AG87: -405.95793 | AH87: 26078.86 | AI87: 17862.492 | AJ87: 0 | AK87: 0 | AL87: 17862.492 | AM87: 1536.1978 | AN87: 10759.697 | AO87: -431.63231 | AP87: 29726.755 | AQ87: 18971.678 | AR87: 0 | AS87: 0 | AT87: 18971.678 | AU87: 1487.7794 | AV87: 11783.264 | AW87: -412.00134 | AX87: 31830.72 | AY87: 21405.723 | AZ87: 0 | BA87: 0 | BB87: 21405.723 | BC87: 1367.6743 | BD87: 12143.096 | BE87: -539.05311 | BF87: 34377.44 | BG87: 23140.519 | BH87: 0 | BI87: 0 | BJ87: 23140.519 | BK87: 1272.2589 | BL87: 11837.551 | BM87: -564.45643 | BN87: 35685.873 | BO87: 24884.575 | BP87: 0 | BQ87: 0 | BR87: 24884.575 | BS87: 1322.6344 | BT87: 13604.637 | BU87: -489.36427 | BV87: 39322.482 | BW87: 27125.926 | BX87: 0 | BY87: 0 | BZ87: 27125.926 | CA87: 1258.6938 | CB87: 14126.457 | CC87: -430.28927 | CD87: 42080.787 | CE87: 27854.886 | CF87: 0 | CG87: 0 | CH87: 27854.886 | CI87: 2604.5841 | CJ87: 16967.236 | CK87: -841.74727 | CL87: 46584.958 | CM87: 33382 | CN87: 0 | CO87: 0 | CP87: 33382 | CQ87: 1597.0392 | CR87: 18970.876 | CS87: -664.81638 | CT87: 53285.099 | CU87: 39032.845 | CV87: 0 | CW87: 0 | CX87: 39032.845 | CY87: 2857.5218 | CZ87: 23501.659 | DA87: -3582.6778 | DB87: 61809.347 | DC87: 30889.86 | DD87: 0 | DE87: 0 | DF87: 30889.86 | DG87: 2494.5419 | DH87: 26197.883 | DI87: -2276.3374 | DJ87: 57305.948
A88: Fonte: STN, SOF, IBGE e BCB
A89: Obs.: Dados sujeitos a alteração
A90: 1/ A compilação da despesa segue a classificação por Função de Governo (COFOG - Classification of Functions of Government) da OCDE/ONU.
A91: 2/ Fonte: SIAFI. Composto por todas as unidades que integram o Orçamento Fiscal e da Seguridade Social, exceto o Banco Central do Brasil.
A92: 3/ Fonte: Balancetes contábeis do Fundo de Garantia do Tempo de Serviço - FGTS e do Fundo remanescente do Programa de Integração Social e Programa de Formação do Patrimônio do Servidor Público (PIS/PASEP). O FGTS e Fundo PIS/PASEP conceitualmente estão sob a abrangência do Governo Central.
A93: 4/ Corresponde às transações cruzadas que devem ser eliminadas para efeitos de consolidação de modo a excluir a duplicidade de valores.
A94: 5/ Fonte: Matriz de Saldos Contábeis disponível no Sistema de Informações Contábeis e Fiscais do Setor Público Brasileiro - Siconfi, Relatório Resumido da Execução Orçamentária (RREO) do FINBRA, Demonstrativo de Contas Anuais e portais de transparência.
A95: 6/ Fonte: Matriz de Saldos Contábeis disponível no Sistema de Informações Contábeis e Fiscais do Setor Público Brasileiro - Siconfi, Relatório Resumido da Execução Orçamentária (RREO) do FINBRA, Demonstrativo de Contas Anuais e portais de transparência. Destaca-se que foram utilizadas técnicas de imputação dos valores do FINBRA, de modo a ampliar a cobertura de municípios, bem como sua complementação com informações provenientes de outras fontes de dados.
A96: 7/ O resultado consolidado do Governo Geral exclui as transferências e juros intergovernamentais.
A97: 8/ Despesa apurada pelo regime competência que corresponde ao conceito de despesa liquidada incluído o pagamento de restos a pagar não processados inscritos em exercícios anteriores.
A98: 9/ Fonte: Banco Central do Brasil.
A99: 10/ Ensino fundamental I corresponde aos 5 primeiros anos do ensino fundamental.

Sheet 1.2
A1: Tabela 1.2. Despesa por função de governo1/ - Governo Central - Brasil - Anual
A2: R$ Milhões - Valores Correntes
A4: Governo Central 2/ | C4: 2010 | D4: 2011 | E4: 2012 | F4: 2013 | G4: 2014 | H4: 2015 | I4: 2016 | J4: 2017 | K4: 2018 | L4: 2019 | M4: 2020 | N4: 2021 | O4: 2022 | P4: 2023
A5: 7 | B5: Despesa total3/ | C5: ='1.1'!F8 -> 1103219.3 | D5: ='1.1'!N8 -> 1257124.6 | E5: ='1.1'!V8 -> 1359120.4 | F5: ='1.1'!AD8 -> 1508757.4 | G5: ='1.1'!AL8 -> 1700229.2 | H5: ='1.1'!AT8 -> 2029683.8 | I5: ='1.1'!BB8 -> 2084158.9 | J5: ='1.1'!BJ8 -> 2113662 | K5: ='1.1'!BR8 -> 2246409.2 | L5: ='1.1'!BZ8 -> 2281853.9 | M5: ='1.1'!CH8 -> 2635975.1 | N5: ='1.1'!CP8 -> 2629674.2 | O5: ='1.1'!CX8 -> 3166261 | P5: ='1.1'!DF8 -> 3529839.6
A6: 701 | B6: Serviços públicos gerais | C6: ='1.1'!F9 -> 437299.75 | D6: ='1.1'!N9 -> 521007.89 | E6: ='1.1'!V9 -> 532859.45 | F6: ='1.1'!AD9 -> 580677.52 | G6: ='1.1'!AL9 -> 661984.76 | H6: ='1.1'!AT9 -> 947641.82 | I6: ='1.1'!BB9 -> 882584.58 | J6: ='1.1'!BJ9 -> 856599.17 | K6: ='1.1'!BR9 -> 920163.71 | L6: ='1.1'!BZ9 -> 862724.12 | M6: ='1.1'!CH9 -> 848969.92 | N6: ='1.1'!CP9 -> 1025436.4 | O6: ='1.1'!CX9 -> 1367226.8 | P6: ='1.1'!DF9 -> 1453400.4
A7: 7011 | B7: Poder execut., leg., assuntos fiscais, financeiros e externos | C7: ='1.1'!F10 -> 26795.118 | D7: ='1.1'!N10 -> 29323.63 | E7: ='1.1'!V10 -> 28546.015 | F7: ='1.1'!AD10 -> 29203.177 | G7: ='1.1'!AL10 -> 29457.997 | H7: ='1.1'!AT10 -> 35486.403 | I7: ='1.1'!BB10 -> 39144.802 | J7: ='1.1'!BJ10 -> 39146.357 | K7: ='1.1'!BR10 -> 43253.37 | L7: ='1.1'!BZ10 -> 45621.668 | M7: ='1.1'!CH10 -> 52198.359 | N7: ='1.1'!CP10 -> 50724.876 | O7: ='1.1'!CX10 -> 66450.865 | P7: ='1.1'!DF10 -> 93869.849
A8: 7012 | B8: Ajuda econômica externa | C8: ='1.1'!F11 -> 169.90967 | D8: ='1.1'!N11 -> 122.17979 | E8: ='1.1'!V11 -> 23.590135 | F8: ='1.1'!AD11 -> 30.502239 | G8: ='1.1'!AL11 -> 0.02 | H8: ='1.1'!AT11 -> 0 | I8: ='1.1'!BB11 -> 0 | J8: ='1.1'!BJ11 -> 0 | K8: ='1.1'!BR11 -> 0 | L8: ='1.1'!BZ11 -> 0 | M8: ='1.1'!CH11 -> 0 | N8: ='1.1'!CP11 -> 0 | O8: ='1.1'!CX11 -> 0 | P8: ='1.1'!DF11 -> 0
A9: 7013 | B9: Serviços gerais | C9: ='1.1'!F12 -> 3028.9431 | D9: ='1.1'!N12 -> 1896.6422 | E9: ='1.1'!V12 -> 1873.3399 | F9: ='1.1'!AD12 -> 1968.5178 | G9: ='1.1'!AL12 -> 1869.6495 | H9: ='1.1'!AT12 -> 1939.5213 | I9: ='1.1'!BB12 -> 1919.8377 | J9: ='1.1'!BJ12 -> 2327.5216 | K9: ='1.1'!BR12 -> 2462.0912 | L9: ='1.1'!BZ12 -> 2029.8726 | M9: ='1.1'!CH12 -> 1973.625 | N9: ='1.1'!CP12 -> 1946.1261 | O9: ='1.1'!CX12 -> 3501.2325 | P9: ='1.1'!DF12 -> 5078.3748
A10: 7014 | B10: Pesquisa básica | C10: ='1.1'!F13 -> 1171.3929 | D10: ='1.1'!N13 -> 1109.0174 | E10: ='1.1'!V13 -> 1448.8417 | F10: ='1.1'!AD13 -> 1333.1602 | G10: ='1.1'!AL13 -> 1861.2716 | H10: ='1.1'!AT13 -> 1615.712 | I10: ='1.1'!BB13 -> 1657.7894 | J10: ='1.1'!BJ13 -> 1403.0867 | K10: ='1.1'!BR13 -> 1299.5288 | L10: ='1.1'!BZ13 -> 1399.1162 | M10: ='1.1'!CH13 -> 1165.8217 | N10: ='1.1'!CP13 -> 1439.754 | O10: ='1.1'!CX13 -> 2351.5415 | P10: ='1.1'!DF13 -> 2937.7038
A11: 7015 | B11: Pesquisa e desenvolvimento de serviços públicos gerais | C11: ='1.1'!F14 -> 29.704478 | D11: ='1.1'!N14 -> 23.718236 | E11: ='1.1'!V14 -> 27.823264 | F11: ='1.1'!AD14 -> 45.994136 | G11: ='1.1'!AL14 -> 38.356021 | H11: ='1.1'!AT14 -> 50.599927 | I11: ='1.1'!BB14 -> 33.367128 | J11: ='1.1'!BJ14 -> 35.494065 | K11: ='1.1'!BR14 -> 32.319793 | L11: ='1.1'!BZ14 -> 25.834328 | M11: ='1.1'!CH14 -> 21.923033 | N11: ='1.1'!CP14 -> 22.759681 | O11: ='1.1'!CX14 -> 23.458403 | P11: ='1.1'!DF14 -> 31.426383
A12: 7016 | B12: Serviços públicos gerais não especificados | C12: ='1.1'!F15 -> 4545.4899 | D12: ='1.1'!N15 -> 4142.7808 | E12: ='1.1'!V15 -> 4833.5032 | F12: ='1.1'!AD15 -> 4403.4842 | G12: ='1.1'!AL15 -> 5299.3945 | H12: ='1.1'!AT15 -> 5587.5708 | I12: ='1.1'!BB15 -> 6751.2541 | J12: ='1.1'!BJ15 -> 6255.1753 | K12: ='1.1'!BR15 -> 9035.2407 | L12: ='1.1'!BZ15 -> 7109.9761 | M12: ='1.1'!CH15 -> 9536.9486 | N12: ='1.1'!CP15 -> 7262.3522 | O12: ='1.1'!CX15 -> 14514.1 | P12: ='1.1'!DF15 -> 9234.1152
A13: 7017 | B13: Transações da dívida pública4/ | C13: ='1.1'!F16 -> 273807.33 | D13: ='1.1'!N16 -> 332233.36 | E13: ='1.1'!V16 -> 331572.55 | F13: ='1.1'!AD16 -> 366255.61 | G13: ='1.1'!AL16 -> 426152.3 | H13: ='1.1'!AT16 -> 700466.92 | I13: ='1.1'!BB16 -> 606953.2 | J13: ='1.1'!BJ16 -> 576824.51 | K13: ='1.1'!BR16 -> 603109.17 | L13: ='1.1'!BZ16 -> 517545.24 | M13: ='1.1'!CH16 -> 430625.76 | N13: ='1.1'!CP16 -> 601818 | O13: ='1.1'!CX16 -> 784583.52 | P13: ='1.1'!DF16 -> 856763.91
A14: 7018 | B14: Transferências de caráter geral entre diferentes níveis de governo | C14: ='1.1'!F17 -> 127751.86 | D14: ='1.1'!N17 -> 152156.56 | E14: ='1.1'!V17 -> 164533.78 | F14: ='1.1'!AD17 -> 177437.07 | G14: ='1.1'!AL17 -> 197305.77 | H14: ='1.1'!AT17 -> 202495.1 | I14: ='1.1'!BB17 -> 226124.32 | J14: ='1.1'!BJ17 -> 230607.02 | K14: ='1.1'!BR17 -> 260971.99 | L14: ='1.1'!BZ17 -> 288992.41 | M14: ='1.1'!CH17 -> 353447.48 | N14: ='1.1'!CP17 -> 362222.5 | O14: ='1.1'!CX17 -> 495802.11 | P14: ='1.1'!DF17 -> 485485.04
A15: 702 | B15: Defesa | C15: ='1.1'!F18 -> 29179.35 | D15: ='1.1'!N18 -> 28317.628 | E15: ='1.1'!V18 -> 31604.038 | F15: ='1.1'!AD18 -> 37277.482 | G15: ='1.1'!AL18 -> 38894.195 | H15: ='1.1'!AT18 -> 37743.91 | I15: ='1.1'!BB18 -> 38969.15 | J15: ='1.1'!BJ18 -> 42424.388 | K15: ='1.1'!BR18 -> 44975.944 | L15: ='1.1'!BZ18 -> 45752.698 | M15: ='1.1'!CH18 -> 49672.516 | N15: ='1.1'!CP18 -> 49277.048 | O15: ='1.1'!CX18 -> 51583.76 | P15: ='1.1'!DF18 -> 52326.341
A16: 7021 | B16: Defesa militar | C16: ='1.1'!F19 -> 25322.417 | D16: ='1.1'!N19 -> 25844.58 | E16: ='1.1'!V19 -> 28481.212 | F16: ='1.1'!AD19 -> 32062.1 | G16: ='1.1'!AL19 -> 34777.791 | H16: ='1.1'!AT19 -> 34923.769 | I16: ='1.1'!BB19 -> 36129.954 | J16: ='1.1'!BJ19 -> 39471.932 | K16: ='1.1'!BR19 -> 42281.23 | L16: ='1.1'!BZ19 -> 43194.998 | M16: ='1.1'!CH19 -> 47238.079 | N16: ='1.1'!CP19 -> 47200.225 | O16: ='1.1'!CX19 -> 49126.892 | P16: ='1.1'!DF19 -> 49670.292
... A84: 7109 | B84: Proteção social não especificada | C84: ='1.1'!F87 -> 14624.471 | D84: ='1.1'!N87 -> 14679.022 | E84: ='1.1'!V87 -> 14821.363 | F84: ='1.1'!AD87 -> 15978.628 | G84: ='1.1'!AL87 -> 17862.492 | H84: ='1.1'!AT87 -> 18971.678 | I84: ='1.1'!BB87 -> 21405.723 | J84: ='1.1'!BJ87 -> 23140.519 | K84: ='1.1'!BR87 -> 24884.575 | L84: ='1.1'!BZ87 -> 27125.926 | M84: ='1.1'!CH87 -> 27854.886 | N84: ='1.1'!CP87 -> 33382 | O84: ='1.1'!CX87 -> 39032.845 | P84: ='1.1'!DF87 -> 30889.86
A85: Fonte: STN, SOF, IBGE e BCB
A86: Obs.: Dados sujeitos a alteração
A87: 1/ A compilação da despesa segue a classificação por Função de Governo (COFOG - Classification of Functions of Government) da OCDE/ONU.
A88: 2/ Fonte: SIAFI e Balancetes contábeis do Fundo de Garantia do Tempo de Serviço - FGTS e do Fundo remanescente do Programa de Integração Social e Programa de Formação do Patrimônio do Servidor Público (PIS/PASEP). O governo central consolidado é composto por todas as unidades que integram o Orçamento Fiscal e da Seguridade Social, exceto o Banco Central do Brasil, o FGTS e Fundo PIS/PASEP.
A89: 3/ Despesa apurada pelo regime competência que corresponde ao conceito de despesa liquidada incluído o pagamento de restos a pagar não processados inscritos em exercícios anteriores.
A90: 4/ Fonte: Banco Central do Brasil.
A91: 5/ Ensino fundamental I corresponde aos 5 primeiros anos do ensino fundamental.

Sheet 1.3
A1: Tabela 1.3. Despesa por função de governo1/ - Governos Estaduais - Brasil - Anual
A2: R$ Milhões - Valores Correntes
A4: Governos Estaduais 2/ | C4: 2010 | D4: 2011 | E4: 2012 | F4: 2013 | G4: 2014 | H4: 2015 | I4: 2016 | J4: 2017 | K4: 2018 | L4: 2019 | M4: 2020 | N4: 2021 | O4: 2022 | P4: 2023
A5: 7 | B5: Despesa total3/ | C5: ='1.1'!G8 -> 518938 | D5: ='1.1'!O8 -> 541108.83 | E5: ='1.1'!W8 -> 608922.48 | F5: ='1.1'!AE8 -> 683376.52 | G5: ='1.1'!AM8 -> 745869.38 | H5: ='1.1'!AU8 -> 802903.98 | I5: ='1.1'!BC8 -> 830799.09 | J5: ='1.1'!BK8 -> 845274.2 | K5: ='1.1'!BS8 -> 896794.19 | L5: ='1.1'!CA8 -> 922449.34 | M5: ='1.1'!CI8 -> 947273.06 | N5: ='1.1'!CQ8 -> 1084912.7 | O5: ='1.1'!CY8 -> 1369766.2 | P5: ='1.1'!DG8 -> 1461197.4
A6: 701 | B6: Serviços públicos gerais | C6: ='1.1'!G9 -> 179154.65 | D6: ='1.1'!O9 -> 174149.59 | E6: ='1.1'!W9 -> 201278.41 | F6: ='1.1'!AE9 -> 210590.66 | G6: ='1.1'!AM9 -> 220398.46 | H6: ='1.1'!AU9 -> 261226.57 | I6: ='1.1'!BC9 -> 246024.26 | J6: ='1.1'!BK9 -> 226092.85 | K6: ='1.1'!BS9 -> 240991.82 | L6: ='1.1'!CA9 -> 242043.81 | M6: ='1.1'!CI9 -> 224613.75 | N6: ='1.1'!CQ9 -> 327117.04 | O6: ='1.1'!CY9 -> 396897.51 | P6: ='1.1'!DG9 -> 408878.31
A7: 7011 | B7: Poder execut., leg., assuntos fiscais, financeiros e externos | C7: ='1.1'!G10 -> 36371.417 | D7: ='1.1'!O10 -> 35244.287 | E7: ='1.1'!W10 -> 45124.399 | F7: ='1.1'!AE10 -> 47219.364 | G7: ='1.1'!AM10 -> 50309.679 | H7: ='1.1'!AU10 -> 51205.134 | I7: ='1.1'!BC10 -> 46633.785 | J7: ='1.1'!BK10 -> 46523.207 | K7: ='1.1'!BS10 -> 46603.28 | L7: ='1.1'!CA10 -> 49110.103 | M7: ='1.1'!CI10 -> 44861.535 | N7: ='1.1'!CQ10 -> 101803.44 | O7: ='1.1'!CY10 -> 104551.48 | P7: ='1.1'!DG10 -> 90264.601
A8: 7012 | B8: Ajuda econômica externa | C8: ='1.1'!G11 -> 0 | D8: ='1.1'!O11 -> 0 | E8: ='1.1'!W11 -> 0 | F8: ='1.1'!AE11 -> 0 | G8: ='1.1'!AM11 -> 0 | H8: ='1.1'!AU11 -> 0 | I8: ='1.1'!BC11 -> 0 | J8: ='1.1'!BK11 -> 0 | K8: ='1.1'!BS11 -> 0 | L8: ='1.1'!CA11 -> 0 | M8: ='1.1'!CI11 -> 0 | N8: ='1.1'!CQ11 -> 0 | O8: ='1.1'!CY11 -> 0 | P8: ='1.1'!DG11 -> 0
A9: 7013 | B9: Serviços gerais | C9: ='1.1'!G12 -> 4298.1947 | D9: ='1.1'!O12 -> 4176.4456 | E9: ='1.1'!W12 -> 4754.9646 | F9: ='1.1'!AE12 -> 5641.2059 | G9: ='1.1'!AM12 -> 5831.1695 | H9: ='1.1'!AU12 -> 5085.3343 | I9: ='1.1'!BC12 -> 2686.8082 | J9: ='1.1'!BK12 -> 2898.7359 | K9: ='1.1'!BS12 -> 3073.7258 | L9: ='1.1'!CA12 -> 3193.9855 | M9: ='1.1'!CI12 -> 3257.6167 | N9: ='1.1'!CQ12 -> 4165.9378 | O9: ='1.1'!CY12 -> 4752.4236 | P9: ='1.1'!DG12 -> 5802.9097
A10: 7014 | B10: Pesquisa básica | C10: ='1.1'!G13 -> 0 | D10: ='1.1'!O13 -> 0 | E10: ='1.1'!W13 -> 0 | F10: ='1.1'!AE13 -> 0 | G10: ='1.1'!AM13 -> 0 | H10: ='1.1'!AU13 -> 0 | I10: ='1.1'!BC13 -> 0 | J10: ='1.1'!BK13 -> 0 | K10: ='1.1'!BS13 -> 0 | L10: ='1.1'!CA13 -> 0 | M10: ='1.1'!CI13 -> 0 | N10: ='1.1'!CQ13 -> 0 | O10: ='1.1'!CY13 -> 0 | P10: ='1.1'!DG13 -> 0
A11: 7015 | B11: Pesquisa e desenvolvimento de serviços públicos gerais | C11: ='1.1'!G14 -> 61.73213 | D11: ='1.1'!O14 -> 66.250949 | E11: ='1.1'!W14 -> 78.922027 | F11: ='1.1'!AE14 -> 89.512557 | G11: ='1.1'!AM14 -> 95.052201 | H11: ='1.1'!AU14 -> 82.95838 | I11: ='1.1'!BC14 -> 8.6004351 | J11: ='1.1'!BK14 -> 4.387839 | K11: ='1.1'!BS14 -> 5.0941451 | L11: ='1.1'!CA14 -> 5.3654208 | M11: ='1.1'!CI14 -> 14.975262 | N11: ='1.1'!CQ14 -> 76.536591 | O11: ='1.1'!CY14 -> 10.554973 | P11: ='1.1'!DG14 -> 12.474732
A12: 7016 | B12: Serviços públicos gerais não especificados | C12: ='1.1'!G15 -> 0 | D12: ='1.1'!O15 -> 0 | E12: ='1.1'!W15 -> 0 | F12: ='1.1'!AE15 -> 0 | G12: ='1.1'!AM15 -> 0 | H12: ='1.1'!AU15 -> 0 | I12: ='1.1'!BC15 -> 7.4285733e-06 | J12: ='1.1'!BK15 -> 5.3991417e-05 | K12: ='1.1'!BS15 -> 5.1457844e-05 | L12: ='1.1'!CA15 -> 6.1337875e-05 | M12: ='1.1'!CI15 -> 0 | N12: ='1.1'!CQ15 -> 0 | O12: ='1.1'!CY15 -> 0 | P12: ='1.1'!DG15 -> 0
A13: 7017 | B13: Transações da dívida pública4/ | C13: ='1.1'!G16 -> 61401.311 | D13: ='1.1'!O16 -> 48604.1 | E13: ='1.1'!W16 -> 56992.84 | F13: ='1.1'!AE16 -> 54110.984 | G13: ='1.1'!AM16 -> 53003.253 | H13: ='1.1'!AU16 -> 89632.037 | I13: ='1.1'!BC16 -> 80342.761 | J13: ='1.1'!BK16 -> 54313.136 | K13: ='1.1'!BS16 -> 60738.703 | L13: ='1.1'!CA16 -> 49107.515 | M13: ='1.1'!CI16 -> 36347.36 | N13: ='1.1'!CQ16 -> 36972.956 | O13: ='1.1'!CY16 -> 94390.743 | P13: ='1.1'!DG16 -> 116137.7
A14: 7018 | B14: Transferências de caráter geral entre diferentes níveis de governo | C14: ='1.1'!G17 -> 77021.993 | D14: ='1.1'!O17 -> 86058.509 | E14: ='1.1'!W17 -> 94327.285 | F14: ='1.1'!AE17 -> 103529.6 | G14: ='1.1'!AM17 -> 111159.3 | H14: ='1.1'!AU17 -> 115221.11 | I14: ='1.1'!BC17 -> 116352.31 | J14: ='1.1'!BK17 -> 122353.39 | K14: ='1.1'!BS17 -> 130571.02 | L14: ='1.1'!CA17 -> 140626.84 | M14: ='1.1'!CI17 -> 140132.26 | N14: ='1.1'!CQ17 -> 184098.17 | O14: ='1.1'!CY17 -> 193192.31 | P14: ='1.1'!DG17 -> 196660.62
A15: 702 | B15: Defesa | C15: ='1.1'!G18 -> 1249.5682 | D15: ='1.1'!O18 -> 1069.3274 | E15: ='1.1'!W18 -> 1278.2528 | F15: ='1.1'!AE18 -> 1476.4389 | G15: ='1.1'!AM18 -> 1859.3157 | H15: ='1.1'!AU18 -> 1621.5165 | I15: ='1.1'!BC18 -> 1334.8321 | J15: ='1.1'!BK18 -> 1432.3439 | K15: ='1.1'!BS18 -> 1522.2695 | L15: ='1.1'!CA18 -> 1458.6441 | M15: ='1.1'!CI18 -> 1152.3254 | N15: ='1.1'!CQ18 -> 1529.4422 | O15: ='1.1'!CY18 -> 2404.2857 | P15: ='1.1'!DG18 -> 2461.0687
A16: 7021 | B16: Defesa militar | C16: ='1.1'!G19 -> 0 | D16: ='1.1'!O19 -> 0 | E16: ='1.1'!W19 -> 0 | F16: ='1.1'!AE19 -> 0 | G16: ='1.1'!AM19 -> 0 | H16: ='1.1'!AU19 -> 0 | I16: ='1.1'!BC19 -> 0 | J16: ='1.1'!BK19 -> 0 | K16: ='1.1'!BS19 -> 0 | L16: ='1.1'!CA19 -> 0 | M16: ='1.1'!CI19 -> 0 | N16: ='1.1'!CQ19 -> 0 | O16: ='1.1'!CY19 -> 0 | P16: ='1.1'!DG19 -> 0
... A84: 7109 | B84: Proteção social não especificada | C84: ='1.1'!G87 -> 891.13682 | D84: ='1.1'!O87 -> 1014.1589 | E84: ='1.1'!W87 -> 1152.1592 | F84: ='1.1'!AE87 -> 1379.102 | G84: ='1.1'!AM87 -> 1536.1978 | H84: ='1.1'!AU87 -> 1487.7794 | I84: ='1.1'!BC87 -> 1367.6743 | J84: ='1.1'!BK87 -> 1272.2589 | K84: ='1.1'!BS87 -> 1322.6344 | L84: ='1.1'!CA87 -> 1258.6938 | M84: ='1.1'!CI87 -> 2604.5841 | N84: ='1.1'!CQ87 -> 1597.0392 | O84: ='1.1'!CY87 -> 2857.5218 | P84: ='1.1'!DG87 -> 2494.5419
A85: Fonte: STN, SOF, IBGE e BCB
A86: Obs.: Dados sujeitos a alteração
A87: 1/ A compilação da despesa segue a classificação por Função de Governo (COFOG - Classification of Functions of Government) da OCDE/ONU.
A88: 2/ Fonte: Matriz de Saldos Contábeis disponível no Sistema de Informações Contábeis e Fiscais do Setor Público Brasileiro - Siconfi, Relatório Resumido da Execução Orçamentária (RREO) do FINBRA, Demonstrativo de Contas Anuais e portais de transparência.
A89: 3/ Despesa apurada pelo regime competência que corresponde ao conceito de despesa liquidada incluído o pagamento de restos a pagar não processados inscritos em exercícios anteriores.
A90: 4/ Fonte: Banco Central do Brasil.
A91: 5/ Ensino fundamental I corresponde aos 5 primeiros anos do ensino fundamental.

Sheet 1.4
A1: Tabela 1.4. Despesa por função de governo1/ - Governos Municipais - Brasil - Anual
A2: R$ Milhões - Valores Correntes
A4: Governos Municipais 2/ | C4: 2010 | D4: 2011 | E4: 2012 | F4: 2013 | G4: 2014 | H4: 2015 | I4: 2016 | J4: 2017 | K4: 2018 | L4: 2019 | M4: 2020 | N4: 2021 | O4: 2022 | P4: 2023
A5: 7 | B5: Despesa total3/ | C5: ='1.1'!H8 -> 314125.31 | D5: ='1.1'!P8 -> 352266.6 | E5: ='1.1'!X8 -> 403845.02 | F5: ='1.1'!AF8 -> 423939.56 | G5: ='1.1'!AN8 -> 484741.46 | H5: ='1.1'!AV8 -> 521581.35 | I5: ='1.1'!BD8 -> 552541.07 | J5: ='1.1'!BL8 -> 548335.35 | K5: ='1.1'!BT8 -> 603508.5 | L5: ='1.1'!CB8 -> 659645.03 | M5: ='1.1'!CJ8 -> 719919.47 | N5: ='1.1'!CR8 -> 772728.42 | O5: ='1.1'!CZ8 -> 973459.84 | P5: ='1.1'!DH8 -> 1123666.4
A6: 701 | B6: Serviços públicos gerais | C6: ='1.1'!H9 -> 56014.281 | D6: ='1.1'!P9 -> 60808.287 | E6: ='1.1'!X9 -> 67796.923 | F6: ='1.1'!AF9 -> 71838.066 | G6: ='1.1'!AN9 -> 78338.195 | H6: ='1.1'!AV9 -> 88535.134 | I6: ='1.1'!BD9 -> 85669.401 | J6: ='1.1'!BL9 -> 80612.94 | K6: ='1.1'!BT9 -> 88519.021 | L6: ='1.1'!CB9 -> 101447.59 | M6: ='1.1'!CJ9 -> 108011.71 | N6: ='1.1'!CR9 -> 117463.83 | O6: ='1.1'!CZ9 -> 142888.13 | P6: ='1.1'!DH9 -> 155158.31
A7: 7011 | B7: Poder execut., leg., assuntos fiscais, financeiros e externos | C7: ='1.1'!H10 -> 17092.262 | D7: ='1.1'!P10 -> 19373.534 | E7: ='1.1'!X10 -> 21695.789 | F7: ='1.1'!AF10 -> 24630.412 | G7: ='1.1'!AN10 -> 27534.317 | H7: ='1.1'!AV10 -> 30007.419 | I7: ='1.1'!BD10 -> 32882.715 | J7: ='1.1'!BL10 -> 33467.715 | K7: ='1.1'!BT10 -> 36101.028 | L7: ='1.1'!CB10 -> 39153.726 | M7: ='1.1'!CJ10 -> 42500.348 | N7: ='1.1'!CR10 -> 46906.616 | O7: ='1.1'!CZ10 -> 55081.052 | P7: ='1.1'!DH10 -> 61221.992
A8: 7012 | B8: Ajuda econômica externa | C8: ='1.1'!H11 -> 6.6024427 | D8: ='1.1'!P11 -> 5.543318 | E8: ='1.1'!X11 -> 5.9816596 | F8: ='1.1'!AF11 -> 5.8549789 | G8: ='1.1'!AN11 -> 5.7578281 | H8: ='1.1'!AV11 -> 6.5669601 | I8: ='1.1'!BD11 -> 6.8670001 | J8: ='1.1'!BL11 -> 2.1776774 | K8: ='1.1'!BT11 -> 1.3520534 | L8: ='1.1'!CB11 -> 0 | M8: ='1.1'!CJ11 -> 0 | N8: ='1.1'!CR11 -> 0 | O8: ='1.1'!CZ11 -> 0 | P8: ='1.1'!DH11 -> 0
A9: 7013 | B9: Serviços gerais | C9: ='1.1'!H12 -> 27565.824 | D9: ='1.1'!P12 -> 31942.47 | E9: ='1.1'!X12 -> 34856.594 | F9: ='1.1'!AF12 -> 35859.54 | G9: ='1.1'!AN12 -> 39394.346 | H9: ='1.1'!AV12 -> 40623.979 | I9: ='1.1'!BD12 -> 42511.636 | J9: ='1.1'!BL12 -> 41194.688 | K9: ='1.1'!BT12 -> 46247.184 | L9: ='1.1'!CB12 -> 56294.206 | M9: ='1.1'!CJ12 -> 59188.957 | N9: ='1.1'!CR12 -> 63659.012 | O9: ='1.1'!CZ12 -> 76710.163 | P9: ='1.1'!DH12 -> 82600.991
A10: 7014 | B10: Pesquisa básica | C10: ='1.1'!H13 -> 61.898612 | D10: ='1.1'!P13 -> 22.887774 | E10: ='1.1'!X13 -> 83.089266 | F10: ='1.1'!AF13 -> 35.737935 | G10: ='1.1'!AN13 -> 107.69216 | H10: ='1.1'!AV13 -> 136.84838 | I10: ='1.1'!BD13 -> 73.472727 | J10: ='1.1'!BL13 -> 88.11192 | K10: ='1.1'!BT13 -> 124.11136 | L10: ='1.1'!CB13 -> 190.64564 | M10: ='1.1'!CJ13 -> 210.72229 | N10: ='1.1'!CR13 -> 233.54043 | O10: ='1.1'!CZ13 -> 639.80016 | P10: ='1.1'!DH13 -> 794.20099
A11: 7015 | B11: Pesquisa e desenvolvimento de serviços públicos gerais | C11: ='1.1'!H14 -> 0 | D11: ='1.1'!P14 -> 0 | E11: ='1.1'!X14 -> 0 | F11: ='1.1'!AF14 -> 0 | G11: ='1.1'!AN14 -> 0.081929446 | H11: ='1.1'!AV14 -> 0.16006468 | I11: ='1.1'!BD14 -> 0.12906698 | J11: ='1.1'!BL14 -> 0.084343178 | K11: ='1.1'!BT14 -> 0.14700155 | L11: ='1.1'!CB14 -> 0.1033932 | M11: ='1.1'!CJ14 -> 0.13875125 | N11: ='1.1'!CR14 -> 0.15293223 | O11: ='1.1'!CZ14 -> 0.45042413 | P11: ='1.1'!DH14 -> 0.62212727
A12: 7016 | B12: Serviços públicos gerais não especificados | C12: ='1.1'!H15 -> 304.74586 | D12: ='1.1'!P15 -> 190.56595 | E12: ='1.1'!X15 -> 345.39393 | F12: ='1.1'!AF15 -> 510.48472 | G12: ='1.1'!AN15 -> 530.07847 | H12: ='1.1'!AV15 -> 659.61545 | I12: ='1.1'!BD15 -> 752.99353 | J12: ='1.1'!BL15 -> 685.49654 | K12: ='1.1'!BT15 -> 693.39756 | L12: ='1.1'!CB15 -> 945.03511 | M12: ='1.1'!CJ15 -> 1097.0124 | N12: ='1.1'!CR15 -> 1228.6092 | O12: ='1.1'!CZ15 -> 1464.9906 | P12: ='1.1'!DH15 -> 1626.5317
A13: 7017 | B13: Transações da dívida pública4/ | C13: ='1.1'!H16 -> 10982.949 | D13: ='1.1'!P16 -> 9273.2862 | E13: ='1.1'!X16 -> 10809.659 | F13: ='1.1'!AF16 -> 10796.036 | G13: ='1.1'!AN16 -> 10765.438 | H13: ='1.1'!AV16 -> 17100.437 | I13: ='1.1'!BD16 -> 9441.5877 | J13: ='1.1'!BL16 -> 5174.6013 | K13: ='1.1'!BT16 -> 5351.7259 | L13: ='1.1'!CB16 -> 4858.8584 | M13: ='1.1'!CJ16 -> 5006.1788 | N13: ='1.1'!CR16 -> 5427.4149 | O13: ='1.1'!CZ16 -> 8980.1072 | P13: ='1.1'!DH16 -> 8904.9363
A14: 7018 | B14: Transferências de caráter geral entre diferentes níveis de governo | C14: ='1.1'!H17 -> 0 | D14: ='1.1'!P17 -> 0 | E14: ='1.1'!X17 -> 0.41634225 | F14: ='1.1'!AF17 -> 0 | G14: ='1.1'!AN17 -> 0.48340317 | H14: ='1.1'!AV17 -> 0.10716459 | I14: ='1.1'!BD17 -> 0 | J14: ='1.1'!BL17 -> 0.065188343 | K14: ='1.1'!BT17 -> 0.075570489 | L14: ='1.1'!CB17 -> 5.0161554 | M14: ='1.1'!CJ17 -> 8.3553414 | N14: ='1.1'!CR17 -> 8.4854262 | O14: ='1.1'!CZ17 -> 11.565955 | P14: ='1.1'!DH17 -> 9.0404263
A15: 702 | B15: Defesa | C15: ='1.1'!H18 -> 723.93257 | D15: ='1.1'!P18 -> 922.00101 | E15: ='1.1'!X18 -> 944.51089 | F15: ='1.1'!AF18 -> 953.08131 | G15: ='1.1'!AN18 -> 891.68703 | H15: ='1.1'!AV18 -> 833.33885 | I15: ='1.1'!BD18 -> 883.75926 | J15: ='1.1'!BL18 -> 843.92242 | K15: ='1.1'!BT18 -> 813.81146 | L15: ='1.1'!CB18 -> 1064.7652 | M15: ='1.1'!CJ18 -> 1157.6654 | N15: ='1.1'!CR18 -> 1218.45 | O15: ='1.1'!CZ18 -> 1542.4977 | P15: ='1.1'!DH18 -> 2017.4606
A16: 7021 | B16: Defesa militar | C16: ='1.1'!H19 -> 16.644528 | D16: ='1.1'!P19 -> 24.812607 | E16: ='1.1'!X19 -> 20.242594 | F16: ='1.1'!AF19 -> 15.396411 | G16: ='1.1'!AN19 -> 18.854453 | H16: ='1.1'!AV19 -> 21.284479 | I16: ='1.1'!BD19 -> 19.168657 | J16: ='1.1'!BL19 -> 19.009381 | K16: ='1.1'!BT19 -> 28.148425 | L16: ='1.1'!CB19 -> 20.840287 | M16: ='1.1'!CJ19 -> 20.627129 | N16: ='1.1'!CR19 -> 23.044473 | O16: ='1.1'!CZ19 -> 28.86983 | P16: ='1.1'!DH19 -> 40.426064
... A84: 7109 | B84: Proteção social não especificada | C84: ='1.1'!H87 -> 6571.6142 | D84: ='1.1'!P87 -> 8089.7656 | E84: ='1.1'!X87 -> 8515.5357 | F84: ='1.1'!AF87 -> 9127.0874 | G84: ='1.1'!AN87 -> 10759.697 | H84: ='1.1'!AV87 -> 11783.264 | I84: ='1.1'!BD87 -> 12143.096 | J84: ='1.1'!BL87 -> 11837.551 | K84: ='1.1'!BT87 -> 13604.637 | L84: ='1.1'!CB87 -> 14126.457 | M84: ='1.1'!CJ87 -> 16967.236 | N84: ='1.1'!CR87 -> 18970.876 | O84: ='1.1'!CZ87 -> 23501.659 | P84: ='1.1'!DH87 -> 26197.883
A85: Fonte: STN, SOF, IBGE e BCB
A86: Obs.: Dados sujeitos a alteração
A87: 1/ A compilação da despesa segue a classificação por Função de Governo (COFOG - Classification of Functions of Government) da OCDE/ONU.
A88: 2/ Fonte: Matriz de Saldos Contábeis disponível no Sistema de Informações Contábeis e Fiscais do Setor Público Brasileiro - Siconfi, Relatório Resumido da Execução Orçamentária (RREO) do FINBRA, Demonstrativo de Contas Anuais e portais de transparência. Destaca-se que foram utilizadas técnicas de imputação dos valores do FINBRA, de modo a ampliar a cobertura de municípios, bem como sua complementação com informações provenientes de outras fontes de dados.
A89: 3/ Despesa apurada pelo regime competência que corresponde ao conceito de despesa liquidada incluído o pagamento de restos a pagar não processados inscritos em exercícios anteriores.
A90: 4/ Fonte: Banco Central do Brasil.
A91: 5/ Ensino fundamental I corresponde aos 5 primeiros anos do ensino fundamental.

Sheet 1.5
A1: Tabela 1.5. Despesa por função de governo1/ - Governo Geral - Brasil - Anual
A2: R$ Milhões - Valores Correntes
A4: Governo Geral 2/ | C4: 2010 | D4: 2011 | E4: 2012 | F4: 2013 | G4: 2014 | H4: 2015 | I4: 2016 | J4: 2017 | K4: 2018 | L4: 2019 | M4: 2020 | N4: 2021 | O4: 2022 | P4: 2023
A5: 7 | B5: Despesa total3/ | C5: ='1.1'!J8 -> 1535526.5 | D5: ='1.1'!R8 -> 1722861.4 | E5: ='1.1'!Z8 -> 1892658.2 | F5: ='1.1'!AH8 -> 2120925.8 | G5: ='1.1'!AP8 -> 2394014 | H5: ='1.1'!AX8 -> 2769505 | I5: ='1.1'!BF8 -> 2852727.1 | J5: ='1.1'!BN8 -> 2917191 | K5: ='1.1'!BV8 -> 3094475.7 | L5: ='1.1'!CD8 -> 3180494.5 | M5: ='1.1'!CL8 -> 3513991.8 | N5: ='1.1'!CT8 -> 3638290.8 | O5: ='1.1'!DB8 -> 4379148.6 | P5: ='1.1'!DJ8 -> 4958352.1
A6: 701 | B6: Serviços públicos gerais | C6: ='1.1'!J9 -> 394522.07 | D6: ='1.1'!R9 -> 460840.42 | E6: ='1.1'!Z9 -> 475937.87 | F6: ='1.1'!AH9 -> 520027.04 | G6: ='1.1'!AP9 -> 593918.94 | H6: ='1.1'!AX9 -> 885250.86 | I6: ='1.1'!BF9 -> 797446.44 | J6: ='1.1'!BN9 -> 765120.31 | K6: ='1.1'!BV9 -> 806224.39 | L6: ='1.1'!CD9 -> 736357.89 | M6: ='1.1'!CL9 -> 656051.79 | N6: ='1.1'!CT9 -> 891511.38 | O6: ='1.1'!DB9 -> 1114042.7 | P6: ='1.1'!DJ9 -> 1242017.8
A7: 7011 | B7: Poder execut., leg., assuntos fiscais, financeiros e externos | C7: ='1.1'!J10 -> 78521.562 | D7: ='1.1'!R10 -> 82808.001 | E7: ='1.1'!Z10 -> 93536.846 | F7: ='1.1'!AH10 -> 99400.532 | G7: ='1.1'!AP10 -> 105367.47 | H7: ='1.1'!AX10 -> 115044.62 | I7: ='1.1'!BF10 -> 117578.68 | J7: ='1.1'!BN10 -> 118357.39 | K7: ='1.1'!BV10 -> 125237.4 | L7: ='1.1'!CD10 -> 133345.53 | M7: ='1.1'!CL10 -> 139240.69 | N7: ='1.1'!CT10 -> 197740.72 | O7: ='1.1'!DB10 -> 199864.16 | P7: ='1.1'!DJ10 -> 244038.14
A8: 7012 | B8: Ajuda econômica externa | C8: ='1.1'!J11 -> 176.51211 | D8: ='1.1'!R11 -> 127.72311 | E8: ='1.1'!Z11 -> 29.571794 | F8: ='1.1'!AH11 -> 36.357217 | G8: ='1.1'!AP11 -> 5.7778281 | H8: ='1.1'!AX11 -> 6.5669601 | I8: ='1.1'!BF11 -> 6.8670001 | J8: ='1.1'!BN11 -> 2.1776774 | K8: ='1.1'!BV11 -> 1.3520534 | L8: ='1.1'!CD11 -> 0 | M8: ='1.1'!CL11 -> 0 | N8: ='1.1'!CT11 -> 0 | O8: ='1.1'!DB11 -> 0 | P8: ='1.1'!DJ11 -> 0
A9: 7013 | B9: Serviços gerais | C9: ='1.1'!J12 -> 34715.619 | D9: ='1.1'!R12 -> 37889.159 | E9: ='1.1'!Z12 -> 41335.147 | F9: ='1.1'!AH12 -> 43303.095 | G9: ='1.1'!AP12 -> 46653.828 | H9: ='1.1'!AX12 -> 47425.915 | I9: ='1.1'!BF12 -> 46968.924 | J9: ='1.1'!BN12 -> 46203.701 | K9: ='1.1'!BV12 -> 51647.281 | L9: ='1.1'!CD12 -> 61402.963 | M9: ='1.1'!CL12 -> 64275.209 | N9: ='1.1'!CT12 -> 69613.646 | O9: ='1.1'!DB12 -> 84795.784 | P9: ='1.1'!DJ12 -> 93310.518
A10: 7014 | B10: Pesquisa básica | C10: ='1.1'!J13 -> 1108.9886 | D10: ='1.1'!R13 -> 1089.3406 | E10: ='1.1'!Z13 -> 1482.567 | F10: ='1.1'!AH13 -> 1301.1644 | G10: ='1.1'!AP13 -> 1908.0579 | H10: ='1.1'!AX13 -> 1699.1147 | I10: ='1.1'!BF13 -> 1679.4882 | J10: ='1.1'!BN13 -> 1470.9788 | K10: ='1.1'!BV13 -> 1401.6266 | L10: ='1.1'!CD13 -> 1572.0305 | M10: ='1.1'!CL13 -> 1360.5403 | N10: ='1.1'!CT13 -> 1658.1369 | O10: ='1.1'!DB13 -> 2947.0743 | P10: ='1.1'!DJ13 -> 3687.3121
A11: 7015 | B11: Pesquisa e desenvolvimento de serviços públicos gerais | C11: ='1.1'!J14 -> 91.212154 | D11: ='1.1'!R14 -> 89.714961 | E11: ='1.1'!Z14 -> 106.4712 | F11: ='1.1'!AH14 -> 130.22643 | G11: ='1.1'!AP14 -> 133.30202 | H11: ='1.1'!AX14 -> 133.63641 | I11: ='1.1'!BF14 -> 41.730582 | J11: ='1.1'!BN14 -> 39.604032 | K11: ='1.1'!BV14 -> 37.309029 | L11: ='1.1'!CD14 -> 31.144487 | M11: ='1.1'!CL14 -> 36.93065 | N11: ='1.1'!CT14 -> 99.449205 | O11: ='1.1'!DB14 -> 34.4638 | P11: ='1.1'!DJ14 -> 44.50509
A12: 7016 | B12: Serviços públicos gerais não especificados | C12: ='1.1'!J15 -> 4687.6221 | D12: ='1.1'!R15 -> 4234.2758 | E12: ='1.1'!Z15 -> 5085.9749 | F12: ='1.1'!AH15 -> 4706.9403 | G12: ='1.1'!AP15 -> 5638.1768 | H12: ='1.1'!AX15 -> 5984.09 | I12: ='1.1'!BF15 -> 7184.9477 | J12: ='1.1'!BN15 -> 6659.4614 | K12: ='1.1'!BV15 -> 9509.0261 | L12: ='1.1'!CD15 -> 7847.0923 | M12: ='1.1'!CL15 -> 10366.077 | N12: ='1.1'!CT15 -> 8221.4712 | O12: ='1.1'!DB15 -> 15727.871 | P12: ='1.1'!DJ15 -> 10571.223
A13: 7017 | B13: Transações da dívida pública4/ | C13: ='1.1'!J16 -> 275220.55 | D13: ='1.1'!R16 -> 334602.21 | E13: ='1.1'!Z16 -> 334361.3 | F13: ='1.1'!AH16 -> 371148.73 | G13: ='1.1'!AP16 -> 434212.33 | H13: ='1.1'!AX16 -> 714956.92 | I13: ='1.1'!BF16 -> 623985.8 | J13: ='1.1'!BN16 -> 592387 | K13: ='1.1'!BV16 -> 618390.39 | L13: ='1.1'!CD16 -> 532159.13 | M13: ='1.1'!CL16 -> 440772.35 | N13: ='1.1'!CT16 -> 614177.95 | O13: ='1.1'!DB16 -> 810673.38 | P13: ='1.1'!DJ16 -> 890366.13
A14: 7018 | B14: Transferências de caráter geral entre diferentes níveis de governo | C14: ='1.1'!J17 -> 0 | D14: ='1.1'!R17 -> 0 | E14: ='1.1'!Z17 -> 0 | F14: ='1.1'!AH17 -> 0 | G14: ='1.1'!AP17 -> 0 | H14: ='1.1'!AX17 -> 0 | I14: ='1.1'!BF17 -> 0 | J14: ='1.1'!BN17 -> 0 | K14: ='1.1'!BV17 -> 0 | L14: ='1.1'!CD17 -> 0 | M14: ='1.1'!CL17 -> 0 | N14: ='1.1'!CT17 -> 0 | O14: ='1.1'!DB17 -> 0 | P14: ='1.1'!DJ17 -> 0
A15: 702 | B15: Defesa | C15: ='1.1'!J18 -> 29106.443 | D15: ='1.1'!R18 -> 29466.483 | E15: ='1.1'!Z18 -> 32956.804 | F15: ='1.1'!AH18 -> 38052.496 | G15: ='1.1'!AP18 -> 41031.83 | H15: ='1.1'!AX18 -> 39712.403 | I15: ='1.1'!BF18 -> 40720.719 | J15: ='1.1'!BN18 -> 44212.053 | K15: ='1.1'!BV18 -> 46755.791 | L15: ='1.1'!CD18 -> 47875.341 | M15: ='1.1'!CL18 -> 51349.99 | N15: ='1.1'!CT18 -> 51589.976 | O15: ='1.1'!DB18 -> 54810.605 | P15: ='1.1'!DJ18 -> 55791.833
A16: 7021 | B16: Defesa militar | C16: ='1.1'!J19 -> 25335.536 | D16: ='1.1'!R19 -> 25869.393 | E16: ='1.1'!Z19 -> 28501.455 | F16: ='1.1'!AH19 -> 32077.497 | G16: ='1.1'!AP19 -> 34794.789 | H16: ='1.1'!AX19 -> 34942.647 | I16: ='1.1'!BF19 -> 36145.926 | J16: ='1.1'!BN19 -> 39488.097 | K16: ='1.1'!BV19 -> 42307.379 | L16: ='1.1'!CD19 -> 43214.455 | M16: ='1.1'!CL19 -> 47257.161 | N16: ='1.1'!CT19 -> 47215.693 | O16: ='1.1'!DB19 -> 49154.166 | P16: ='1.1'!DJ19 -> 49707.244
... A84: 7109 | B84: Proteção social não especificada | C84: ='1.1'!J87 -> 21835.82 | D84: ='1.1'!R87 -> 23516.814 | E84: ='1.1'!Z87 -> 24105.969 | F84: ='1.1'!AH87 -> 26078.86 | G84: ='1.1'!AP87 -> 29726.755 | H84: ='1.1'!AX87 -> 31830.72 | I84: ='1.1'!BF87 -> 34377.44 | J84: ='1.1'!BN87 -> 35685.873 | K84: ='1.1'!BV87 -> 39322.482 | L84: ='1.1'!CD87 -> 42080.787 | M84: ='1.1'!CL87 -> 46584.958 | N84: ='1.1'!CT87 -> 53285.099 | O84: ='1.1'!DB87 -> 61809.347 | P84: ='1.1'!DJ87 -> 57305.948
A85: Fonte: STN, SOF, IBGE e BCB
A86: Obs.: Dados sujeitos a alteração
A87: 1/ A compilação da despesa segue a classificação por Função de Governo (COFOG - Classification of Functions of Government) da OCDE/ONU.
A88: 2/ O governo geral é composto pelo governo central (orçamentário e extraorçamentário), governos estaduais e governos municipais.
A89: 3/ Despesa apurada pelo regime competência que corresponde ao conceito de despesa liquidada incluído o pagamento de restos a pagar não processados inscritos em exercícios anteriores.
A90: 4/ Fonte: Banco Central do Brasil.
A91: 5/ Ensino fundamental I corresponde aos 5 primeiros anos do ensino fundamental.

Sheet 1.1.a
A1: Tabela 1.1.a. Despesa por função de governo1/ por esfera de governo - Governo Geral - Brasil - Anual
A2: Valores em % do PIB
A5: Governo Geral | C5: 2010 | K5: 2011 | S5: 2012 | AA5: 2013 | AI5: 2014 | AQ5: 2015 | AY5: 2016 | BG5: 2017 | BO5: 2018 | BW5: 2019 | CE5: 2020 | CM5: 2021 | CU5: 2022 | DC5: 2023
C6: Governo Central | G6: Governos Estaduais 5/ | H6: Governos Municipais 6/ | I6: Coluna de Consolidação 4/ | J6: Governo Geral 7/ | K6: Governo Central | O6: Governos Estaduais 5/ | P6: Governos Municipais 6/ | Q6: Coluna de Consolidação 4/ | R6: Governo Geral 7/ | S6: Governo Central | W6: Governos Estaduais 5/ | X6: Governos Municipais 6/ | Y6: Coluna de Consolidação 4/ | Z6: Governo Geral 7/ | AA6: Governo Central | AE6: Governos Estaduais 5/ | AF6: Governos Municipais 6/ | AG6: Coluna de Consolidação 4/ | AH6: Governo Geral 7/ | AI6: Governo Central | AM6: Governos Estaduais 5/ | AN6: Governos Municipais 6/ | AO6: Coluna de Consolidação 4/ | AP6: Governo Geral 7/ | AQ6: Governo Central | AU6: Governos Estaduais 5/ | AV6: Governos Municipais 6/ | AW6: Coluna de Consolidação 4/ | AX6: Governo Geral 7/ | AY6: Governo Central | BC6: Governos Estaduais 5/ | BD6: Governos Municipais 6/ | BE6: Coluna de Consolidação 4/ | BF6: Governo Geral 7/ | BG6: Governo Central | BK6: Governos Estaduais 5/ | BL6: Governos Municipais 6/ | BM6: Coluna de Consolidação 4/ | BN6: Governo Geral 7/ | BO6: Governo Central | BS6: Governos Estaduais 5/ | BT6: Governos Municipais 6/ | BU6: Coluna de Consolidação 4/ | BV6: Governo Geral 7/ | BW6: Governo Central | CA6: Governos Estaduais 5/ | CB6: Governos Municipais 6/ | CC6: Coluna de Consolidação 4/ | CD6: Governo Geral 7/ | CE6: Governo Central | CI6: Governos Estaduais 5/ | CJ6: Governos Municipais 6/ | CK6: Coluna de Consolidação 4/ | CL6: Governo Geral 7/ | CM6: Governo Central | CQ6: Governos Estaduais 5/ | CR6: Governos Municipais 6/ | CS6: Coluna de Consolidação 4/ | CT6: Governo Geral 7/ | CU6: Governo Central | CY6: Governos Estaduais 5/ | CZ6: Governos Municipais 6/ | DA6: Coluna de Consolidação 4/ | DB6: Governo Geral 7/ | DC6: Governo Central | DG6: Governos Estaduais 5/ | DH6: Governos Municipais 6/ | DI6: Coluna de Consolidação 4/ | DJ6: Governo Geral 7/
C7: Orçamentário 2/ | D7: Extraorçamentário 3/ | E7: Coluna de Consolidação 4/ | F7: Governo Central | K7: Orçamentário 2/ | L7: Extraorçamentário 3/ | M7: Coluna de Consolidação 4/ | N7: Governo Central | S7: Orçamentário 2/ | T7: Extraorçamentário 3/ | U7: Coluna de Consolidação 4/ | V7: Governo Central | AA7: Orçamentário 2/ | AB7: Extraorçamentário 3/ | AC7: Coluna de Consolidação 4/ | AD7: Governo Central | AI7: Orçamentário 2/ | AJ7: Extraorçamentário 3/ | AK7: Coluna de Consolidação 4/ | AL7: Governo Central | AQ7: Orçamentário 2/ | AR7: Extraorçamentário 3/ | AS7: Coluna de Consolidação 4/ | AT7: Governo Central | AY7: Orçamentário 2/ | AZ7: Extraorçamentário 3/ | BA7: Coluna de Consolidação 4/ | BB7: Governo Central | BG7: Orçamentário 2/ | BH7: Extraorçamentário 3/ | BI7: Coluna de Consolidação 4/ | BJ7: Governo Central | BO7: Orçamentário 2/ | BP7: Extraorçamentário 3/ | BQ7: Coluna de Consolidação 4/ | BR7: Governo Central | BW7: Orçamentário 2/ | BX7: Extraorçamentário 3/ | BY7: Coluna de Consolidação 4/ | BZ7: Governo Central | CE7: Orçamentário 2/ | CF7: Extraorçamentário 3/ | CG7: Coluna de Consolidação 4/ | CH7: Governo Central | CM7: Orçamentário 2/ | CN7: Extraorçamentário 3/ | CO7: Coluna de Consolidação 4/ | CP7: Governo Central | CU7: Orçamentário 2/ | CV7: Extraorçamentário 3/ | CW7: Coluna de Consolidação 4/ | CX7: Governo Central | DC7: Orçamentário 2/ | DD7: Extraorçamentário 3/ | DE7: Coluna de Consolidação 4/ | DF7: Governo Central
A8: 7 | B8: Despesa total8/ | C8: ='1.1'!C8/'1.2.a'!$C$86 -> 0.28390704 | D8: ='1.1'!D8/'1.2.a'!$C$86 -> 0 | E8: ='1.1'!E8/'1.2.a'!$C$86 -> 0 | F8: ='1.1'!F8/'1.2.a'!$C$86 -> 0.28390704 | G8: ='1.1'!G8/'1.2.a'!$C$86 -> 0.13354566 | H8: ='1.1'!H8/'1.2.a'!$C$86 -> 0.080838312 | I8: ='1.1'!I8/'1.2.a'!$C$86 -> -0.10313224 | J8: ='1.1'!J8/'1.2.a'!$C$86 -> 0.39515877 | K8: ='1.1'!K8/'1.2.a'!$D$86 -> 0.28725203 | L8: ='1.1'!L8/'1.2.a'!$D$86 -> 0 | M8: ='1.1'!M8/'1.2.a'!$D$86 -> 0 | N8: ='1.1'!N8/'1.2.a'!$D$86 -> 0.28725203 | O8: ='1.1'!O8/'1.2.a'!$D$86 -> 0.12364296 | P8: ='1.1'!P8/'1.2.a'!$D$86 -> 0.080492654 | Q8: ='1.1'!Q8/'1.2.a'!$D$86 -> -0.097715107 | R8: ='1.1'!R8/'1.2.a'!$D$86 -> 0.39367254 | S8: ='1.1'!S8/'1.2.a'!$E$86 -> 0.28228207 | T8: ='1.1'!T8/'1.2.a'!$E$86 -> 0 | U8: ='1.1'!U8/'1.2.a'!$E$86 -> 0 | V8: ='1.1'!V8/'1.2.a'!$E$86 -> 0.28228207 | W8: ='1.1'!W8/'1.2.a'!$E$86 -> 0.12646995 | X8: ='1.1'!X8/'1.2.a'!$E$86 -> 0.083876458 | Y8: ='1.1'!Y8/'1.2.a'!$E$86 -> -0.09953347 | Z8: ='1.1'!Z8/'1.2.a'!$E$86 -> 0.39309502 | AA8: ='1.1'!AA8/'1.2.a'!$F$86 -> 0.28298297 | AB8: ='1.1'!AB8/'1.2.a'!$F$86 -> 0 | AC8: ='1.1'!AC8/'1.2.a'!$F$86 -> 0 | AD8: ='1.1'!AD8/'1.2.a'!$F$86 -> 0.28298297 | AE8: ='1.1'!AE8/'1.2.a'!$F$86 -> 0.1281743 | AF8: ='1.1'!AF8/'1.2.a'!$F$86 -> 0.079514226 | AG8: ='1.1'!AG8/'1.2.a'!$F$86 -> -0.092870035 | AH8: ='1.1'!AH8/'1.2.a'!$F$86 -> 0.39780146 | AI8: ='1.1'!AI8/'1.2.a'!$G$86 -> 0.29421059 | AJ8: ='1.1'!AJ8/'1.2.a'!$G$86 -> 0 | AK8: ='1.1'!AK8/'1.2.a'!$G$86 -> 0 | AL8: ='1.1'!AL8/'1.2.a'!$G$86 -> 0.29421059 | AM8: ='1.1'!AM8/'1.2.a'!$G$86 -> 0.12906652 | AN8: ='1.1'!AN8/'1.2.a'!$G$86 -> 0.083880499 | AO8: ='1.1'!AO8/'1.2.a'!$G$86 -> -0.092893297 | AP8: ='1.1'!AP8/'1.2.a'!$G$86 -> 0.41426432 | AQ8: ='1.1'!AQ8/'1.2.a'!$H$86 -> 0.33851833 | AR8: ='1.1'!AR8/'1.2.a'!$H$86 -> 0 | AS8: ='1.1'!AS8/'1.2.a'!$H$86 -> 0 | AT8: ='1.1'!AT8/'1.2.a'!$H$86 -> 0.33851833 | AU8: ='1.1'!AU8/'1.2.a'!$H$86 -> 0.13391136 | AV8: ='1.1'!AV8/'1.2.a'!$H$86 -> 0.086991308 | AW8: ='1.1'!AW8/'1.2.a'!$H$86 -> -0.097512489 | AX8: ='1.1'!AX8/'1.2.a'!$H$86 -> 0.46190851 | AY8: ='1.1'!AY8/'1.2.a'!$I$86 -> 0.33243738 | AZ8: ='1.1'!AZ8/'1.2.a'!$I$86 -> 0 | BA8: ='1.1'!BA8/'1.2.a'!$I$86 -> 0 | BB8: ='1.1'!BB8/'1.2.a'!$I$86 -> 0.33243738 | BC8: ='1.1'!BC8/'1.2.a'!$I$86 -> 0.13251804 | BD8: ='1.1'!BD8/'1.2.a'!$I$86 -> 0.088134019 | BE8: ='1.1'!BE8/'1.2.a'!$I$86 -> -0.09806027 | BF8: ='1.1'!BF8/'1.2.a'!$I$86 -> 0.45502917 | BG8: ='1.1'!BG8/'1.2.a'!$J$86 -> 0.32095797 | BH8: ='1.1'!BH8/'1.2.a'!$J$86 -> 0 | BI8: ='1.1'!BI8/'1.2.a'!$J$86 -> 0 | BJ8: ='1.1'!BJ8/'1.2.a'!$J$86 -> 0.32095797 | BK8: ='1.1'!BK8/'1.2.a'!$J$86 -> 0.12835425 | BL8: ='1.1'!BL8/'1.2.a'!$J$86 -> 0.083264308 | BM8: ='1.1'!BM8/'1.2.a'!$J$86 -> -0.089603279 | BN8: ='1.1'!BN8/'1.2.a'!$J$86 -> 0.44297324 | BO8: ='1.1'!BO8/'1.2.a'!$K$86 -> 0.32072586 | BP8: ='1.1'!BP8/'1.2.a'!$K$86 -> 0 | BQ8: ='1.1'!BQ8/'1.2.a'!$K$86 -> 0 | BR8: ='1.1'!BR8/'1.2.a'!$K$86 -> 0.32072586 | BS8: ='1.1'!BS8/'1.2.a'!$K$86 -> 0.12803771 | BT8: ='1.1'!BT8/'1.2.a'!$K$86 -> 0.086164528 | BU8: ='1.1'!BU8/'1.2.a'!$K$86 -> -0.093121509 | BV8: ='1.1'!BV8/'1.2.a'!$K$86 -> 0.44180659 | BW8: ='1.1'!BW8/'1.2.a'!$L$86 -> 0.30881221 | BX8: ='1.1'!BX8/'1.2.a'!$L$86 -> 0 | BY8: ='1.1'!BY8/'1.2.a'!$L$86 -> 0 | BZ8: ='1.1'!BZ8/'1.2.a'!$L$86 -> 0.30881221 | CA8: ='1.1'!CA8/'1.2.a'!$L$86 -> 0.12483868 | CB8: ='1.1'!CB8/'1.2.a'!$L$86 -> 0.089272341 | CC8: ='1.1'!CC8/'1.2.a'!$L$86 -> -0.092494462 | CD8: ='1.1'!CD8/'1.2.a'!$L$86 -> 0.43042876 | CE8: ='1.1'!CE8/'1.2.a'!$M$86 -> 0.34640141 | CF8: ='1.1'!CF8/'1.2.a'!$M$86 -> 0 | CG8: ='1.1'!CG8/'1.2.a'!$M$86 -> 0 | CH8: ='1.1'!CH8/'1.2.a'!$M$86 -> 0.34640141 | CI8: ='1.1'!CI8/'1.2.a'!$M$86 -> 0.124484 | CJ8: ='1.1'!CJ8/'1.2.a'!$M$86 -> 0.09460678 | CK8: ='1.1'!CK8/'1.2.a'!$M$86 -> -0.10370797 | CL8: ='1.1'!CL8/'1.2.a'!$M$86 -> 0.46178422 | CM8: ='1.1'!CM8/'1.2.a'!$N$86 -> 0.29179236 | CN8: ='1.1'!CN8/'1.2.a'!$N$86 -> 0 | CO8: ='1.1'!CO8/'1.2.a'!$N$86 -> 0 | CP8: ='1.1'!CP8/'1.2.a'!$N$86 -> 0.29179236 | CQ8: ='1.1'!CQ8/'1.2.a'!$N$86 -> 0.12038345 | CR8: ='1.1'!CR8/'1.2.a'!$N$86 -> 0.085743036 | CS8: ='1.1'!CS8/'1.2.a'!$N$86 -> -0.094208961 | CT8: ='1.1'!CT8/'1.2.a'!$N$86 -> 0.40370989 | CU8: ='1.1'!CU8/'1.2.a'!$O$86 -> 0.31412329 | CV8: ='1.1'!CV8/'1.2.a'!$O$86 -> 0 | CW8: ='1.1'!CW8/'1.2.a'!$O$86 -> 0 | CX8: ='1.1'!CX8/'1.2.a'!$O$86 -> 0.31412329 | CY8: ='1.1'!CY8/'1.2.a'!$O$86 -> 0.13589387 | CZ8: ='1.1'!CZ8/'1.2.a'!$O$86 -> 0.096576501 | DA8: ='1.1'!DA8/'1.2.a'!$O$86 -> -0.11214036 | DB8: ='1.1'!DB8/'1.2.a'!$O$86 -> 0.43445331 | DC8: ='1.1'!DC8/'1.2.a'!$P$86 -> 0.32255585 | DD8: ='1.1'!DD8/'1.2.a'!$P$86 -> 0 | DE8: ='1.1'!DE8/'1.2.a'!$P$86 -> 0 | DF8: ='1.1'!DF8/'1.2.a'!$P$86 -> 0.32255585 | DG8: ='1.1'!DG8/'1.2.a'!$P$86 -> 0.13352385 | DH8: ='1.1'!DH8/'1.2.a'!$P$86 -> 0.10268035 | DI8: ='1.1'!DI8/'1.2.a'!$P$86 -> -0.10566709 | DJ8: ='1.1'!DJ8/'1.2.a'!$P$86 -> 0.45309295
A9: 701 | B9: Serviços públicos gerais | C9: ='1.1'!C9/'1.2.a'!$C$86 -> 0.11253653 | D9: ='1.1'!D9/'1.2.a'!$C$86 -> 0 | E9: ='1.1'!E9/'1.2.a'!$C$86 -> 0 | F9: ='1.1'!F9/'1.2.a'!$C$86 -> 0.11253653 | G9: ='1.1'!G9/'1.2.a'!$C$86 -> 0.046104401 | H9: ='1.1'!H9/'1.2.a'!$C$86 -> 0.014414948 | I9: ='1.1'!I9/'1.2.a'!$C$86 -> -0.071527936 | J9: ='1.1'!J9/'1.2.a'!$C$86 -> 0.10152795 | K9: ='1.1'!K9/'1.2.a'!$D$86 -> 0.11904991 | L9: ='1.1'!L9/'1.2.a'!$D$86 -> 0 | M9: ='1.1'!M9/'1.2.a'!$D$86 -> 0 | N9: ='1.1'!N9/'1.2.a'!$D$86 -> 0.11904991 | O9: ='1.1'!O9/'1.2.a'!$D$86 -> 0.039793051 | P9: ='1.1'!P9/'1.2.a'!$D$86 -> 0.013894648 | Q9: ='1.1'!Q9/'1.2.a'!$D$86 -> -0.06743592 | R9: ='1.1'!R9/'1.2.a'!$D$86 -> 0.10530169 | S9: ='1.1'!S9/'1.2.a'!$E$86 -> 0.11067207 | T9: ='1.1'!T9/'1.2.a'!$E$86 -> 0 | U9: ='1.1'!U9/'1.2.a'!$E$86 -> 0 | V9: ='1.1'!V9/'1.2.a'!$E$86 -> 0.11067207 | W9: ='1.1'!W9/'1.2.a'!$E$86 -> 0.041804453 | X9: ='1.1'!X9/'1.2.a'!$E$86 -> 0.01408106 | Y9: ='1.1'!Y9/'1.2.a'!$E$86 -> -0.06770782 | Z9: ='1.1'!Z9/'1.2.a'!$E$86 -> 0.098849761 | AA9: ='1.1'!AA9/'1.2.a'!$F$86 -> 0.10891204 | AB9: ='1.1'!AB9/'1.2.a'!$F$86 -> 0 | AC9: ='1.1'!AC9/'1.2.a'!$F$86 -> 0 | AD9: ='1.1'!AD9/'1.2.a'!$F$86 -> 0.10891204 | AE9: ='1.1'!AE9/'1.2.a'!$F$86 -> 0.039498446 | AF9: ='1.1'!AF9/'1.2.a'!$F$86 -> 0.013473968 | AG9: ='1.1'!AG9/'1.2.a'!$F$86 -> -0.064348035 | AH9: ='1.1'!AH9/'1.2.a'!$F$86 -> 0.097536423 | AI9: ='1.1'!AI9/'1.2.a'!$G$86 -> 0.11455099 | AJ9: ='1.1'!AJ9/'1.2.a'!$G$86 -> 0 | AK9: ='1.1'!AK9/'1.2.a'!$G$86 -> 0 | AL9: ='1.1'!AL9/'1.2.a'!$G$86 -> 0.11455099 | AM9: ='1.1'!AM9/'1.2.a'!$G$86 -> 0.038138129 | AN9: ='1.1'!AN9/'1.2.a'!$G$86 -> 0.013555776 | AO9: ='1.1'!AO9/'1.2.a'!$G$86 -> -0.063472133 | AP9: ='1.1'!AP9/'1.2.a'!$G$86 -> 0.10277276 | AQ9: ='1.1'!AQ9/'1.2.a'!$H$86 -> 0.15805128 | AR9: ='1.1'!AR9/'1.2.a'!$H$86 -> 0 | AS9: ='1.1'!AS9/'1.2.a'!$H$86 -> 0 | AT9: ='1.1'!AT9/'1.2.a'!$H$86 -> 0.15805128 | AU9: ='1.1'!AU9/'1.2.a'!$H$86 -> 0.043568354 | AV9: ='1.1'!AV9/'1.2.a'!$H$86 -> 0.014766224 | AW9: ='1.1'!AW9/'1.2.a'!$H$86 -> -0.068740379 | AX9: ='1.1'!AX9/'1.2.a'!$H$86 -> 0.14764548 | AY9: ='1.1'!AY9/'1.2.a'!$I$86 -> 0.14077818 | AZ9: ='1.1'!AZ9/'1.2.a'!$I$86 -> 0 | BA9: ='1.1'!BA9/'1.2.a'!$I$86 -> 0 | BB9: ='1.1'!BB9/'1.2.a'!$I$86 -> 0.14077818 | BC9: ='1.1'!BC9/'1.2.a'!$I$86 -> 0.039242525 | BD9: ='1.1'!BD9/'1.2.a'!$I$86 -> 0.013664846 | BE9: ='1.1'!BE9/'1.2.a'!$I$86 -> -0.066487477 | BF9: ='1.1'!BF9/'1.2.a'!$I$86 -> 0.12719807 | BG9: ='1.1'!BG9/'1.2.a'!$J$86 -> 0.13007394 | BH9: ='1.1'!BH9/'1.2.a'!$J$86 -> 0 | BI9: ='1.1'!BI9/'1.2.a'!$J$86 -> 0 | BJ9: ='1.1'!BJ9/'1.2.a'!$J$86 -> 0.13007394 | BK9: ='1.1'!BK9/'1.2.a'!$J$86 -> 0.034332028 | BL9: ='1.1'!BL9/'1.2.a'!$J$86 -> 0.012241014 | BM9: ='1.1'!BM9/'1.2.a'!$J$86 -> -0.060464037 | BN9: ='1.1'!BN9/'1.2.a'!$J$86 -> 0.11618294 | BO9: ='1.1'!BO9/'1.2.a'!$K$86 -> 0.13137424 | BP9: ='1.1'!BP9/'1.2.a'!$K$86 -> 0 | BQ9: ='1.1'!BQ9/'1.2.a'!$K$86 -> 0 | BR9: ='1.1'!BR9/'1.2.a'!$K$86 -> 0.13137424 | BS9: ='1.1'!BS9/'1.2.a'!$K$86 -> 0.034407048 | BT9: ='1.1'!BT9/'1.2.a'!$K$86 -> 0.012638098 | BU9: ='1.1'!BU9/'1.2.a'!$K$86 -> -0.063312569 | BV9: ='1.1'!BV9/'1.2.a'!$K$86 -> 0.11510682 | BW9: ='1.1'!BW9/'1.2.a'!$L$86 -> 0.11675583 | BX9: ='1.1'!BX9/'1.2.a'!$L$86 -> 0 | BY9: ='1.1'!BY9/'1.2.a'!$L$86 -> 0 | BZ9: ='1.1'!BZ9/'1.2.a'!$L$86 -> 0.11675583 | CA9: ='1.1'!CA9/'1.2.a'!$L$86 -> 0.032756735 | CB9: ='1.1'!CB9/'1.2.a'!$L$86 -> 0.013729299 | CC9: ='1.1'!CC9/'1.2.a'!$L$86 -> -0.06358767 | CD9: ='1.1'!CD9/'1.2.a'!$L$86 -> 0.099654194 | CE9: ='1.1'!CE9/'1.2.a'!$M$86 -> 0.11156569 | CF9: ='1.1'!CF9/'1.2.a'!$M$86 -> 0 | CG9: ='1.1'!CG9/'1.2.a'!$M$86 -> 0 | CH9: ='1.1'!CH9/'1.2.a'!$M$86 -> 0.11156569 | CI9: ='1.1'!CI9/'1.2.a'!$M$86 -> 0.029517168 | CJ9: ='1.1'!CJ9/'1.2.a'!$M$86 -> 0.014194144 | CK9: ='1.1'!CK9/'1.2.a'!$M$86 -> -0.069063261 | CL9: ='1.1'!CL9/'1.2.a'!$M$86 -> 0.086213737 | CM9: ='1.1'!CM9/'1.2.a'!$N$86 -> 0.11378387 | CN9: ='1.1'!CN9/'1.2.a'!$N$86 -> 0 | CO9: ='1.1'!CO9/'1.2.a'!$N$86 -> 0 | CP9: ='1.1'!CP9/'1.2.a'!$N$86 -> 0.11378387 | CQ9: ='1.1'!CQ9/'1.2.a'!$N$86 -> 0.036297369 | CR9: ='1.1'!CR9/'1.2.a'!$N$86 -> 0.013033953 | CS9: ='1.1'!CS9/'1.2.a'!$N$86 -> -0.064191828 | CT9: ='1.1'!CT9/'1.2.a'!$N$86 -> 0.098923361 | CU9: ='1.1'!CU9/'1.2.a'!$O$86 -> 0.13564194 | CV9: ='1.1'!CV9/'1.2.a'!$O$86 -> 0 | CW9: ='1.1'!CW9/'1.2.a'!$O$86 -> 0 | CX9: ='1.1'!CX9/'1.2.a'!$O$86 -> 0.13564194 | CY9: ='1.1'!CY9/'1.2.a'!$O$86 -> 0.039376019 | CZ9: ='1.1'!CZ9/'1.2.a'!$O$86 -> 0.014175865 | DA9: ='1.1'!DA9/'1.2.a'!$O$86 -> -0.078670161 | DB9: ='1.1'!DB9/'1.2.a'!$O$86 -> 0.11052366 | DC9: ='1.1'!DC9/'1.2.a'!$P$86 -> 0.13281136 | DD9: ='1.1'!DD9/'1.2.a'!$P$86 -> 0 | DE9: ='1.1'!DE9/'1.2.a'!$P$86 -> 0 | DF9: ='1.1'!DF9/'1.2.a'!$P$86 -> 0.13281136 | DG9: ='1.1'!DG9/'1.2.a'!$P$86 -> 0.037363196 | DH9: ='1.1'!DH9/'1.2.a'!$P$86 -> 0.014178327 | DI9: ='1.1'!DI9/'1.2.a'!$P$86 -> -0.07085761 | DJ9: ='1.1'!DJ9/'1.2.a'!$P$86 -> 0.11349527
A10: 7011 | B10: Poder execut., leg., assuntos fiscais, financeiros e externos | C10: ='1.1'!C10/'1.2.a'!$C$86 -> 0.006895567 | D10: ='1.1'!D10/'1.2.a'!$C$86 -> 0 | E10: ='1.1'!E10/'1.2.a'!$C$86 -> 0 | F10: ='1.1'!F10/'1.2.a'!$C$86 -> 0.006895567 | G10: ='1.1'!G10/'1.2.a'!$C$86 -> 0.0093599715 | H10: ='1.1'!H10/'1.2.a'!$C$86 -> 0.0043985937 | I10: ='1.1'!I10/'1.2.a'!$C$86 -> -0.00044706752 | J10: ='1.1'!J10/'1.2.a'!$C$86 -> 0.020207065 | K10: ='1.1'!K10/'1.2.a'!$D$86 -> 0.0067004274 | L10: ='1.1'!L10/'1.2.a'!$D$86 -> 0 | M10: ='1.1'!M10/'1.2.a'!$D$86 -> 0 | N10: ='1.1'!N10/'1.2.a'!$D$86 -> 0.0067004274 | O10: ='1.1'!O10/'1.2.a'!$D$86 -> 0.0080532932 | P10: ='1.1'!P10/'1.2.a'!$D$86 -> 0.004426838 | Q10: ='1.1'!Q10/'1.2.a'!$D$86 -> -0.00025899256 | R10: ='1.1'!R10/'1.2.a'!$D$86 -> 0.018921566 | S10: ='1.1'!S10/'1.2.a'!$E$86 -> 0.0059288552 | T10: ='1.1'!T10/'1.2.a'!$E$86 -> 0 | U10: ='1.1'!U10/'1.2.a'!$E$86 -> 0 | V10: ='1.1'!V10/'1.2.a'!$E$86 -> 0.0059288552 | W10: ='1.1'!W10/'1.2.a'!$E$86 -> 0.0093720972 | X10: ='1.1'!X10/'1.2.a'!$E$86 -> 0.0045060997 | Y10: ='1.1'!Y10/'1.2.a'!$E$86 -> -0.00037994755 | Z10: ='1.1'!Z10/'1.2.a'!$E$86 -> 0.019427105 | AA10: ='1.1'!AA10/'1.2.a'!$F$86 -> 0.0054773562 | AB10: ='1.1'!AB10/'1.2.a'!$F$86 -> 0 | AC10: ='1.1'!AC10/'1.2.a'!$F$86 -> 0 | AD10: ='1.1'!AD10/'1.2.a'!$F$86 -> 0.0054773562 | AE10: ='1.1'!AE10/'1.2.a'!$F$86 -> 0.0088564776 | AF10: ='1.1'!AF10/'1.2.a'!$F$86 -> 0.0046196873 | AG10: ='1.1'!AG10/'1.2.a'!$F$86 -> -0.00030992849 | AH10: ='1.1'!AH10/'1.2.a'!$F$86 -> 0.018643593 | AI10: ='1.1'!AI10/'1.2.a'!$G$86 -> 0.0050974626 | AJ10: ='1.1'!AJ10/'1.2.a'!$G$86 -> 0 | AK10: ='1.1'!AK10/'1.2.a'!$G$86 -> 0 | AL10: ='1.1'!AL10/'1.2.a'!$G$86 -> 0.0050974626 | AM10: ='1.1'!AM10/'1.2.a'!$G$86 -> 0.0087056737 | AN10: ='1.1'!AN10/'1.2.a'!$G$86 -> 0.0047645858 | AO10: ='1.1'!AO10/'1.2.a'!$G$86 -> -0.00033475352 | AP10: ='1.1'!AP10/'1.2.a'!$G$86 -> 0.018232969 | AQ10: ='1.1'!AQ10/'1.2.a'!$H$86 -> 0.0059185564 | AR10: ='1.1'!AR10/'1.2.a'!$H$86 -> 0 | AS10: ='1.1'!AS10/'1.2.a'!$H$86 -> 0 | AT10: ='1.1'!AT10/'1.2.a'!$H$86 -> 0.0059185564 | AU10: ='1.1'!AU10/'1.2.a'!$H$86 -> 0.0085401857 | AV10: ='1.1'!AV10/'1.2.a'!$H$86 -> 0.0050047507 | AW10: ='1.1'!AW10/'1.2.a'!$H$86 -> -0.00027591691 | AX10: ='1.1'!AX10/'1.2.a'!$H$86 -> 0.019187576 | AY10: ='1.1'!AY10/'1.2.a'!$I$86 -> 0.0062438593 | AZ10: ='1.1'!AZ10/'1.2.a'!$I$86 -> 0 | BA10: ='1.1'!BA10/'1.2.a'!$I$86 -> 0 | BB10: ='1.1'!BB10/'1.2.a'!$I$86 -> 0.0062438593 | BC10: ='1.1'!BC10/'1.2.a'!$I$86 -> 0.0074384025 | BD10: ='1.1'!BD10/'1.2.a'!$I$86 -> 0.0052450144 | BE10: ='1.1'!BE10/'1.2.a'!$I$86 -> -0.00017268615 | BF10: ='1.1'!BF10/'1.2.a'!$I$86 -> 0.01875459 | BG10: ='1.1'!BG10/'1.2.a'!$J$86 -> 0.0059443446 | BH10: ='1.1'!BH10/'1.2.a'!$J$86 -> 0 | BI10: ='1.1'!BI10/'1.2.a'!$J$86 -> 0 | BJ10: ='1.1'!BJ10/'1.2.a'!$J$86 -> 0.0059443446 | BK10: ='1.1'!BK10/'1.2.a'!$J$86 -> 0.0070645137 | BL10: ='1.1'!BL10/'1.2.a'!$J$86 -> 0.0050820472 | BM10: ='1.1'!BM10/'1.2.a'!$J$86 -> -0.00011842585 | BN10: ='1.1'!BN10/'1.2.a'!$J$86 -> 0.01797248 | BO10: ='1.1'!BO10/'1.2.a'!$K$86 -> 0.0061753997 | BP10: ='1.1'!BP10/'1.2.a'!$K$86 -> 0 | BQ10: ='1.1'!BQ10/'1.2.a'!$K$86 -> 0 | BR10: ='1.1'!BR10/'1.2.a'!$K$86 -> 0.0061753997 | BS10: ='1.1'!BS10/'1.2.a'!$K$86 -> 0.0066536753 | BT10: ='1.1'!BT10/'1.2.a'!$K$86 -> 0.0051542406 | BU10: ='1.1'!BU10/'1.2.a'!$K$86 -> -0.00010283537 | BV10: ='1.1'!BV10/'1.2.a'!$K$86 -> 0.01788048 | BW10: ='1.1'!BW10/'1.2.a'!$L$86 -> 0.0061741588 | BX10: ='1.1'!BX10/'1.2.a'!$L$86 -> 0 | BY10: ='1.1'!BY10/'1.2.a'!$L$86 -> 0 | BZ10: ='1.1'!BZ10/'1.2.a'!$L$86 -> 0.0061741588 | CA10: ='1.1'!CA10/'1.2.a'!$L$86 -> 0.0066462623 | CB10: ='1.1'!CB10/'1.2.a'!$L$86 -> 0.0052988268 | CC10: ='1.1'!CC10/'1.2.a'!$L$86 -> -7.3076415e-05 | CD10: ='1.1'!CD10/'1.2.a'!$L$86 -> 0.018046172 | CE10: ='1.1'!CE10/'1.2.a'!$M$86 -> 0.0068595432 | CF10: ='1.1'!CF10/'1.2.a'!$M$86 -> 0 | CG10: ='1.1'!CG10/'1.2.a'!$M$86 -> 0 | CH10: ='1.1'!CH10/'1.2.a'!$M$86 -> 0.0068595432 | CI10: ='1.1'!CI10/'1.2.a'!$M$86 -> 0.0058953891 | CJ10: ='1.1'!CJ10/'1.2.a'!$M$86 -> 0.0055850984 | CK10: ='1.1'!CK10/'1.2.a'!$M$86 -> -4.1993867e-05 | CL10: ='1.1'!CL10/'1.2.a'!$M$86 -> 0.018298037 | CM10: ='1.1'!CM10/'1.2.a'!$N$86 -> 0.0056285038 | CN10: ='1.1'!CN10/'1.2.a'!$N$86 -> 0 | CO10: ='1.1'!CO10/'1.2.a'!$N$86 -> 0 | CP10: ='1.1'!CP10/'1.2.a'!$N$86 -> 0.0056285038 | CQ10: ='1.1'!CQ10/'1.2.a'!$N$86 -> 0.011296253 | CR10: ='1.1'!CR10/'1.2.a'!$N$86 -> 0.0052048244 | CS10: ='1.1'!CS10/'1.2.a'!$N$86 -> -0.00018799202 | CT10: ='1.1'!CT10/'1.2.a'!$N$86 -> 0.02194159 | CU10: ='1.1'!CU10/'1.2.a'!$O$86 -> 0.0065925596 | CV10: ='1.1'!CV10/'1.2.a'!$O$86 -> 0 | CW10: ='1.1'!CW10/'1.2.a'!$O$86 -> 0 | CX10: ='1.1'!CX10/'1.2.a'!$O$86 -> 0.0065925596 | CY10: ='1.1'!CY10/'1.2.a'!$O$86 -> 0.010372504 | CZ10: ='1.1'!CZ10/'1.2.a'!$O$86 -> 0.0054645657 | DA10: ='1.1'!DA10/'1.2.a'!$O$86 -> -0.0026011983 | DB10: ='1.1'!DB10/'1.2.a'!$O$86 -> 0.019828431 | DC10: ='1.1'!DC10/'1.2.a'!$P$86 -> 0.008577803 | DD10: ='1.1'!DD10/'1.2.a'!$P$86 -> 0 | DE10: ='1.1'!DE10/'1.2.a'!$P$86 -> 0 | DF10: ='1.1'!DF10/'1.2.a'!$P$86 -> 0.008577803 | DG10: ='1.1'!DG10/'1.2.a'!$P$86 -> 0.0082483564 | DH10: ='1.1'!DH10/'1.2.a'!$P$86 -> 0.0055944501 | DI10: ='1.1'!DI10/'1.2.a'!$P$86 -> -0.00012046589 | DJ10: ='1.1'!DJ10/'1.2.a'!$P$86 -> 0.022300144
A11: 7012 | B11: Ajuda econômica externa | C11: ='1.1'!C11/'1.2.a'!$C$86 -> 4.372526e-05 | D11: ='1.1'!D11/'1.2.a'!$C$86 -> 0 | E11: ='1.1'!E11/'1.2.a'!$C$86 -> 0 | F11: ='1.1'!F11/'1.2.a'!$C$86 -> 4.372526e-05 | G11: ='1.1'!G11/'1.2.a'!$C$86 -> 0 | H11: ='1.1'!H11/'1.2.a'!$C$86 -> 1.6991e-06 | I11: ='1.1'!I11/'1.2.a'!$C$86 -> 0 | J11: ='1.1'!J11/'1.2.a'!$C$86 -> 4.542436e-05 | K11: ='1.1'!K11/'1.2.a'!$D$86 -> 2.7917991e-05 | L11: ='1.1'!L11/'1.2.a'!$D$86 -> 0 | M11: ='1.1'!M11/'1.2.a'!$D$86 -> 0 | N11: ='1.1'!N11/'1.2.a'!$D$86 -> 2.7917991e-05 | O11: ='1.1'!O11/'1.2.a'!$D$86 -> 0 | P11: ='1.1'!P11/'1.2.a'!$D$86 -> 1.266644e-06 | Q11: ='1.1'!Q11/'1.2.a'!$D$86 -> 0 | R11: ='1.1'!R11/'1.2.a'!$D$86 -> 2.9184635e-05 | S11: ='1.1'!S11/'1.2.a'!$E$86 -> 4.8995453e-06 | T11: ='1.1'!T11/'1.2.a'!$E$86 -> 0 | U11: ='1.1'!U11/'1.2.a'!$E$86 -> 0 | V11: ='1.1'!V11/'1.2.a'!$E$86 -> 4.8995453e-06 | W11: ='1.1'!W11/'1.2.a'!$E$86 -> 0 | X11: ='1.1'!X11/'1.2.a'!$E$86 -> 1.2423588e-06 | Y11: ='1.1'!Y11/'1.2.a'!$E$86 -> 0 | Z11: ='1.1'!Z11/'1.2.a'!$E$86 -> 6.1419042e-06 | AA11: ='1.1'!AA11/'1.2.a'!$F$86 -> 5.7210087e-06 | AB11: ='1.1'!AB11/'1.2.a'!$F$86 -> 0 | AC11: ='1.1'!AC11/'1.2.a'!$F$86 -> 0 | AD11: ='1.1'!AD11/'1.2.a'!$F$86 -> 5.7210087e-06 | AE11: ='1.1'!AE11/'1.2.a'!$F$86 -> 0 | AF11: ='1.1'!AF11/'1.2.a'!$F$86 -> 1.0981615e-06 | AG11: ='1.1'!AG11/'1.2.a'!$F$86 -> 0 | AH11: ='1.1'!AH11/'1.2.a'!$F$86 -> 6.8191702e-06 | AI11: ='1.1'!AI11/'1.2.a'!$G$86 -> 3.4608345e-09 | AJ11: ='1.1'!AJ11/'1.2.a'!$G$86 -> 0 | AK11: ='1.1'!AK11/'1.2.a'!$G$86 -> 0 | AL11: ='1.1'!AL11/'1.2.a'!$G$86 -> 3.4608345e-09 | AM11: ='1.1'!AM11/'1.2.a'!$G$86 -> 0 | AN11: ='1.1'!AN11/'1.2.a'!$G$86 -> 9.9634452e-07 | AO11: ='1.1'!AO11/'1.2.a'!$G$86 -> 0 | AP11: ='1.1'!AP11/'1.2.a'!$G$86 -> 9.9980535e-07 | AQ11: ='1.1'!AQ11/'1.2.a'!$H$86 -> 0 | AR11: ='1.1'!AR11/'1.2.a'!$H$86 -> 0 | AS11: ='1.1'!AS11/'1.2.a'!$H$86 -> 0 | AT11: ='1.1'!AT11/'1.2.a'!$H$86 -> 0 | AU11: ='1.1'!AU11/'1.2.a'!$H$86 -> 0 | AV11: ='1.1'!AV11/'1.2.a'!$H$86 -> 1.0952624e-06 | AW11: ='1.1'!AW11/'1.2.a'!$H$86 -> 0 | AX11: ='1.1'!AX11/'1.2.a'!$H$86 -> 1.0952624e-06 | AY11: ='1.1'!AY11/'1.2.a'!$I$86 -> 0 | AZ11: ='1.1'!AZ11/'1.2.a'!$I$86 -> 0 | BA11: ='1.1'!BA11/'1.2.a'!$I$86 -> 0 | BB11: ='1.1'!BB11/'1.2.a'!$I$86 -> 0 | BC11: ='1.1'!BC11/'1.2.a'!$I$86 -> 0 | BD11: ='1.1'!BD11/'1.2.a'!$I$86 -> 1.0953327e-06 | BE11: ='1.1'!BE11/'1.2.a'!$I$86 -> 0 | BF11: ='1.1'!BF11/'1.2.a'!$I$86 -> 1.0953327e-06 | BG11: ='1.1'!BG11/'1.2.a'!$J$86 -> 0 | BH11: ='1.1'!BH11/'1.2.a'!$J$86 -> 0 | BI11: ='1.1'!BI11/'1.2.a'!$J$86 -> 0 | BJ11: ='1.1'!BJ11/'1.2.a'!$J$86 -> 0 | BK11: ='1.1'!BK11/'1.2.a'!$J$86 -> 0 | BL11: ='1.1'!BL11/'1.2.a'!$J$86 -> 3.3067867e-07 | BM11: ='1.1'!BM11/'1.2.a'!$J$86 -> 0 | BN11: ='1.1'!BN11/'1.2.a'!$J$86 -> 3.3067867e-07 | BO11: ='1.1'!BO11/'1.2.a'!$K$86 -> 0 | BP11: ='1.1'!BP11/'1.2.a'!$K$86 -> 0 | BQ11: ='1.1'!BQ11/'1.2.a'!$K$86 -> 0 | BR11: ='1.1'!BR11/'1.2.a'!$K$86 -> 0 | BS11: ='1.1'!BS11/'1.2.a'!$K$86 -> 0 | BT11: ='1.1'!BT11/'1.2.a'!$K$86 -> 1.9303629e-07 | BU11: ='1.1'!BU11/'1.2.a'!$K$86 -> 0 | BV11: ='1.1'!BV11/'1.2.a'!$K$86 -> 1.9303629e-07 | BW11: ='1.1'!BW11/'1.2.a'!$L$86 -> 0 | BX11: ='1.1'!BX11/'1.2.a'!$L$86 -> 0 | BY11: ='1.1'!BY11/'1.2.a'!$L$86 -> 0 | BZ11: ='1.1'!BZ11/'1.2.a'!$L$86 -> 0 | CA11: ='1.1'!CA11/'1.2.a'!$L$86 -> 0 | CB11: ='1.1'!CB11/'1.2.a'!$L$86 -> 0 | CC11: ='1.1'!CC11/'1.2.a'!$L$86 -> 0 | CD11: ='1.1'!CD11/'1.2.a'!$L$86 -> 0 | CE11: ='1.1'!CE11/'1.2.a'!$M$86 -> 0 | CF11: ='1.1'!CF11/'1.2.a'!$M$86 -> 0 | CG11: ='1.1'!CG11/'1.2.a'!$M$86 -> 0 | CH11: ='1.1'!CH11/'1.2.a'!$M$86 -> 0 | CI11: ='1.1'!CI11/'1.2.a'!$M$86 -> 0 | CJ11: ='1.1'!CJ11/'1.2.a'!$M$86 -> 0 | CK11: ='1.1'!CK11/'1.2.a'!$M$86 -> 0 | CL11: ='1.1'!CL11/'1.2.a'!$M$86 -> 0 | CM11: ='1.1'!CM11/'1.2.a'!$N$86 -> 0 | CN11: ='1.1'!CN11/'1.2.a'!$N$86 -> 0 | CO11: ='1.1'!CO11/'1.2.a'!$N$86 -> 0 | CP11: ='1.1'!CP11/'1.2.a'!$N$86 -> 0 | CQ11: ='1.1'!CQ11/'1.2.a'!$N$86 -> 0 | CR11: ='1.1'!CR11/'1.2.a'!$N$86 -> 0 | CS11: ='1.1'!CS11/'1.2.a'!$N$86 -> 0 | CT11: ='1.1'!CT11/'1.2.a'!$N$86 -> 0 | CU11: ='1.1'!CU11/'1.2.a'!$O$86 -> 0 | CV11: ='1.1'!CV11/'1.2.a'!$O$86 -> 0 | CW11: ='1.1'!CW11/'1.2.a'!$O$86 -> 0 | CX11: ='1.1'!CX11/'1.2.a'!$O$86 -> 0 | CY11: ='1.1'!CY11/'1.2.a'!$O$86 -> 0 | CZ11: ='1.1'!CZ11/'1.2.a'!$O$86 -> 0 | DA11: ='1.1'!DA11/'1.2.a'!$O$86 -> 0 | DB11: ='1.1'!DB11/'1.2.a'!$O$86 -> 0 | DC11: ='1.1'!DC11/'1.2.a'!$P$86 -> 0 | DD11: ='1.1'!DD11/'1.2.a'!$P$86 -> 0 | DE11: ='1.1'!DE11/'1.2.a'!$P$86 -> 0 | DF11: ='1.1'!DF11/'1.2.a'!$P$86 -> 0 | DG11: ='1.1'!DG11/'1.2.a'!$P$86 -> 0 | DH11: ='1.1'!DH11/'1.2.a'!$P$86 -> 0 | DI11: ='1.1'!DI11/'1.2.a'!$P$86 -> 0 | DJ11: ='1.1'!DJ11/'1.2.a'!$P$86 -> 0
A12: 7013 | B12: Serviços gerais | C12: ='1.1'!C12/'1.2.a'!$C$86 -> 0.0007794808 | D12: ='1.1'!D12/'1.2.a'!$C$86 -> 0 | E12: ='1.1'!E12/'1.2.a'!$C$86 -> 0 | F12: ='1.1'!F12/'1.2.a'!$C$86 -> 0.0007794808 | G12: ='1.1'!G12/'1.2.a'!$C$86 -> 0.0011061153 | H12: ='1.1'!H12/'1.2.a'!$C$86 -> 0.0070939035 | I12: ='1.1'!I12/'1.2.a'!$C$86 -> -4.5638094e-05 | J12: ='1.1'!J12/'1.2.a'!$C$86 -> 0.0089338615 | K12: ='1.1'!K12/'1.2.a'!$D$86 -> 0.00043338132 | L12: ='1.1'!L12/'1.2.a'!$D$86 -> 0 | M12: ='1.1'!M12/'1.2.a'!$D$86 -> 0 | N12: ='1.1'!N12/'1.2.a'!$D$86 -> 0.00043338132 | O12: ='1.1'!O12/'1.2.a'!$D$86 -> 0.00095431469 | P12: ='1.1'!P12/'1.2.a'!$D$86 -> 0.0072988304 | Q12: ='1.1'!Q12/'1.2.a'!$D$86 -> -2.8882134e-05 | R12: ='1.1'!R12/'1.2.a'!$D$86 -> 0.0086576443 | S12: ='1.1'!S12/'1.2.a'!$E$86 -> 0.00038908271 | T12: ='1.1'!T12/'1.2.a'!$E$86 -> 0 | U12: ='1.1'!U12/'1.2.a'!$E$86 -> 0 | V12: ='1.1'!V12/'1.2.a'!$E$86 -> 0.00038908271 | W12: ='1.1'!W12/'1.2.a'!$E$86 -> 0.0009875808 | X12: ='1.1'!X12/'1.2.a'!$E$86 -> 0.0072395289 | Y12: ='1.1'!Y12/'1.2.a'!$E$86 -> -3.1102739e-05 | Z12: ='1.1'!Z12/'1.2.a'!$E$86 -> 0.0085850897 | AA12: ='1.1'!AA12/'1.2.a'!$F$86 -> 0.00036921577 | AB12: ='1.1'!AB12/'1.2.a'!$F$86 -> 0 | AC12: ='1.1'!AC12/'1.2.a'!$F$86 -> 0 | AD12: ='1.1'!AD12/'1.2.a'!$F$86 -> 0.00036921577 | AE12: ='1.1'!AE12/'1.2.a'!$F$86 -> 0.0010580662 | AF12: ='1.1'!AF12/'1.2.a'!$F$86 -> 0.0067258257 | AG12: ='1.1'!AG12/'1.2.a'!$F$86 -> -3.1166571e-05 | AH12: ='1.1'!AH12/'1.2.a'!$F$86 -> 0.0081219411 | AI12: ='1.1'!AI12/'1.2.a'!$G$86 -> 0.00032352738 | AJ12: ='1.1'!AJ12/'1.2.a'!$G$86 -> 0 | AK12: ='1.1'!AK12/'1.2.a'!$G$86 -> 0 | AL12: ='1.1'!AL12/'1.2.a'!$G$86 -> 0.00032352738 | AM12: ='1.1'!AM12/'1.2.a'!$G$86 -> 0.0010090356 | AN12: ='1.1'!AN12/'1.2.a'!$G$86 -> 0.0068168655 | AO12: ='1.1'!AO12/'1.2.a'!$G$86 -> -7.6369608e-05 | AP12: ='1.1'!AP12/'1.2.a'!$G$86 -> 0.0080730589 | AQ12: ='1.1'!AQ12/'1.2.a'!$H$86 -> 0.00032348069 | AR12: ='1.1'!AR12/'1.2.a'!$H$86 -> 0 | AS12: ='1.1'!AS12/'1.2.a'!$H$86 -> 0 | AT12: ='1.1'!AT12/'1.2.a'!$H$86 -> 0.00032348069 | AU12: ='1.1'!AU12/'1.2.a'!$H$86 -> 0.00084815127 | AV12: ='1.1'!AV12/'1.2.a'!$H$86 -> 0.0067754207 | AW12: ='1.1'!AW12/'1.2.a'!$H$86 -> -3.7179464e-05 | AX12: ='1.1'!AX12/'1.2.a'!$H$86 -> 0.0079098732 | AY12: ='1.1'!AY12/'1.2.a'!$I$86 -> 0.00030622703 | AZ12: ='1.1'!AZ12/'1.2.a'!$I$86 -> 0 | BA12: ='1.1'!BA12/'1.2.a'!$I$86 -> 0 | BB12: ='1.1'!BB12/'1.2.a'!$I$86 -> 0.00030622703 | BC12: ='1.1'!BC12/'1.2.a'!$I$86 -> 0.00042856398 | BD12: ='1.1'!BD12/'1.2.a'!$I$86 -> 0.0067808919 | BE12: ='1.1'!BE12/'1.2.a'!$I$86 -> -2.3823547e-05 | BF12: ='1.1'!BF12/'1.2.a'!$I$86 -> 0.0074918594 | BG12: ='1.1'!BG12/'1.2.a'!$J$86 -> 0.0003534324 | BH12: ='1.1'!BH12/'1.2.a'!$J$86 -> 0 | BI12: ='1.1'!BI12/'1.2.a'!$J$86 -> 0 | BJ12: ='1.1'!BJ12/'1.2.a'!$J$86 -> 0.0003534324 | BK12: ='1.1'!BK12/'1.2.a'!$J$86 -> 0.00044017085 | BL12: ='1.1'!BL12/'1.2.a'!$J$86 -> 0.0062553821 | BM12: ='1.1'!BM12/'1.2.a'!$J$86 -> -3.2988401e-05 | BN12: ='1.1'!BN12/'1.2.a'!$J$86 -> 0.007015997 | BO12: ='1.1'!BO12/'1.2.a'!$K$86 -> 0.00035151936 | BP12: ='1.1'!BP12/'1.2.a'!$K$86 -> 0 | BQ12: ='1.1'!BQ12/'1.2.a'!$K$86 -> 0 | BR12: ='1.1'!BR12/'1.2.a'!$K$86 -> 0.00035151936 | BS12: ='1.1'!BS12/'1.2.a'!$K$86 -> 0.00043884408 | BT12: ='1.1'!BT12/'1.2.a'!$K$86 -> 0.0066028346 | BU12: ='1.1'!BU12/'1.2.a'!$K$86 -> -1.9377116e-05 | BV12: ='1.1'!BV12/'1.2.a'!$K$86 -> 0.0073738209 | BW12: ='1.1'!BW12/'1.2.a'!$L$86 -> 0.0002747106 | BX12: ='1.1'!BX12/'1.2.a'!$L$86 -> 0 | BY12: ='1.1'!BY12/'1.2.a'!$L$86 -> 0 | BZ12: ='1.1'!BZ12/'1.2.a'!$L$86 -> 0.0002747106 | CA12: ='1.1'!CA12/'1.2.a'!$L$86 -> 0.00043225455 | CB12: ='1.1'!CB12/'1.2.a'!$L$86 -> 0.0076185151 | CC12: ='1.1'!CC12/'1.2.a'!$L$86 -> -1.5577116e-05 | CD12: ='1.1'!CD12/'1.2.a'!$L$86 -> 0.0083099032 | CE12: ='1.1'!CE12/'1.2.a'!$M$86 -> 0.00025935999 | CF12: ='1.1'!CF12/'1.2.a'!$M$86 -> 0 | CG12: ='1.1'!CG12/'1.2.a'!$M$86 -> 0 | CH12: ='1.1'!CH12/'1.2.a'!$M$86 -> 0.00025935999 | CI12: ='1.1'!CI12/'1.2.a'!$M$86 -> 0.0004280932 | CJ12: ='1.1'!CJ12/'1.2.a'!$M$86 -> 0.0077781986 | CK12: ='1.1'!CK12/'1.2.a'!$M$86 -> -1.905355e-05 | CL12: ='1.1'!CL12/'1.2.a'!$M$86 -> 0.0084465983 | CM12: ='1.1'!CM12/'1.2.a'!$N$86 -> 0.0002159449 | CN12: ='1.1'!CN12/'1.2.a'!$N$86 -> 0 | CO12: ='1.1'!CO12/'1.2.a'!$N$86 -> 0 | CP12: ='1.1'!CP12/'1.2.a'!$N$86 -> 0.0002159449 | CQ12: ='1.1'!CQ12/'1.2.a'!$N$86 -> 0.00046225834 | CR12: ='1.1'!CR12/'1.2.a'!$N$86 -> 0.0070636939 | CS12: ='1.1'!CS12/'1.2.a'!$N$86 -> -1.7468755e-05 | CT12: ='1.1'!CT12/'1.2.a'!$N$86 -> 0.0077244284 | CU12: ='1.1'!CU12/'1.2.a'!$O$86 -> 0.00034735566 | CV12: ='1.1'!CV12/'1.2.a'!$O$86 -> 0 | CW12: ='1.1'!CW12/'1.2.a'!$O$86 -> 0 | CX12: ='1.1'!CX12/'1.2.a'!$O$86 -> 0.00034735566 | CY12: ='1.1'!CY12/'1.2.a'!$O$86 -> 0.00047148575 | CZ12: ='1.1'!CZ12/'1.2.a'!$O$86 -> 0.0076103798 | DA12: ='1.1'!DA12/'1.2.a'!$O$86 -> -1.6670655e-05 | DB12: ='1.1'!DB12/'1.2.a'!$O$86 -> 0.0084125506 | DC12: ='1.1'!DC12/'1.2.a'!$P$86 -> 0.00046406061 | DD12: ='1.1'!DD12/'1.2.a'!$P$86 -> 0 | DE12: ='1.1'!DE12/'1.2.a'!$P$86 -> 0 | DF12: ='1.1'!DF12/'1.2.a'!$P$86 -> 0.00046406061 | DG12: ='1.1'!DG12/'1.2.a'!$P$86 -> 0.00053026842 | DH12: ='1.1'!DH12/'1.2.a'!$P$86 -> 0.0075480576 | DI12: ='1.1'!DI12/'1.2.a'!$P$86 -> -1.5695126e-05 | DJ12: ='1.1'!DJ12/'1.2.a'!$P$86 -> 0.0085266915
A13: 7014 | B13: Pesquisa básica | C13: ='1.1'!C13/'1.2.a'!$C$86 -> 0.0003014511 | D13: ='1.1'!D13/'1.2.a'!$C$86 -> 0 | E13: ='1.1'!E13/'1.2.a'!$C$86 -> 0 | F13: ='1.1'!F13/'1.2.a'!$C$86 -> 0.0003014511 | G13: ='1.1'!G13/'1.2.a'!$C$86 -> 0 | H13: ='1.1'!H13/'1.2.a'!$C$86 -> 1.5929246e-05 | I13: ='1.1'!I13/'1.2.a'!$C$86 -> -3.1988609e-05 | J13: ='1.1'!J13/'1.2.a'!$C$86 -> 0.00028539174 | K13: ='1.1'!K13/'1.2.a'!$D$86 -> 0.00025340965 | L13: ='1.1'!L13/'1.2.a'!$D$86 -> 0 | M13: ='1.1'!M13/'1.2.a'!$D$86 -> 0 | N13: ='1.1'!N13/'1.2.a'!$D$86 -> 0.00025340965 | O13: ='1.1'!O13/'1.2.a'!$D$86 -> 0 | P13: ='1.1'!P13/'1.2.a'!$D$86 -> 5.2298391e-06 | Q13: ='1.1'!Q13/'1.2.a'!$D$86 -> -9.7259719e-06 | R13: ='1.1'!R13/'1.2.a'!$D$86 -> 0.00024891352 | S13: ='1.1'!S13/'1.2.a'!$E$86 -> 0.00030091671 | T13: ='1.1'!T13/'1.2.a'!$E$86 -> 0 | U13: ='1.1'!U13/'1.2.a'!$E$86 -> 0 | V13: ='1.1'!V13/'1.2.a'!$E$86 -> 0.00030091671 | W13: ='1.1'!W13/'1.2.a'!$E$86 -> 0 | X13: ='1.1'!X13/'1.2.a'!$E$86 -> 1.7257198e-05 | Y13: ='1.1'!Y13/'1.2.a'!$E$86 -> -1.0252644e-05 | Z13: ='1.1'!Z13/'1.2.a'!$E$86 -> 0.00030792127 | AA13: ='1.1'!AA13/'1.2.a'!$F$86 -> 0.00025004792 | AB13: ='1.1'!AB13/'1.2.a'!$F$86 -> 0 | AC13: ='1.1'!AC13/'1.2.a'!$F$86 -> 0 | AD13: ='1.1'!AD13/'1.2.a'!$F$86 -> 0.00025004792 | AE13: ='1.1'!AE13/'1.2.a'!$F$86 -> 0 | AF13: ='1.1'!AF13/'1.2.a'!$F$86 -> 6.7030174e-06 | AG13: ='1.1'!AG13/'1.2.a'!$F$86 -> -1.2704158e-05 | AH13: ='1.1'!AH13/'1.2.a'!$F$86 -> 0.00024404678 | AI13: ='1.1'!AI13/'1.2.a'!$G$86 -> 0.00032207765 | AJ13: ='1.1'!AJ13/'1.2.a'!$G$86 -> 0 | AK13: ='1.1'!AK13/'1.2.a'!$G$86 -> 0 | AL13: ='1.1'!AL13/'1.2.a'!$G$86 -> 0.00032207765 | AM13: ='1.1'!AM13/'1.2.a'!$G$86 -> 0 | AN13: ='1.1'!AN13/'1.2.a'!$G$86 -> 1.8635238e-05 | AO13: ='1.1'!AO13/'1.2.a'!$G$86 -> -1.0539253e-05 | AP13: ='1.1'!AP13/'1.2.a'!$G$86 -> 0.00033017363 | AQ13: ='1.1'!AQ13/'1.2.a'!$H$86 -> 0.00026947455 | AR13: ='1.1'!AR13/'1.2.a'!$H$86 -> 0 | AS13: ='1.1'!AS13/'1.2.a'!$H$86 -> 0 | AT13: ='1.1'!AT13/'1.2.a'!$H$86 -> 0.00026947455 | AU13: ='1.1'!AU13/'1.2.a'!$H$86 -> 0 | AV13: ='1.1'!AV13/'1.2.a'!$H$86 -> 2.282409e-05 | AW13: ='1.1'!AW13/'1.2.a'!$H$86 -> -8.9138691e-06 | AX13: ='1.1'!AX13/'1.2.a'!$H$86 -> 0.00028338477 | AY13: ='1.1'!AY13/'1.2.a'!$I$86 -> 0.00026442857 | AZ13: ='1.1'!AZ13/'1.2.a'!$I$86 -> 0 | BA13: ='1.1'!BA13/'1.2.a'!$I$86 -> 0 | BB13: ='1.1'!BB13/'1.2.a'!$I$86 -> 0.00026442857 | BC13: ='1.1'!BC13/'1.2.a'!$I$86 -> 0 | BD13: ='1.1'!BD13/'1.2.a'!$I$86 -> 1.1719394e-05 | BE13: ='1.1'!BE13/'1.2.a'!$I$86 -> -8.2582992e-06 | BF13: ='1.1'!BF13/'1.2.a'!$I$86 -> 0.00026788966 | BG13: ='1.1'!BG13/'1.2.a'!$J$86 -> 0.00021305765 | BH13: ='1.1'!BH13/'1.2.a'!$J$86 -> 0 | BI13: ='1.1'!BI13/'1.2.a'!$J$86 -> 0 | BJ13: ='1.1'!BJ13/'1.2.a'!$J$86 -> 0.00021305765 | BK13: ='1.1'!BK13/'1.2.a'!$J$86 -> 0 | BL13: ='1.1'!BL13/'1.2.a'!$J$86 -> 1.3379728e-05 | BM13: ='1.1'!BM13/'1.2.a'!$J$86 -> -3.0703633e-06 | BN13: ='1.1'!BN13/'1.2.a'!$J$86 -> 0.00022336702 | BO13: ='1.1'!BO13/'1.2.a'!$K$86 -> 0.00018553721 | BP13: ='1.1'!BP13/'1.2.a'!$K$86 -> 0 | BQ13: ='1.1'!BQ13/'1.2.a'!$K$86 -> 0 | BR13: ='1.1'!BR13/'1.2.a'!$K$86 -> 0.00018553721 | BS13: ='1.1'!BS13/'1.2.a'!$K$86 -> 0 | BT13: ='1.1'!BT13/'1.2.a'!$K$86 -> 1.7719711e-05 | BU13: ='1.1'!BU13/'1.2.a'!$K$86 -> -3.1429363e-06 | BV13: ='1.1'!BV13/'1.2.a'!$K$86 -> 0.00020011398 | BW13: ='1.1'!BW13/'1.2.a'!$L$86 -> 0.00018934787 | BX13: ='1.1'!BX13/'1.2.a'!$L$86 -> 0 | BY13: ='1.1'!BY13/'1.2.a'!$L$86 -> 0 | BZ13: ='1.1'!BZ13/'1.2.a'!$L$86 -> 0.00018934787 | CA13: ='1.1'!CA13/'1.2.a'!$L$86 -> 0 | CB13: ='1.1'!CB13/'1.2.a'!$L$86 -> 2.580082e-05 | CC13: ='1.1'!CC13/'1.2.a'!$L$86 -> -2.399658e-06 | CD13: ='1.1'!CD13/'1.2.a'!$L$86 -> 0.00021274904 | CE13: ='1.1'!CE13/'1.2.a'!$M$86 -> 0.00015320414 | CF13: ='1.1'!CF13/'1.2.a'!$M$86 -> 0 | CG13: ='1.1'!CG13/'1.2.a'!$M$86 -> 0 | CH13: ='1.1'!CH13/'1.2.a'!$M$86 -> 0.00015320414 | CI13: ='1.1'!CI13/'1.2.a'!$M$86 -> 0 | CJ13: ='1.1'!CJ13/'1.2.a'!$M$86 -> 2.7691649e-05 | CK13: ='1.1'!CK13/'1.2.a'!$M$86 -> -2.1031012e-06 | CL13: ='1.1'!CL13/'1.2.a'!$M$86 -> 0.00017879269 | CM13: ='1.1'!CM13/'1.2.a'!$N$86 -> 0.00015975714 | CN13: ='1.1'!CN13/'1.2.a'!$N$86 -> 0 | CO13: ='1.1'!CO13/'1.2.a'!$N$86 -> 0 | CP13: ='1.1'!CP13/'1.2.a'!$N$86 -> 0.00015975714 | CQ13: ='1.1'!CQ13/'1.2.a'!$N$86 -> 0 | CR13: ='1.1'!CR13/'1.2.a'!$N$86 -> 2.5913976e-05 | CS13: ='1.1'!CS13/'1.2.a'!$N$86 -> -1.6819076e-06 | CT13: ='1.1'!CT13/'1.2.a'!$N$86 -> 0.00018398921 | CU13: ='1.1'!CU13/'1.2.a'!$O$86 -> 0.00023329534 | CV13: ='1.1'!CV13/'1.2.a'!$O$86 -> 0 | CW13: ='1.1'!CW13/'1.2.a'!$O$86 -> 0 | CX13: ='1.1'!CX13/'1.2.a'!$O$86 -> 0.00023329534 | CY13: ='1.1'!CY13/'1.2.a'!$O$86 -> 0 | CZ13: ='1.1'!CZ13/'1.2.a'!$O$86 -> 6.3474279e-05 | DA13: ='1.1'!DA13/'1.2.a'!$O$86 -> -4.3917428e-06 | DB13: ='1.1'!DB13/'1.2.a'!$O$86 -> 0.00029237788 | DC13: ='1.1'!DC13/'1.2.a'!$P$86 -> 0.00026844663 | DD13: ='1.1'!DD13/'1.2.a'!$P$86 -> 0 | DE13: ='1.1'!DE13/'1.2.a'!$P$86 -> 0 | DF13: ='1.1'!DF13/'1.2.a'!$P$86 -> 0.00026844663 | DG13: ='1.1'!DG13/'1.2.a'!$P$86 -> 0 | DH13: ='1.1'!DH13/'1.2.a'!$P$86 -> 7.2573885e-05 | DI13: ='1.1'!DI13/'1.2.a'!$P$86 -> -4.0748641e-06 | DJ13: ='1.1'!DJ13/'1.2.a'!$P$86 -> 0.00033694565
A14: 7015 | B14: Pesquisa e desenvolvimento de serviços públicos gerais | C14: ='1.1'!C14/'1.2.a'!$C$86 -> 7.6442737e-06 | D14: ='1.1'!D14/'1.2.a'!$C$86 -> 0 | E14: ='1.1'!E14/'1.2.a'!$C$86 -> 0 | F14: ='1.1'!F14/'1.2.a'!$C$86 -> 7.6442737e-06 | G14: ='1.1'!G14/'1.2.a'!$C$86 -> 1.5886403e-05 | H14: ='1.1'!H14/'1.2.a'!$C$86 -> 0 | I14: ='1.1'!I14/'1.2.a'!$C$86 -> -5.7761931e-08 | J14: ='1.1'!J14/'1.2.a'!$C$86 -> 2.3472914e-05 | K14: ='1.1'!K14/'1.2.a'!$D$86 -> 5.4195992e-06 | L14: ='1.1'!L14/'1.2.a'!$D$86 -> 0 | M14: ='1.1'!M14/'1.2.a'!$D$86 -> 0 | N14: ='1.1'!N14/'1.2.a'!$D$86 -> 5.4195992e-06 | O14: ='1.1'!O14/'1.2.a'!$D$86 -> 1.5138292e-05 | P14: ='1.1'!P14/'1.2.a'!$D$86 -> 0 | Q14: ='1.1'!Q14/'1.2.a'!$D$86 -> -5.8089975e-08 | R14: ='1.1'!R14/'1.2.a'!$D$86 -> 2.0499801e-05 | S14: ='1.1'!S14/'1.2.a'!$E$86 -> 5.7787437e-06 | T14: ='1.1'!T14/'1.2.a'!$E$86 -> 0 | U14: ='1.1'!U14/'1.2.a'!$E$86 -> 0 | V14: ='1.1'!V14/'1.2.a'!$E$86 -> 5.7787437e-06 | W14: ='1.1'!W14/'1.2.a'!$E$86 -> 1.6391685e-05 | X14: ='1.1'!X14/'1.2.a'!$E$86 -> 0 | Y14: ='1.1'!Y14/'1.2.a'!$E$86 -> -5.6928323e-08 | Z14: ='1.1'!Z14/'1.2.a'!$E$86 -> 2.21135e-05 | AA14: ='1.1'!AA14/'1.2.a'!$F$86 -> 8.6266734e-06 | AB14: ='1.1'!AB14/'1.2.a'!$F$86 -> 0 | AC14: ='1.1'!AC14/'1.2.a'!$F$86 -> 0 | AD14: ='1.1'!AD14/'1.2.a'!$F$86 -> 8.6266734e-06 | AE14: ='1.1'!AE14/'1.2.a'!$F$86 -> 1.6789001e-05 | AF14: ='1.1'!AF14/'1.2.a'!$F$86 -> 0 | AG14: ='1.1'!AG14/'1.2.a'!$F$86 -> -9.9036737e-07 | AH14: ='1.1'!AH14/'1.2.a'!$F$86 -> 2.4425307e-05 | AI14: ='1.1'!AI14/'1.2.a'!$G$86 -> 6.637192e-06 | AJ14: ='1.1'!AJ14/'1.2.a'!$G$86 -> 0 | AK14: ='1.1'!AK14/'1.2.a'!$G$86 -> 0 | AL14: ='1.1'!AL14/'1.2.a'!$G$86 -> 6.637192e-06 | AM14: ='1.1'!AM14/'1.2.a'!$G$86 -> 1.6447997e-05 | AN14: ='1.1'!AN14/'1.2.a'!$G$86 -> 1.4177213e-08 | AO14: ='1.1'!AO14/'1.2.a'!$G$86 -> -3.2553811e-08 | AP14: ='1.1'!AP14/'1.2.a'!$G$86 -> 2.3066812e-05 | AQ14: ='1.1'!AQ14/'1.2.a'!$H$86 -> 8.439247e-06 | AR14: ='1.1'!AR14/'1.2.a'!$H$86 -> 0 | AS14: ='1.1'!AS14/'1.2.a'!$H$86 -> 0 | AT14: ='1.1'!AT14/'1.2.a'!$H$86 -> 8.439247e-06 | AU14: ='1.1'!AU14/'1.2.a'!$H$86 -> 1.3836112e-05 | AV14: ='1.1'!AV14/'1.2.a'!$H$86 -> 2.6696192e-08 | AW14: ='1.1'!AW14/'1.2.a'!$H$86 -> -1.3670756e-08 | AX14: ='1.1'!AX14/'1.2.a'!$H$86 -> 2.2288384e-05 | AY14: ='1.1'!AY14/'1.2.a'!$I$86 -> 5.3222815e-06 | AZ14: ='1.1'!AZ14/'1.2.a'!$I$86 -> 0 | BA14: ='1.1'!BA14/'1.2.a'!$I$86 -> 0 | BB14: ='1.1'!BB14/'1.2.a'!$I$86 -> 5.3222815e-06 | BC14: ='1.1'!BC14/'1.2.a'!$I$86 -> 1.3718273e-06 | BD14: ='1.1'!BD14/'1.2.a'!$I$86 -> 2.0587051e-08 | BE14: ='1.1'!BE14/'1.2.a'!$I$86 -> -5.8387152e-08 | BF14: ='1.1'!BF14/'1.2.a'!$I$86 -> 6.6563086e-06 | BG14: ='1.1'!BG14/'1.2.a'!$J$86 -> 5.389747e-06 | BH14: ='1.1'!BH14/'1.2.a'!$J$86 -> 0 | BI14: ='1.1'!BI14/'1.2.a'!$J$86 -> 0 | BJ14: ='1.1'!BJ14/'1.2.a'!$J$86 -> 5.389747e-06 | BK14: ='1.1'!BK14/'1.2.a'!$J$86 -> 6.6629004e-07 | BL14: ='1.1'!BL14/'1.2.a'!$J$86 -> 1.2807448e-08 | BM14: ='1.1'!BM14/'1.2.a'!$J$86 -> -5.5002223e-08 | BN14: ='1.1'!BN14/'1.2.a'!$J$86 -> 6.0138422e-06 | BO14: ='1.1'!BO14/'1.2.a'!$K$86 -> 4.6143836e-06 | BP14: ='1.1'!BP14/'1.2.a'!$K$86 -> 0 | BQ14: ='1.1'!BQ14/'1.2.a'!$K$86 -> 0 | BR14: ='1.1'!BR14/'1.2.a'!$K$86 -> 4.6143836e-06 | BS14: ='1.1'!BS14/'1.2.a'!$K$86 -> 7.2730477e-07 | BT14: ='1.1'!BT14/'1.2.a'!$K$86 -> 2.0987806e-08 | BU14: ='1.1'!BU14/'1.2.a'!$K$86 -> -3.5966081e-08 | BV14: ='1.1'!BV14/'1.2.a'!$K$86 -> 5.3267101e-06 | BW14: ='1.1'!BW14/'1.2.a'!$L$86 -> 3.4962606e-06 | BX14: ='1.1'!BX14/'1.2.a'!$L$86 -> 0 | BY14: ='1.1'!BY14/'1.2.a'!$L$86 -> 0 | BZ14: ='1.1'!BZ14/'1.2.a'!$L$86 -> 3.4962606e-06 | CA14: ='1.1'!CA14/'1.2.a'!$L$86 -> 7.2612339e-07 | CB14: ='1.1'!CB14/'1.2.a'!$L$86 -> 1.3992607e-08 | CC14: ='1.1'!CC14/'1.2.a'!$L$86 -> -2.1471311e-08 | CD14: ='1.1'!CD14/'1.2.a'!$L$86 -> 4.2149053e-06 | CE14: ='1.1'!CE14/'1.2.a'!$M$86 -> 2.8809716e-06 | CF14: ='1.1'!CF14/'1.2.a'!$M$86 -> 0 | CG14: ='1.1'!CG14/'1.2.a'!$M$86 -> 0 | CH14: ='1.1'!CH14/'1.2.a'!$M$86 -> 2.8809716e-06 | CI14: ='1.1'!CI14/'1.2.a'!$M$86 -> 1.9679442e-06 | CJ14: ='1.1'!CJ14/'1.2.a'!$M$86 -> 1.8233718e-08 | CK14: ='1.1'!CK14/'1.2.a'!$M$86 -> -1.3981871e-08 | CL14: ='1.1'!CL14/'1.2.a'!$M$86 -> 4.8531677e-06 | CM14: ='1.1'!CM14/'1.2.a'!$N$86 -> 2.5254464e-06 | CN14: ='1.1'!CN14/'1.2.a'!$N$86 -> 0 | CO14: ='1.1'!CO14/'1.2.a'!$N$86 -> 0 | CP14: ='1.1'!CP14/'1.2.a'!$N$86 -> 2.5254464e-06 | CQ14: ='1.1'!CQ14/'1.2.a'!$N$86 -> 8.4926082e-06 | CR14: ='1.1'!CR14/'1.2.a'!$N$86 -> 1.6969576e-08 | CS14: ='1.1'!CS14/'1.2.a'!$N$86 -> 0 | CT14: ='1.1'!CT14/'1.2.a'!$N$86 -> 1.1035024e-05 | CU14: ='1.1'!CU14/'1.2.a'!$O$86 -> 2.3272973e-06 | CV14: ='1.1'!CV14/'1.2.a'!$O$86 -> 0 | CW14: ='1.1'!CW14/'1.2.a'!$O$86 -> 0 | CX14: ='1.1'!CX14/'1.2.a'!$O$86 -> 2.3272973e-06 | CY14: ='1.1'!CY14/'1.2.a'!$O$86 -> 1.047154e-06 | CZ14: ='1.1'!CZ14/'1.2.a'!$O$86 -> 4.468637e-08 | DA14: ='1.1'!DA14/'1.2.a'!$O$86 -> 0 | DB14: ='1.1'!DB14/'1.2.a'!$O$86 -> 3.4191377e-06 | DC14: ='1.1'!DC14/'1.2.a'!$P$86 -> 2.8717349e-06 | DD14: ='1.1'!DD14/'1.2.a'!$P$86 -> 0 | DE14: ='1.1'!DE14/'1.2.a'!$P$86 -> 0 | DF14: ='1.1'!DF14/'1.2.a'!$P$86 -> 2.8717349e-06 | DG14: ='1.1'!DG14/'1.2.a'!$P$86 -> 1.1399378e-06 | DH14: ='1.1'!DH14/'1.2.a'!$P$86 -> 5.6849832e-08 | DI14: ='1.1'!DI14/'1.2.a'!$P$86 -> -1.6587387e-09 | DJ14: ='1.1'!DJ14/'1.2.a'!$P$86 -> 4.0668638e-06
A15: 7016 | B15: Serviços públicos gerais não especificados | C15: ='1.1'!C15/'1.2.a'!$C$86 -> 0.0011697553 | D15: ='1.1'!D15/'1.2.a'!$C$86 -> 0 | E15: ='1.1'!E15/'1.2.a'!$C$86 -> 0 | F15: ='1.1'!F15/'1.2.a'!$C$86 -> 0.0011697553 | G15: ='1.1'!G15/'1.2.a'!$C$86 -> 0 | H15: ='1.1'!H15/'1.2.a'!$C$86 -> 7.8424564e-05 | I15: ='1.1'!I15/'1.2.a'!$C$86 -> -4.1847688e-05 | J15: ='1.1'!J15/'1.2.a'!$C$86 -> 0.0012063321 | K15: ='1.1'!K15/'1.2.a'!$D$86 -> 0.0009466223 | L15: ='1.1'!L15/'1.2.a'!$D$86 -> 0 | M15: ='1.1'!M15/'1.2.a'!$D$86 -> 0 | N15: ='1.1'!N15/'1.2.a'!$D$86 -> 0.0009466223 | O15: ='1.1'!O15/'1.2.a'!$D$86 -> 0 | P15: ='1.1'!P15/'1.2.a'!$D$86 -> 4.3544177e-05 | Q15: ='1.1'!Q15/'1.2.a'!$D$86 -> -2.2637631e-05 | R15: ='1.1'!R15/'1.2.a'!$D$86 -> 0.00096752885 | S15: ='1.1'!S15/'1.2.a'!$E$86 -> 0.0010038929 | T15: ='1.1'!T15/'1.2.a'!$E$86 -> 0 | U15: ='1.1'!U15/'1.2.a'!$E$86 -> 0 | V15: ='1.1'!V15/'1.2.a'!$E$86 -> 0.0010038929 | W15: ='1.1'!W15/'1.2.a'!$E$86 -> 0 | X15: ='1.1'!X15/'1.2.a'!$E$86 -> 7.173648e-05 | Y15: ='1.1'!Y15/'1.2.a'!$E$86 -> -1.9299452e-05 | Z15: ='1.1'!Z15/'1.2.a'!$E$86 -> 0.0010563299 | AA15: ='1.1'!AA15/'1.2.a'!$F$86 -> 0.00082591877 | AB15: ='1.1'!AB15/'1.2.a'!$F$86 -> 0 | AC15: ='1.1'!AC15/'1.2.a'!$F$86 -> 0 | AD15: ='1.1'!AD15/'1.2.a'!$F$86 -> 0.00082591877 | AE15: ='1.1'!AE15/'1.2.a'!$F$86 -> 0 | AF15: ='1.1'!AF15/'1.2.a'!$F$86 -> 9.5746662e-05 | AG15: ='1.1'!AG15/'1.2.a'!$F$86 -> -3.883035e-05 | AH15: ='1.1'!AH15/'1.2.a'!$F$86 -> 0.00088283508 | AI15: ='1.1'!AI15/'1.2.a'!$G$86 -> 0.00091701637 | AJ15: ='1.1'!AJ15/'1.2.a'!$G$86 -> 0 | AK15: ='1.1'!AK15/'1.2.a'!$G$86 -> 0 | AL15: ='1.1'!AL15/'1.2.a'!$G$86 -> 0.00091701637 | AM15: ='1.1'!AM15/'1.2.a'!$G$86 -> 0 | AN15: ='1.1'!AN15/'1.2.a'!$G$86 -> 9.1725693e-05 | AO15: ='1.1'!AO15/'1.2.a'!$G$86 -> -3.3102218e-05 | AP15: ='1.1'!AP15/'1.2.a'!$G$86 -> 0.00097563984 | AQ15: ='1.1'!AQ15/'1.2.a'!$H$86 -> 0.00093191615 | AR15: ='1.1'!AR15/'1.2.a'!$H$86 -> 0 | AS15: ='1.1'!AS15/'1.2.a'!$H$86 -> 0 | AT15: ='1.1'!AT15/'1.2.a'!$H$86 -> 0.00093191615 | AU15: ='1.1'!AU15/'1.2.a'!$H$86 -> 0 | AV15: ='1.1'!AV15/'1.2.a'!$H$86 -> 0.00011001316 | AW15: ='1.1'!AW15/'1.2.a'!$H$86 -> -4.3880178e-05 | AX15: ='1.1'!AX15/'1.2.a'!$H$86 -> 0.00099804913 | AY15: ='1.1'!AY15/'1.2.a'!$I$86 -> 0.0010768705 | AZ15: ='1.1'!AZ15/'1.2.a'!$I$86 -> 0 | BA15: ='1.1'!BA15/'1.2.a'!$I$86 -> 0 | BB15: ='1.1'!BB15/'1.2.a'!$I$86 -> 0.0010768705 | BC15: ='1.1'!BC15/'1.2.a'!$I$86 -> 1.1849074e-12 | BD15: ='1.1'!BD15/'1.2.a'!$I$86 -> 0.00012010753 | BE15: ='1.1'!BE15/'1.2.a'!$I$86 -> -5.0930491e-05 | BF15: ='1.1'!BF15/'1.2.a'!$I$86 -> 0.0011460475 | BG15: ='1.1'!BG15/'1.2.a'!$J$86 -> 0.00094984364 | BH15: ='1.1'!BH15/'1.2.a'!$J$86 -> 0 | BI15: ='1.1'!BI15/'1.2.a'!$J$86 -> 0 | BJ15: ='1.1'!BJ15/'1.2.a'!$J$86 -> 0.00094984364 | BK15: ='1.1'!BK15/'1.2.a'!$J$86 -> 8.1985557e-12 | BL15: ='1.1'!BL15/'1.2.a'!$J$86 -> 0.00010409213 | BM15: ='1.1'!BM15/'1.2.a'!$J$86 -> -4.2701607e-05 | BN15: ='1.1'!BN15/'1.2.a'!$J$86 -> 0.0010112342 | BO15: ='1.1'!BO15/'1.2.a'!$K$86 -> 0.0012899856 | BP15: ='1.1'!BP15/'1.2.a'!$K$86 -> 0 | BQ15: ='1.1'!BQ15/'1.2.a'!$K$86 -> 0 | BR15: ='1.1'!BR15/'1.2.a'!$K$86 -> 0.0012899856 | BS15: ='1.1'!BS15/'1.2.a'!$K$86 -> 7.3467745e-12 | BT15: ='1.1'!BT15/'1.2.a'!$K$86 -> 9.899823e-05 | BU15: ='1.1'!BU15/'1.2.a'!$K$86 -> -3.1354629e-05 | BV15: ='1.1'!BV15/'1.2.a'!$K$86 -> 0.0013576292 | BW15: ='1.1'!BW15/'1.2.a'!$L$86 -> 0.00096222087 | BX15: ='1.1'!BX15/'1.2.a'!$L$86 -> 0 | BY15: ='1.1'!BY15/'1.2.a'!$L$86 -> 0 | BZ15: ='1.1'!BZ15/'1.2.a'!$L$86 -> 0.00096222087 | CA15: ='1.1'!CA15/'1.2.a'!$L$86 -> 8.3010945e-12 | CB15: ='1.1'!CB15/'1.2.a'!$L$86 -> 0.0001278953 | CC15: ='1.1'!CC15/'1.2.a'!$L$86 -> -2.8138483e-05 | CD15: ='1.1'!CD15/'1.2.a'!$L$86 -> 0.0010619777 | CE15: ='1.1'!CE15/'1.2.a'!$M$86 -> 0.0012532791 | CF15: ='1.1'!CF15/'1.2.a'!$M$86 -> 0 | CG15: ='1.1'!CG15/'1.2.a'!$M$86 -> 0 | CH15: ='1.1'!CH15/'1.2.a'!$M$86 -> 0.0012532791 | CI15: ='1.1'!CI15/'1.2.a'!$M$86 -> 0 | CJ15: ='1.1'!CJ15/'1.2.a'!$M$86 -> 0.00014416169 | CK15: ='1.1'!CK15/'1.2.a'!$M$86 -> -3.5203443e-05 | CL15: ='1.1'!CL15/'1.2.a'!$M$86 -> 0.0013622373 | CM15: ='1.1'!CM15/'1.2.a'!$N$86 -> 0.00080584085 | CN15: ='1.1'!CN15/'1.2.a'!$N$86 -> 0 | CO15: ='1.1'!CO15/'1.2.a'!$N$86 -> 0 | CP15: ='1.1'!CP15/'1.2.a'!$N$86 -> 0.00080584085 | CQ15: ='1.1'!CQ15/'1.2.a'!$N$86 -> 0 | CR15: ='1.1'!CR15/'1.2.a'!$N$86 -> 0.00013632822 | CS15: ='1.1'!CS15/'1.2.a'!$N$86 -> -2.9903021e-05 | CT15: ='1.1'!CT15/'1.2.a'!$N$86 -> 0.00091226605 | CU15: ='1.1'!CU15/'1.2.a'!$O$86 -> 0.0014399372 | CV15: ='1.1'!CV15/'1.2.a'!$O$86 -> 0 | CW15: ='1.1'!CW15/'1.2.a'!$O$86 -> 0 | CX15: ='1.1'!CX15/'1.2.a'!$O$86 -> 0.0014399372 | CY15: ='1.1'!CY15/'1.2.a'!$O$86 -> 0 | CZ15: ='1.1'!CZ15/'1.2.a'!$O$86 -> 0.00014534104 | DA15: ='1.1'!DA15/'1.2.a'!$O$86 -> -2.4923469e-05 | DB15: ='1.1'!DB15/'1.2.a'!$O$86 -> 0.0015603548 | DC15: ='1.1'!DC15/'1.2.a'!$P$86 -> 0.0008438111 | DD15: ='1.1'!DD15/'1.2.a'!$P$86 -> 0 | DE15: ='1.1'!DE15/'1.2.a'!$P$86 -> 0 | DF15: ='1.1'!DF15/'1.2.a'!$P$86 -> 0.0008438111 | DG15: ='1.1'!DG15/'1.2.a'!$P$86 -> 0 | DH15: ='1.1'!DH15/'1.2.a'!$P$86 -> 0.00014863205 | DI15: ='1.1'!DI15/'1.2.a'!$P$86 -> -2.6447463e-05 | DJ15: ='1.1'!DJ15/'1.2.a'!$P$86 -> 0.00096599569
A16: 7017 | B16: Transações da dívida pública9/ | C16: ='1.1'!C16/'1.2.a'!$C$86 -> 0.070462716 | D16: ='1.1'!D16/'1.2.a'!$C$86 -> 0 | E16: ='1.1'!E16/'1.2.a'!$C$86 -> 0 | F16: ='1.1'!F16/'1.2.a'!$C$86 -> 0.070462716 | G16: ='1.1'!G16/'1.2.a'!$C$86 -> 0.015801268 | H16: ='1.1'!H16/'1.2.a'!$C$86 -> 0.0028263976 | I16: ='1.1'!I16/'1.2.a'!$C$86 -> -0.018263982 | J16: ='1.1'!J16/'1.2.a'!$C$86 -> 0.070826399 | K16: ='1.1'!K16/'1.2.a'!$D$86 -> 0.075915072 | L16: ='1.1'!L16/'1.2.a'!$D$86 -> 0 | M16: ='1.1'!M16/'1.2.a'!$D$86 -> 0 | N16: ='1.1'!N16/'1.2.a'!$D$86 -> 0.075915072 | O16: ='1.1'!O16/'1.2.a'!$D$86 -> 0.011106 | P16: ='1.1'!P16/'1.2.a'!$D$86 -> 0.0021189389 | Q16: ='1.1'!Q16/'1.2.a'!$D$86 -> -0.012683659 | R16: ='1.1'!R16/'1.2.a'!$D$86 -> 0.076456353 | S16: ='1.1'!S16/'1.2.a'!$E$86 -> 0.068865853 | T16: ='1.1'!T16/'1.2.a'!$E$86 -> 0 | U16: ='1.1'!U16/'1.2.a'!$E$86 -> 0 | V16: ='1.1'!V16/'1.2.a'!$E$86 -> 0.068865853 | W16: ='1.1'!W16/'1.2.a'!$E$86 -> 0.011837109 | X16: ='1.1'!X16/'1.2.a'!$E$86 -> 0.0022451086 | Y16: ='1.1'!Y16/'1.2.a'!$E$86 -> -0.013503011 | Z16: ='1.1'!Z16/'1.2.a'!$E$86 -> 0.06944506 | AA16: ='1.1'!AA16/'1.2.a'!$F$86 -> 0.068695009 | AB16: ='1.1'!AB16/'1.2.a'!$F$86 -> 0 | AC16: ='1.1'!AC16/'1.2.a'!$F$86 -> 0 | AD16: ='1.1'!AD16/'1.2.a'!$F$86 -> 0.068695009 | AE16: ='1.1'!AE16/'1.2.a'!$F$86 -> 0.010149072 | AF16: ='1.1'!AF16/'1.2.a'!$F$86 -> 0.0020249076 | AG16: ='1.1'!AG16/'1.2.a'!$F$86 -> -0.011256226 | AH16: ='1.1'!AH16/'1.2.a'!$F$86 -> 0.069612763 | AI16: ='1.1'!AI16/'1.2.a'!$G$86 -> 0.07374213 | AJ16: ='1.1'!AJ16/'1.2.a'!$G$86 -> 0 | AK16: ='1.1'!AK16/'1.2.a'!$G$86 -> 0 | AL16: ='1.1'!AL16/'1.2.a'!$G$86 -> 0.07374213 | AM16: ='1.1'!AM16/'1.2.a'!$G$86 -> 0.0091717743 | AN16: ='1.1'!AN16/'1.2.a'!$G$86 -> 0.00186287 | AO16: ='1.1'!AO16/'1.2.a'!$G$86 -> -0.0096399235 | AP16: ='1.1'!AP16/'1.2.a'!$G$86 -> 0.075136851 | AQ16: ='1.1'!AQ16/'1.2.a'!$H$86 -> 0.11682652 | AR16: ='1.1'!AR16/'1.2.a'!$H$86 -> 0 | AS16: ='1.1'!AS16/'1.2.a'!$H$86 -> 0 | AT16: ='1.1'!AT16/'1.2.a'!$H$86 -> 0.11682652 | AU16: ='1.1'!AU16/'1.2.a'!$H$86 -> 0.01494917 | AV16: ='1.1'!AV16/'1.2.a'!$H$86 -> 0.0028520755 | AW16: ='1.1'!AW16/'1.2.a'!$H$86 -> -0.015384549 | AX16: ='1.1'!AX16/'1.2.a'!$H$86 -> 0.11924322 | AY16: ='1.1'!AY16/'1.2.a'!$I$86 -> 0.09681312 | AZ16: ='1.1'!AZ16/'1.2.a'!$I$86 -> 0 | BA16: ='1.1'!BA16/'1.2.a'!$I$86 -> 0 | BB16: ='1.1'!BB16/'1.2.a'!$I$86 -> 0.09681312 | BC16: ='1.1'!BC16/'1.2.a'!$I$86 -> 0.012815211 | BD16: ='1.1'!BD16/'1.2.a'!$I$86 -> 0.0015059968 | BE16: ='1.1'!BE16/'1.2.a'!$I$86 -> -0.011604394 | BF16: ='1.1'!BF16/'1.2.a'!$I$86 -> 0.099529934 | BG16: ='1.1'!BG16/'1.2.a'!$J$86 -> 0.087590366 | BH16: ='1.1'!BH16/'1.2.a'!$J$86 -> 0 | BI16: ='1.1'!BI16/'1.2.a'!$J$86 -> 0 | BJ16: ='1.1'!BJ16/'1.2.a'!$J$86 -> 0.087590366 | BK16: ='1.1'!BK16/'1.2.a'!$J$86 -> 0.0082474086 | BL16: ='1.1'!BL16/'1.2.a'!$J$86 -> 0.00078575929 | BM16: ='1.1'!BM16/'1.2.a'!$J$86 -> -0.0066700158 | BN16: ='1.1'!BN16/'1.2.a'!$J$86 -> 0.089953518 | BO16: ='1.1'!BO16/'1.2.a'!$K$86 -> 0.086107514 | BP16: ='1.1'!BP16/'1.2.a'!$K$86 -> 0 | BQ16: ='1.1'!BQ16/'1.2.a'!$K$86 -> 0 | BR16: ='1.1'!BR16/'1.2.a'!$K$86 -> 0.086107514 | BS16: ='1.1'!BS16/'1.2.a'!$K$86 -> 0.0086718276 | BT16: ='1.1'!BT16/'1.2.a'!$K$86 -> 0.00076408027 | BU16: ='1.1'!BU16/'1.2.a'!$K$86 -> -0.0072541672 | BV16: ='1.1'!BV16/'1.2.a'!$K$86 -> 0.088289255 | BW16: ='1.1'!BW16/'1.2.a'!$L$86 -> 0.070041422 | BX16: ='1.1'!BX16/'1.2.a'!$L$86 -> 0 | BY16: ='1.1'!BY16/'1.2.a'!$L$86 -> 0 | BZ16: ='1.1'!BZ16/'1.2.a'!$L$86 -> 0.070041422 | CA16: ='1.1'!CA16/'1.2.a'!$L$86 -> 0.006645912 | CB16: ='1.1'!CB16/'1.2.a'!$L$86 -> 0.00065756831 | CC16: ='1.1'!CC16/'1.2.a'!$L$86 -> -0.0053257252 | CD16: ='1.1'!CD16/'1.2.a'!$L$86 -> 0.072019177 | CE16: ='1.1'!CE16/'1.2.a'!$M$86 -> 0.056589825 | CF16: ='1.1'!CF16/'1.2.a'!$M$86 -> 0 | CG16: ='1.1'!CG16/'1.2.a'!$M$86 -> 0 | CH16: ='1.1'!CH16/'1.2.a'!$M$86 -> 0.056589825 | CI16: ='1.1'!CI16/'1.2.a'!$M$86 -> 0.0047765158 | CJ16: ='1.1'!CJ16/'1.2.a'!$M$86 -> 0.00065787699 | CK16: ='1.1'!CK16/'1.2.a'!$M$86 -> -0.004100999 | CL16: ='1.1'!CL16/'1.2.a'!$M$86 -> 0.057923219 | CM16: ='1.1'!CM16/'1.2.a'!$N$86 -> 0.066778575 | CN16: ='1.1'!CN16/'1.2.a'!$N$86 -> 0 | CO16: ='1.1'!CO16/'1.2.a'!$N$86 -> 0 | CP16: ='1.1'!CP16/'1.2.a'!$N$86 -> 0.066778575 | CQ16: ='1.1'!CQ16/'1.2.a'!$N$86 -> 0.0041025714 | CR16: ='1.1'!CR16/'1.2.a'!$N$86 -> 0.00060223362 | CS16: ='1.1'!CS16/'1.2.a'!$N$86 -> -0.0033333274 | CT16: ='1.1'!CT16/'1.2.a'!$N$86 -> 0.068150053 | CU16: ='1.1'!CU16/'1.2.a'!$O$86 -> 0.077838169 | CV16: ='1.1'!CV16/'1.2.a'!$O$86 -> 0 | CW16: ='1.1'!CW16/'1.2.a'!$O$86 -> 0 | CX16: ='1.1'!CX16/'1.2.a'!$O$86 -> 0.077838169 | CY16: ='1.1'!CY16/'1.2.a'!$O$86 -> 0.009364462 | CZ16: ='1.1'!CZ16/'1.2.a'!$O$86 -> 0.00089091229 | DA16: ='1.1'!DA16/'1.2.a'!$O$86 -> -0.0076670113 | DB16: ='1.1'!DB16/'1.2.a'!$O$86 -> 0.080426532 | DC16: ='1.1'!DC16/'1.2.a'!$P$86 -> 0.078290869 | DD16: ='1.1'!DD16/'1.2.a'!$P$86 -> 0 | DE16: ='1.1'!DE16/'1.2.a'!$P$86 -> 0 | DF16: ='1.1'!DF16/'1.2.a'!$P$86 -> 0.078290869 | DG16: ='1.1'!DG16/'1.2.a'!$P$86 -> 0.010612634 | DH16: ='1.1'!DH16/'1.2.a'!$P$86 -> 0.00081373082 | DI16: ='1.1'!DI16/'1.2.a'!$P$86 -> -0.0083558015 | DJ16: ='1.1'!DJ16/'1.2.a'!$P$86 -> 0.081361432
A17: 7018 | B17: Transferências de caráter geral entre diferentes níveis de governo | C17: ='1.1'!C17/'1.2.a'!$C$86 -> 0.032876195 | D17: ='1.1'!D17/'1.2.a'!$C$86 -> 0 | E17: ='1.1'!E17/'1.2.a'!$C$86 -> 0 | F17: ='1.1'!F17/'1.2.a'!$C$86 -> 0.032876195 | G17: ='1.1'!G17/'1.2.a'!$C$86 -> 0.01982116 | H17: ='1.1'!H17/'1.2.a'!$C$86 -> 0 | I17: ='1.1'!I17/'1.2.a'!$C$86 -> -0.052697354 | J17: ='1.1'!J17/'1.2.a'!$C$86 -> 0 | K17: ='1.1'!K17/'1.2.a'!$D$86 -> 0.03476766 | L17: ='1.1'!L17/'1.2.a'!$D$86 -> 0 | M17: ='1.1'!M17/'1.2.a'!$D$86 -> 0 | N17: ='1.1'!N17/'1.2.a'!$D$86 -> 0.03476766 | O17: ='1.1'!O17/'1.2.a'!$D$86 -> 0.019664305 | P17: ='1.1'!P17/'1.2.a'!$D$86 -> 0 | Q17: ='1.1'!Q17/'1.2.a'!$D$86 -> -0.054431965 | R17: ='1.1'!R17/'1.2.a'!$D$86 -> 0 | S17: ='1.1'!S17/'1.2.a'!$E$86 -> 0.034172789 | T17: ='1.1'!T17/'1.2.a'!$E$86 -> 0 | U17: ='1.1'!U17/'1.2.a'!$E$86 -> 0 | V17: ='1.1'!V17/'1.2.a'!$E$86 -> 0.034172789 | W17: ='1.1'!W17/'1.2.a'!$E$86 -> 0.019591274 | X17: ='1.1'!X17/'1.2.a'!$E$86 -> 8.6472067e-08 | Y17: ='1.1'!Y17/'1.2.a'!$E$86 -> -0.05376415 | Z17: ='1.1'!Z17/'1.2.a'!$E$86 -> 0 | AA17: ='1.1'!AA17/'1.2.a'!$F$86 -> 0.033280148 | AB17: ='1.1'!AB17/'1.2.a'!$F$86 -> 0 | AC17: ='1.1'!AC17/'1.2.a'!$F$86 -> 0 | AD17: ='1.1'!AD17/'1.2.a'!$F$86 -> 0.033280148 | AE17: ='1.1'!AE17/'1.2.a'!$F$86 -> 0.019418041 | AF17: ='1.1'!AF17/'1.2.a'!$F$86 -> 0 | AG17: ='1.1'!AG17/'1.2.a'!$F$86 -> -0.052698189 | AH17: ='1.1'!AH17/'1.2.a'!$F$86 -> 0 | AI17: ='1.1'!AI17/'1.2.a'!$G$86 -> 0.034142131 | AJ17: ='1.1'!AJ17/'1.2.a'!$G$86 -> 0 | AK17: ='1.1'!AK17/'1.2.a'!$G$86 -> 0 | AL17: ='1.1'!AL17/'1.2.a'!$G$86 -> 0.034142131 | AM17: ='1.1'!AM17/'1.2.a'!$G$86 -> 0.019235198 | AN17: ='1.1'!AN17/'1.2.a'!$G$86 -> 8.3648919e-08 | AO17: ='1.1'!AO17/'1.2.a'!$G$86 -> -0.053377412 | AP17: ='1.1'!AP17/'1.2.a'!$G$86 -> 0 | AQ17: ='1.1'!AQ17/'1.2.a'!$H$86 -> 0.033772897 | AR17: ='1.1'!AR17/'1.2.a'!$H$86 -> 0 | AS17: ='1.1'!AS17/'1.2.a'!$H$86 -> 0 | AT17: ='1.1'!AT17/'1.2.a'!$H$86 -> 0.033772897 | AU17: ='1.1'!AU17/'1.2.a'!$H$86 -> 0.019217011 | AV17: ='1.1'!AV17/'1.2.a'!$H$86 -> 1.7873315e-08 | AW17: ='1.1'!AW17/'1.2.a'!$H$86 -> -0.052989926 | AX17: ='1.1'!AX17/'1.2.a'!$H$86 -> 0 | AY17: ='1.1'!AY17/'1.2.a'!$I$86 -> 0.036068351 | AZ17: ='1.1'!AZ17/'1.2.a'!$I$86 -> 0 | BA17: ='1.1'!BA17/'1.2.a'!$I$86 -> 0 | BB17: ='1.1'!BB17/'1.2.a'!$I$86 -> 0.036068351 | BC17: ='1.1'!BC17/'1.2.a'!$I$86 -> 0.018558976 | BD17: ='1.1'!BD17/'1.2.a'!$I$86 -> 0 | BE17: ='1.1'!BE17/'1.2.a'!$I$86 -> -0.054627327 | BF17: ='1.1'!BF17/'1.2.a'!$I$86 -> 0 | BG17: ='1.1'!BG17/'1.2.a'!$J$86 -> 0.035017501 | BH17: ='1.1'!BH17/'1.2.a'!$J$86 -> 0 | BI17: ='1.1'!BI17/'1.2.a'!$J$86 -> 0 | BJ17: ='1.1'!BJ17/'1.2.a'!$J$86 -> 0.035017501 | BK17: ='1.1'!BK17/'1.2.a'!$J$86 -> 0.018579269 | BL17: ='1.1'!BL17/'1.2.a'!$J$86 -> 9.8988005e-09 | BM17: ='1.1'!BM17/'1.2.a'!$J$86 -> -0.05359678 | BN17: ='1.1'!BN17/'1.2.a'!$J$86 -> 0 | BO17: ='1.1'!BO17/'1.2.a'!$K$86 -> 0.037259671 | BP17: ='1.1'!BP17/'1.2.a'!$K$86 -> 0 | BQ17: ='1.1'!BQ17/'1.2.a'!$K$86 -> 0 | BR17: ='1.1'!BR17/'1.2.a'!$K$86 -> 0.037259671 | BS17: ='1.1'!BS17/'1.2.a'!$K$86 -> 0.018641974 | BT17: ='1.1'!BT17/'1.2.a'!$K$86 -> 1.0789401e-08 | BU17: ='1.1'!BU17/'1.2.a'!$K$86 -> -0.055901656 | BV17: ='1.1'!BV17/'1.2.a'!$K$86 -> 0 | BW17: ='1.1'!BW17/'1.2.a'!$L$86 -> 0.039110473 | BX17: ='1.1'!BX17/'1.2.a'!$L$86 -> 0 | BY17: ='1.1'!BY17/'1.2.a'!$L$86 -> 0 | BZ17: ='1.1'!BZ17/'1.2.a'!$L$86 -> 0.039110473 | CA17: ='1.1'!CA17/'1.2.a'!$L$86 -> 0.01903158 | CB17: ='1.1'!CB17/'1.2.a'!$L$86 -> 6.7885593e-07 | CC17: ='1.1'!CC17/'1.2.a'!$L$86 -> -0.058142731 | CD17: ='1.1'!CD17/'1.2.a'!$L$86 -> 0 | CE17: ='1.1'!CE17/'1.2.a'!$M$86 -> 0.046447595 | CF17: ='1.1'!CF17/'1.2.a'!$M$86 -> 0 | CG17: ='1.1'!CG17/'1.2.a'!$M$86 -> 0 | CH17: ='1.1'!CH17/'1.2.a'!$M$86 -> 0.046447595 | CI17: ='1.1'!CI17/'1.2.a'!$M$86 -> 0.018415202 | CJ17: ='1.1'!CJ17/'1.2.a'!$M$86 -> 1.0980005e-06 | CK17: ='1.1'!CK17/'1.2.a'!$M$86 -> -0.064863894 | CL17: ='1.1'!CL17/'1.2.a'!$M$86 -> 0 | CM17: ='1.1'!CM17/'1.2.a'!$N$86 -> 0.04019272 | CN17: ='1.1'!CN17/'1.2.a'!$N$86 -> 0 | CO17: ='1.1'!CO17/'1.2.a'!$N$86 -> 0 | CP17: ='1.1'!CP17/'1.2.a'!$N$86 -> 0.04019272 | CQ17: ='1.1'!CQ17/'1.2.a'!$N$86 -> 0.020427793 | CR17: ='1.1'!CR17/'1.2.a'!$N$86 -> 9.4155487e-07 | CS17: ='1.1'!CS17/'1.2.a'!$N$86 -> -0.060621455 | CT17: ='1.1'!CT17/'1.2.a'!$N$86 -> 0 | CU17: ='1.1'!CU17/'1.2.a'!$O$86 -> 0.049188298 | CV17: ='1.1'!CV17/'1.2.a'!$O$86 -> 0 | CW17: ='1.1'!CW17/'1.2.a'!$O$86 -> 0 | CX17: ='1.1'!CX17/'1.2.a'!$O$86 -> 0.049188298 | CY17: ='1.1'!CY17/'1.2.a'!$O$86 -> 0.01916652 | CZ17: ='1.1'!CZ17/'1.2.a'!$O$86 -> 1.1474531e-06 | DA17: ='1.1'!DA17/'1.2.a'!$O$86 -> -0.068355966 | DB17: ='1.1'!DB17/'1.2.a'!$O$86 -> 0 | DC17: ='1.1'!DC17/'1.2.a'!$P$86 -> 0.0443635 | DD17: ='1.1'!DD17/'1.2.a'!$P$86 -> 0 | DE17: ='1.1'!DE17/'1.2.a'!$P$86 -> 0 | DF17: ='1.1'!DF17/'1.2.a'!$P$86 -> 0.0443635 | DG17: ='1.1'!DG17/'1.2.a'!$P$86 -> 0.017970798 | DH17: ='1.1'!DH17/'1.2.a'!$P$86 -> 8.2611186e-07 | DI17: ='1.1'!DI17/'1.2.a'!$P$86 -> -0.062335124 | DJ17: ='1.1'!DJ17/'1.2.a'!$P$86 -> 0
A18: 702 | B18: Defesa | C18: ='1.1'!C18/'1.2.a'!$C$86 -> 0.007509135 | D18: ='1.1'!D18/'1.2.a'!$C$86 -> 0 | E18: ='1.1'!E18/'1.2.a'!$C$86 -> 0 | F18: ='1.1'!F18/'1.2.a'!$C$86 -> 0.007509135 | G18: ='1.1'!G18/'1.2.a'!$C$86 -> 0.00032156906 | H18: ='1.1'!H18/'1.2.a'!$C$86 -> 0.00018629981 | I18: ='1.1'!I18/'1.2.a'!$C$86 -> -0.00052663113 | J18: ='1.1'!J18/'1.2.a'!$C$86 -> 0.0074903728 | K18: ='1.1'!K18/'1.2.a'!$D$86 -> 0.0064705566 | L18: ='1.1'!L18/'1.2.a'!$D$86 -> 0 | M18: ='1.1'!M18/'1.2.a'!$D$86 -> 0 | N18: ='1.1'!N18/'1.2.a'!$D$86 -> 0.0064705566 | O18: ='1.1'!O18/'1.2.a'!$D$86 -> 0.0002443405 | P18: ='1.1'!P18/'1.2.a'!$D$86 -> 0.00021067654 | Q18: ='1.1'!Q18/'1.2.a'!$D$86 -> -0.00019250444 | R18: ='1.1'!R18/'1.2.a'!$D$86 -> 0.0067330692 | S18: ='1.1'!S18/'1.2.a'!$E$86 -> 0.0065639903 | T18: ='1.1'!T18/'1.2.a'!$E$86 -> 0 | U18: ='1.1'!U18/'1.2.a'!$E$86 -> 0 | V18: ='1.1'!V18/'1.2.a'!$E$86 -> 0.0065639903 | W18: ='1.1'!W18/'1.2.a'!$E$86 -> 0.0002654863 | X18: ='1.1'!X18/'1.2.a'!$E$86 -> 0.00019616988 | Y18: ='1.1'!Y18/'1.2.a'!$E$86 -> -0.00018069381 | Z18: ='1.1'!Z18/'1.2.a'!$E$86 -> 0.0068449526 | AA18: ='1.1'!AA18/'1.2.a'!$F$86 -> 0.0069917754 | AB18: ='1.1'!AB18/'1.2.a'!$F$86 -> 0 | AC18: ='1.1'!AC18/'1.2.a'!$F$86 -> 0 | AD18: ='1.1'!AD18/'1.2.a'!$F$86 -> 0.0069917754 | AE18: ='1.1'!AE18/'1.2.a'!$F$86 -> 0.00027692131 | AF18: ='1.1'!AF18/'1.2.a'!$F$86 -> 0.00017876021 | AG18: ='1.1'!AG18/'1.2.a'!$F$86 -> -0.00031031976 | AH18: ='1.1'!AH18/'1.2.a'!$F$86 -> 0.0071371371 | AI18: ='1.1'!AI18/'1.2.a'!$G$86 -> 0.0067303186 | AJ18: ='1.1'!AJ18/'1.2.a'!$G$86 -> 0 | AK18: ='1.1'!AK18/'1.2.a'!$G$86 -> 0 | AL18: ='1.1'!AL18/'1.2.a'!$G$86 -> 0.0067303186 | AM18: ='1.1'!AM18/'1.2.a'!$G$86 -> 0.00032173921 | AN18: ='1.1'!AN18/'1.2.a'!$G$86 -> 0.00015429906 | AO18: ='1.1'!AO18/'1.2.a'!$G$86 -> -0.00010613813 | AP18: ='1.1'!AP18/'1.2.a'!$G$86 -> 0.0071002187 | AQ18: ='1.1'!AQ18/'1.2.a'!$H$86 -> 0.0062950719 | AR18: ='1.1'!AR18/'1.2.a'!$H$86 -> 0 | AS18: ='1.1'!AS18/'1.2.a'!$H$86 -> 0 | AT18: ='1.1'!AT18/'1.2.a'!$H$86 -> 0.0062950719 | AU18: ='1.1'!AU18/'1.2.a'!$H$86 -> 0.00027044265 | AV18: ='1.1'!AV18/'1.2.a'!$H$86 -> 0.0001389874 | AW18: ='1.1'!AW18/'1.2.a'!$H$86 -> -8.1117362e-05 | AX18: ='1.1'!AX18/'1.2.a'!$H$86 -> 0.0066233846 | AY18: ='1.1'!AY18/'1.2.a'!$I$86 -> 0.0062158417 | AZ18: ='1.1'!AZ18/'1.2.a'!$I$86 -> 0 | BA18: ='1.1'!BA18/'1.2.a'!$I$86 -> 0 | BB18: ='1.1'!BB18/'1.2.a'!$I$86 -> 0.0062158417 | BC18: ='1.1'!BC18/'1.2.a'!$I$86 -> 0.00021291471 | BD18: ='1.1'!BD18/'1.2.a'!$I$86 -> 0.00014096555 | BE18: ='1.1'!BE18/'1.2.a'!$I$86 -> -7.4493271e-05 | BF18: ='1.1'!BF18/'1.2.a'!$I$86 -> 0.0064952286 | BG18: ='1.1'!BG18/'1.2.a'!$J$86 -> 0.0064421112 | BH18: ='1.1'!BH18/'1.2.a'!$J$86 -> 0 | BI18: ='1.1'!BI18/'1.2.a'!$J$86 -> 0 | BJ18: ='1.1'!BJ18/'1.2.a'!$J$86 -> 0.0064421112 | BK18: ='1.1'!BK18/'1.2.a'!$J$86 -> 0.00021750034 | BL18: ='1.1'!BL18/'1.2.a'!$J$86 -> 0.00012814898 | BM18: ='1.1'!BM18/'1.2.a'!$J$86 -> -7.419379e-05 | BN18: ='1.1'!BN18/'1.2.a'!$J$86 -> 0.0067135668 | BO18: ='1.1'!BO18/'1.2.a'!$K$86 -> 0.0064213362 | BP18: ='1.1'!BP18/'1.2.a'!$K$86 -> 0 | BQ18: ='1.1'!BQ18/'1.2.a'!$K$86 -> 0 | BR18: ='1.1'!BR18/'1.2.a'!$K$86 -> 0.0064213362 | BS18: ='1.1'!BS18/'1.2.a'!$K$86 -> 0.00021733849 | BT18: ='1.1'!BT18/'1.2.a'!$K$86 -> 0.00011619005 | BU18: ='1.1'!BU18/'1.2.a'!$K$86 -> -7.9415049e-05 | BV18: ='1.1'!BV18/'1.2.a'!$K$86 -> 0.0066754497 | BW18: ='1.1'!BW18/'1.2.a'!$L$86 -> 0.0061918916 | BX18: ='1.1'!BX18/'1.2.a'!$L$86 -> 0 | BY18: ='1.1'!BY18/'1.2.a'!$L$86 -> 0 | BZ18: ='1.1'!BZ18/'1.2.a'!$L$86 -> 0.0061918916 | CA18: ='1.1'!CA18/'1.2.a'!$L$86 -> 0.00019740401 | CB18: ='1.1'!CB18/'1.2.a'!$L$86 -> 0.00014409884 | CC18: ='1.1'!CC18/'1.2.a'!$L$86 -> -5.4237376e-05 | CD18: ='1.1'!CD18/'1.2.a'!$L$86 -> 0.0064791571 | CE18: ='1.1'!CE18/'1.2.a'!$M$86 -> 0.0065276146 | CF18: ='1.1'!CF18/'1.2.a'!$M$86 -> 0 | CG18: ='1.1'!CG18/'1.2.a'!$M$86 -> 0 | CH18: ='1.1'!CH18/'1.2.a'!$M$86 -> 0.0065276146 | CI18: ='1.1'!CI18/'1.2.a'!$M$86 -> 0.00015143054 | CJ18: ='1.1'!CJ18/'1.2.a'!$M$86 -> 0.00015213228 | CK18: ='1.1'!CK18/'1.2.a'!$M$86 -> -8.3121006e-05 | CL18: ='1.1'!CL18/'1.2.a'!$M$86 -> 0.0067480564 | CM18: ='1.1'!CM18/'1.2.a'!$N$86 -> 0.0054678508 | CN18: ='1.1'!CN18/'1.2.a'!$N$86 -> 0 | CO18: ='1.1'!CO18/'1.2.a'!$N$86 -> 0 | CP18: ='1.1'!CP18/'1.2.a'!$N$86 -> 0.0054678508 | CQ18: ='1.1'!CQ18/'1.2.a'!$N$86 -> 0.00016970906 | CR18: ='1.1'!CR18/'1.2.a'!$N$86 -> 0.00013520093 | CS18: ='1.1'!CS18/'1.2.a'!$N$86 -> -4.8264236e-05 | CT18: ='1.1'!CT18/'1.2.a'!$N$86 -> 0.0057244966 | CU18: ='1.1'!CU18/'1.2.a'!$O$86 -> 0.005117601 | CV18: ='1.1'!CV18/'1.2.a'!$O$86 -> 0 | CW18: ='1.1'!CW18/'1.2.a'!$O$86 -> 0 | CX18: ='1.1'!CX18/'1.2.a'!$O$86 -> 0.005117601 | CY18: ='1.1'!CY18/'1.2.a'!$O$86 -> 0.00023852807 | CZ18: ='1.1'!CZ18/'1.2.a'!$O$86 -> 0.00015303048 | DA18: ='1.1'!DA18/'1.2.a'!$O$86 -> -7.142476e-05 | DB18: ='1.1'!DB18/'1.2.a'!$O$86 -> 0.0054377348 | DC18: ='1.1'!DC18/'1.2.a'!$P$86 -> 0.0047815678 | DD18: ='1.1'!DD18/'1.2.a'!$P$86 -> 0 | DE18: ='1.1'!DE18/'1.2.a'!$P$86 -> 0 | DF18: ='1.1'!DF18/'1.2.a'!$P$86 -> 0.0047815678 | DG18: ='1.1'!DG18/'1.2.a'!$P$86 -> 0.00022489183 | DH18: ='1.1'!DH18/'1.2.a'!$P$86 -> 0.00018435503 | DI18: ='1.1'!DI18/'1.2.a'!$P$86 -> -9.2571143e-05 | DJ18: ='1.1'!DJ18/'1.2.a'!$P$86 -> 0.0050982435
A19: 7021 | B19: Defesa militar | C19: ='1.1'!C19/'1.2.a'!$C$86 -> 0.006516576 | D19: ='1.1'!D19/'1.2.a'!$C$86 -> 0 | E19: ='1.1'!E19/'1.2.a'!$C$86 -> 0 | F19: ='1.1'!F19/'1.2.a'!$C$86 -> 0.006516576 | G19: ='1.1'!G19/'1.2.a'!$C$86 -> 0 | H19: ='1.1'!H19/'1.2.a'!$C$86 -> 4.283372e-06 | I19: ='1.1'!I19/'1.2.a'!$C$86 -> -9.0738798e-07 | J19: ='1.1'!J19/'1.2.a'!$C$86 -> 0.006519952 | K19: ='1.1'!K19/'1.2.a'!$D$86 -> 0.0059054672 | L19: ='1.1'!L19/'1.2.a'!$D$86 -> 0 | M19: ='1.1'!M19/'1.2.a'!$D$86 -> 0 | N19: ='1.1'!N19/'1.2.a'!$D$86 -> 0.0059054672 | O19: ='1.1'!O19/'1.2.a'!$D$86 -> 0 | P19: ='1.1'!P19/'1.2.a'!$D$86 -> 5.669662e-06 | Q19: ='1.1'!Q19/'1.2.a'!$D$86 -> 0 | R19: ='1.1'!R19/'1.2.a'!$D$86 -> 0.0059111368 | S19: ='1.1'!S19/'1.2.a'!$E$86 -> 0.0059153961 | T19: ='1.1'!T19/'1.2.a'!$E$86 -> 0 | U19: ='1.1'!U19/'1.2.a'!$E$86 -> 0 | V19: ='1.1'!V19/'1.2.a'!$E$86 -> 0.0059153961 | W19: ='1.1'!W19/'1.2.a'!$E$86 -> 0 | X19: ='1.1'!X19/'1.2.a'!$E$86 -> 4.2042789e-06 | Y19: ='1.1'!Y19/'1.2.a'!$E$86 -> 0 | Z19: ='1.1'!Z19/'1.2.a'!$E$86 -> 0.0059196003 | AA19: ='1.1'!AA19/'1.2.a'!$F$86 -> 0.0060135768 | AB19: ='1.1'!AB19/'1.2.a'!$F$86 -> 0 | AC19: ='1.1'!AC19/'1.2.a'!$F$86 -> 0 | AD19: ='1.1'!AD19/'1.2.a'!$F$86 -> 0.0060135768 | AE19: ='1.1'!AE19/'1.2.a'!$F$86 -> 0 | AF19: ='1.1'!AF19/'1.2.a'!$F$86 -> 2.8877553e-06 | AG19: ='1.1'!AG19/'1.2.a'!$F$86 -> 0 | AH19: ='1.1'!AH19/'1.2.a'!$F$86 -> 0.0060164646 | AI19: ='1.1'!AI19/'1.2.a'!$G$86 -> 0.0060180089 | AJ19: ='1.1'!AJ19/'1.2.a'!$G$86 -> 0 | AK19: ='1.1'!AK19/'1.2.a'!$G$86 -> 0 | AL19: ='1.1'!AL19/'1.2.a'!$G$86 -> 0.0060180089 | AM19: ='1.1'!AM19/'1.2.a'!$G$86 -> 0 | AN19: ='1.1'!AN19/'1.2.a'!$G$86 -> 3.262607e-06 | AO19: ='1.1'!AO19/'1.2.a'!$G$86 -> -3.2126439e-07 | AP19: ='1.1'!AP19/'1.2.a'!$G$86 -> 0.0060209503 | AQ19: ='1.1'!AQ19/'1.2.a'!$H$86 -> 0.0058247181 | AR19: ='1.1'!AR19/'1.2.a'!$H$86 -> 0 | AS19: ='1.1'!AS19/'1.2.a'!$H$86 -> 0 | AT19: ='1.1'!AT19/'1.2.a'!$H$86 -> 0.0058247181 | AU19: ='1.1'!AU19/'1.2.a'!$H$86 -> 0 | AV19: ='1.1'!AV19/'1.2.a'!$H$86 -> 3.5499058e-06 | AW19: ='1.1'!AW19/'1.2.a'!$H$86 -> -4.013623e-07 | AX19: ='1.1'!AX19/'1.2.a'!$H$86 -> 0.0058278666 | AY19: ='1.1'!AY19/'1.2.a'!$I$86 -> 0.0057629708 | AZ19: ='1.1'!AZ19/'1.2.a'!$I$86 -> 0 | BA19: ='1.1'!BA19/'1.2.a'!$I$86 -> 0 | BB19: ='1.1'!BB19/'1.2.a'!$I$86 -> 0.0057629708 | BC19: ='1.1'!BC19/'1.2.a'!$I$86 -> 0 | BD19: ='1.1'!BD19/'1.2.a'!$I$86 -> 3.0575298e-06 | BE19: ='1.1'!BE19/'1.2.a'!$I$86 -> -5.0992875e-07 | BF19: ='1.1'!BF19/'1.2.a'!$I$86 -> 0.0057655184 | BG19: ='1.1'!BG19/'1.2.a'!$J$86 -> 0.005993783 | BH19: ='1.1'!BH19/'1.2.a'!$J$86 -> 0 | BI19: ='1.1'!BI19/'1.2.a'!$J$86 -> 0 | BJ19: ='1.1'!BJ19/'1.2.a'!$J$86 -> 0.005993783 | BK19: ='1.1'!BK19/'1.2.a'!$J$86 -> 0 | BL19: ='1.1'!BL19/'1.2.a'!$J$86 -> 2.8865601e-06 | BM19: ='1.1'!BM19/'1.2.a'!$J$86 -> -4.3201254e-07 | BN19: ='1.1'!BN19/'1.2.a'!$J$86 -> 0.0059962376 | BO19: ='1.1'!BO19/'1.2.a'!$K$86 -> 0.0060366046 | BP19: ='1.1'!BP19/'1.2.a'!$K$86 -> 0 | BQ19: ='1.1'!BQ19/'1.2.a'!$K$86 -> 0 | BR19: ='1.1'!BR19/'1.2.a'!$K$86 -> 0.0060366046 | BS19: ='1.1'!BS19/'1.2.a'!$K$86 -> 0 | BT19: ='1.1'!BT19/'1.2.a'!$K$86 -> 4.0188261e-06 | BU19: ='1.1'!BU19/'1.2.a'!$K$86 -> -2.8538362e-07 | BV19: ='1.1'!BV19/'1.2.a'!$K$86 -> 0.006040338 | BW19: ='1.1'!BW19/'1.2.a'!$L$86 -> 0.0058457481 | BX19: ='1.1'!BX19/'1.2.a'!$L$86 -> 0 | BY19: ='1.1'!BY19/'1.2.a'!$L$86 -> 0 | BZ19: ='1.1'!BZ19/'1.2.a'!$L$86 -> 0.0058457481 | CA19: ='1.1'!CA19/'1.2.a'!$L$86 -> 0 | CB19: ='1.1'!CB19/'1.2.a'!$L$86 -> 2.8203976e-06 | CC19: ='1.1'!CC19/'1.2.a'!$L$86 -> -1.8723328e-07 | CD19: ='1.1'!CD19/'1.2.a'!$L$86 -> 0.0058483812 | CE19: ='1.1'!CE19/'1.2.a'!$M$86 -> 0.0062076978 | CF19: ='1.1'!CF19/'1.2.a'!$M$86 -> 0 | CG19: ='1.1'!CG19/'1.2.a'!$M$86 -> 0 | CH19: ='1.1'!CH19/'1.2.a'!$M$86 -> 0.0062076978 | CI19: ='1.1'!CI19/'1.2.a'!$M$86 -> 0 | CJ19: ='1.1'!CJ19/'1.2.a'!$M$86 -> 2.710673e-06 | CK19: ='1.1'!CK19/'1.2.a'!$M$86 -> -2.0294101e-07 | CL19: ='1.1'!CL19/'1.2.a'!$M$86 -> 0.0062102055 | CM19: ='1.1'!CM19/'1.2.a'!$N$86 -> 0.0052374036 | CN19: ='1.1'!CN19/'1.2.a'!$N$86 -> 0 | CO19: ='1.1'!CO19/'1.2.a'!$N$86 -> 0 | CP19: ='1.1'!CP19/'1.2.a'!$N$86 -> 0.0052374036 | CQ19: ='1.1'!CQ19/'1.2.a'!$N$86 -> 0 | CR19: ='1.1'!CR19/'1.2.a'!$N$86 -> 2.5570472e-06 | CS19: ='1.1'!CS19/'1.2.a'!$N$86 -> -8.406868e-07 | CT19: ='1.1'!CT19/'1.2.a'!$N$86 -> 0.0052391199 | CU19: ='1.1'!CU19/'1.2.a'!$O$86 -> 0.0048738562 | CV19: ='1.1'!CV19/'1.2.a'!$O$86 -> 0 | CW19: ='1.1'!CW19/'1.2.a'!$O$86 -> 0 | CX19: ='1.1'!CX19/'1.2.a'!$O$86 -> 0.0048738562 | CY19: ='1.1'!CY19/'1.2.a'!$O$86 -> 0 | CZ19: ='1.1'!CZ19/'1.2.a'!$O$86 -> 2.8641625e-06 | DA19: ='1.1'!DA19/'1.2.a'!$O$86 -> -1.5828799e-07 | DB19: ='1.1'!DB19/'1.2.a'!$O$86 -> 0.0048765621 | DC19: ='1.1'!DC19/'1.2.a'!$P$86 -> 0.0045388587 | DD19: ='1.1'!DD19/'1.2.a'!$P$86 -> 0 | DE19: ='1.1'!DE19/'1.2.a'!$P$86 -> 0 | DF19: ='1.1'!DF19/'1.2.a'!$P$86 -> 0.0045388587 | DG19: ='1.1'!DG19/'1.2.a'!$P$86 -> 0 | DH19: ='1.1'!DH19/'1.2.a'!$P$86 -> 3.6941235e-06 | DI19: ='1.1'!DI19/'1.2.a'!$P$86 -> -3.175191e-07 | DJ19: ='1.1'!DJ19/'1.2.a'!$P$86 -> 0.0045422353
... A87: 7109 | B87: Proteção social não especificada | C87: ='1.1'!C87/'1.2.a'!$C$86 -> 0.0037635221 | D87: ='1.1'!D87/'1.2.a'!$C$86 -> 0 | E87: ='1.1'!E87/'1.2.a'!$C$86 -> 0 | F87: ='1.1'!F87/'1.2.a'!$C$86 -> 0.0037635221 | G87: ='1.1'!G87/'1.2.a'!$C$86 -> 0.00022932885 | H87: ='1.1'!H87/'1.2.a'!$C$86 -> 0.0016911665 | I87: ='1.1'!I87/'1.2.a'!$C$86 -> -6.4696702e-05 | J87: ='1.1'!J87/'1.2.a'!$C$86 -> 0.0056193207 | K87: ='1.1'!K87/'1.2.a'!$D$86 -> 0.0033541456 | L87: ='1.1'!L87/'1.2.a'!$D$86 -> 0 | M87: ='1.1'!M87/'1.2.a'!$D$86 -> 0 | N87: ='1.1'!N87/'1.2.a'!$D$86 -> 0.0033541456 | O87: ='1.1'!O87/'1.2.a'!$D$86 -> 0.00023173456 | P87: ='1.1'!P87/'1.2.a'!$D$86 -> 0.0018485054 | Q87: ='1.1'!Q87/'1.2.a'!$D$86 -> -6.0811135e-05 | R87: ='1.1'!R87/'1.2.a'!$D$86 -> 0.0053735744 | S87: ='1.1'!S87/'1.2.a'!$E$86 -> 0.003078318 | T87: ='1.1'!T87/'1.2.a'!$E$86 -> 0 | U87: ='1.1'!U87/'1.2.a'!$E$86 -> 0 | V87: ='1.1'!V87/'1.2.a'!$E$86 -> 0.003078318 | W87: ='1.1'!W87/'1.2.a'!$E$86 -> 0.00023929732 | X87: ='1.1'!X87/'1.2.a'!$E$86 -> 0.0017686314 | Y87: ='1.1'!Y87/'1.2.a'!$E$86 -> -7.9565505e-05 | Z87: ='1.1'!Z87/'1.2.a'!$E$86 -> 0.0050066812 | AA87: ='1.1'!AA87/'1.2.a'!$F$86 -> 0.0029969561 | AB87: ='1.1'!AB87/'1.2.a'!$F$86 -> 0 | AC87: ='1.1'!AC87/'1.2.a'!$F$86 -> 0 | AD87: ='1.1'!AD87/'1.2.a'!$F$86 -> 0.0029969561 | AE87: ='1.1'!AE87/'1.2.a'!$F$86 -> 0.00025866477 | AF87: ='1.1'!AF87/'1.2.a'!$F$86 -> 0.0017118791 | AG87: ='1.1'!AG87/'1.2.a'!$F$86 -> -7.6141586e-05 | AH87: ='1.1'!AH87/'1.2.a'!$F$86 -> 0.0048913585 | AI87: ='1.1'!AI87/'1.2.a'!$G$86 -> 0.0030909564 | AJ87: ='1.1'!AJ87/'1.2.a'!$G$86 -> 0 | AK87: ='1.1'!AK87/'1.2.a'!$G$86 -> 0 | AL87: ='1.1'!AL87/'1.2.a'!$G$86 -> 0.0030909564 | AM87: ='1.1'!AM87/'1.2.a'!$G$86 -> 0.00026582632 | AN87: ='1.1'!AN87/'1.2.a'!$G$86 -> 0.0018618766 | AO87: ='1.1'!AO87/'1.2.a'!$G$86 -> -7.46904e-05 | AP87: ='1.1'!AP87/'1.2.a'!$G$86 -> 0.0051439689 | AQ87: ='1.1'!AQ87/'1.2.a'!$H$86 -> 0.0031641681 | AR87: ='1.1'!AR87/'1.2.a'!$H$86 -> 0 | AS87: ='1.1'!AS87/'1.2.a'!$H$86 -> 0 | AT87: ='1.1'!AT87/'1.2.a'!$H$86 -> 0.0031641681 | AU87: ='1.1'!AU87/'1.2.a'!$H$86 -> 0.00024813746 | AV87: ='1.1'!AV87/'1.2.a'!$H$86 -> 0.0019652572 | AW87: ='1.1'!AW87/'1.2.a'!$H$86 -> -6.871514e-05 | AX87: ='1.1'!AX87/'1.2.a'!$H$86 -> 0.0053088476 | AY87: ='1.1'!AY87/'1.2.a'!$I$86 -> 0.0034143569 | AZ87: ='1.1'!AZ87/'1.2.a'!$I$86 -> 0 | BA87: ='1.1'!BA87/'1.2.a'!$I$86 -> 0 | BB87: ='1.1'!BB87/'1.2.a'!$I$86 -> 0.0034143569 | BC87: ='1.1'!BC87/'1.2.a'!$I$86 -> 0.00021815325 | BD87: ='1.1'!BD87/'1.2.a'!$I$86 -> 0.0019369055 | BE87: ='1.1'!BE87/'1.2.a'!$I$86 -> -8.5982598e-05 | BF87: ='1.1'!BF87/'1.2.a'!$I$86 -> 0.005483433 | BG87: ='1.1'!BG87/'1.2.a'!$J$86 -> 0.0035138703 | BH87: ='1.1'!BH87/'1.2.a'!$J$86 -> 0 | BI87: ='1.1'!BI87/'1.2.a'!$J$86 -> 0 | BJ87: ='1.1'!BJ87/'1.2.a'!$J$86 -> 0.0035138703 | BK87: ='1.1'!BK87/'1.2.a'!$J$86 -> 0.00019319155 | BL87: ='1.1'!BL87/'1.2.a'!$J$86 -> 0.0017975232 | BM87: ='1.1'!BM87/'1.2.a'!$J$86 -> -8.5712281e-05 | BN87: ='1.1'!BN87/'1.2.a'!$J$86 -> 0.0054188728 | BO87: ='1.1'!BO87/'1.2.a'!$K$86 -> 0.0035528376 | BP87: ='1.1'!BP87/'1.2.a'!$K$86 -> 0 | BQ87: ='1.1'!BQ87/'1.2.a'!$K$86 -> 0 | BR87: ='1.1'!BR87/'1.2.a'!$K$86 -> 0.0035528376 | BS87: ='1.1'!BS87/'1.2.a'!$K$86 -> 0.00018883607 | BT87: ='1.1'!BT87/'1.2.a'!$K$86 -> 0.0019423705 | BU87: ='1.1'!BU87/'1.2.a'!$K$86 -> -6.9867849e-05 | BV87: ='1.1'!BV87/'1.2.a'!$K$86 -> 0.0056141763 | BW87: ='1.1'!BW87/'1.2.a'!$L$86 -> 0.0036710576 | BX87: ='1.1'!BX87/'1.2.a'!$L$86 -> 0 | BY87: ='1.1'!BY87/'1.2.a'!$L$86 -> 0 | BZ87: ='1.1'!BZ87/'1.2.a'!$L$86 -> 0.0036710576 | CA87: ='1.1'!CA87/'1.2.a'!$L$86 -> 0.00017034395 | CB87: ='1.1'!CB87/'1.2.a'!$L$86 -> 0.0019117887 | CC87: ='1.1'!CC87/'1.2.a'!$L$86 -> -5.8232729e-05 | CD87: ='1.1'!CD87/'1.2.a'!$L$86 -> 0.0056949576 | CE87: ='1.1'!CE87/'1.2.a'!$M$86 -> 0.0036604942 | CF87: ='1.1'!CF87/'1.2.a'!$M$86 -> 0 | CG87: ='1.1'!CG87/'1.2.a'!$M$86 -> 0 | CH87: ='1.1'!CH87/'1.2.a'!$M$86 -> 0.0036604942 | CI87: ='1.1'!CI87/'1.2.a'!$M$86 -> 0.00034227623 | CJ87: ='1.1'!CJ87/'1.2.a'!$M$86 -> 0.0022297154 | CK87: ='1.1'!CK87/'1.2.a'!$M$86 -> -0.00011061654 | CL87: ='1.1'!CL87/'1.2.a'!$M$86 -> 0.0061218693 | CM87: ='1.1'!CM87/'1.2.a'!$N$86 -> 0.0037041139 | CN87: ='1.1'!CN87/'1.2.a'!$N$86 -> 0 | CO87: ='1.1'!CO87/'1.2.a'!$N$86 -> 0 | CP87: ='1.1'!CP87/'1.2.a'!$N$86 -> 0.0037041139 | CQ87: ='1.1'!CQ87/'1.2.a'!$N$86 -> 0.00017720973 | CR87: ='1.1'!CR87/'1.2.a'!$N$86 -> 0.0021050352 | CS87: ='1.1'!CS87/'1.2.a'!$N$86 -> -7.3768964e-05 | CT87: ='1.1'!CT87/'1.2.a'!$N$86 -> 0.0059125898 | CU87: ='1.1'!CU87/'1.2.a'!$O$86 -> 0.0038724305 | CV87: ='1.1'!CV87/'1.2.a'!$O$86 -> 0 | CW87: ='1.1'!CW87/'1.2.a'!$O$86 -> 0 | CX87: ='1.1'!CX87/'1.2.a'!$O$86 -> 0.0038724305 | CY87: ='1.1'!CY87/'1.2.a'!$O$86 -> 0.00028349341 | CZ87: ='1.1'!CZ87/'1.2.a'!$O$86 -> 0.0023315887 | DA87: ='1.1'!DA87/'1.2.a'!$O$86 -> -0.00035543581 | DB87: ='1.1'!DB87/'1.2.a'!$O$86 -> 0.0061320768 | DC87: ='1.1'!DC87/'1.2.a'!$P$86 -> 0.0028227076 | DD87: ='1.1'!DD87/'1.2.a'!$P$86 -> 0 | DE87: ='1.1'!DE87/'1.2.a'!$P$86 -> 0 | DF87: ='1.1'!DF87/'1.2.a'!$P$86 -> 0.0028227076 | DG87: ='1.1'!DG87/'1.2.a'!$P$86 -> 0.00022795061 | DH87: ='1.1'!DH87/'1.2.a'!$P$86 -> 0.0023939559 | DI87: ='1.1'!DI87/'1.2.a'!$P$86 -> -0.00020801114 | DJ87: ='1.1'!DJ87/'1.2.a'!$P$86 -> 0.005236603
A88: Fonte: STN, SOF, IBGE e BCB
A89: Obs.: Dados sujeitos a alteração
A90: 1/ A compilação da despesa segue a classificação por Função de Governo (COFOG - Classification of Functions of Government) da OCDE/ONU.
A91: 2/ Fonte: SIAFI. Composto por todas as unidades que integram o Orçamento Fiscal e da Seguridade Social, exceto o Banco Central do Brasil.
A92: 3/ Fonte: Balancetes contábeis do Fundo de Garantia do Tempo de Serviço - FGTS e do Fundo remanescente do Programa de Integração Social e Programa de Formação do Patrimônio do Servidor Público (PIS/PASEP). O FGTS e Fundo PIS/PASEP conceitualmente estão sob a abrangência do Governo Central.
A93: 4/ Corresponde às transações cruzadas que devem ser eliminadas para efeitos de consolidação de modo a excluir a duplicidade de valores.
A94: 5/ Fonte: Matriz de Saldos Contábeis disponível no Sistema de Informações Contábeis e Fiscais do Setor Público Brasileiro - Siconfi, Relatório Resumido da Execução Orçamentária (RREO) do FINBRA, Demonstrativo de Contas Anuais e portais de transparência.
A95: 6/ Fonte: Matriz de Saldos Contábeis disponível no Sistema de Informações Contábeis e Fiscais do Setor Público Brasileiro - Siconfi, Relatório Resumido da Execução Orçamentária (RREO) do FINBRA, Demonstrativo de Contas Anuais e portais de transparência. Destaca-se que foram utilizadas técnicas de imputação dos valores do FINBRA, de modo a ampliar a cobertura de municípios, bem como sua complementação com informações provenientes de outras fontes de dados.
A96: 7/ O resultado consolidado do Governo Geral exclui as transferências e juros intergovernamentais.
A97: 8/ Despesa apurada pelo regime competência que corresponde ao conceito de despesa liquidada incluído o pagamento de restos a pagar não processados inscritos em exercícios anteriores.
A98: 9/ Fonte: Banco Central do Brasil.
A99: 10/ Ensino fundamental I corresponde aos 5 primeiros anos do ensino fundamental.

Sheet 1.2.a
A1: Tabela 1.2.a. Despesa por função de governo1/ - Governo Central - Brasil - Anual
A2: Valores em % do PIB
A4: Governo Central 2/ | C4: 2010 | D4: 2011 | E4: 2012 | F4: 2013 | G4: 2014 | H4: 2015 | I4: 2016 | J4: 2017 | K4: 2018 | L4: 2019 | M4: 2020 | N4: 2021 | O4: 2022 | P4: 2023
A5: 7 | B5: Despesa total3/ | C5: ='1.2'!C5/'1.2.a'!$C$86 -> 0.28390704 | D5: ='1.2'!D5/'1.2.a'!$D$86 -> 0.28725203 | E5: ='1.2'!E5/'1.2.a'!$E$86 -> 0.28228207 | F5: ='1.2'!F5/'1.2.a'!$F$86 -> 0.28298297 | G5: ='1.2'!G5/'1.2.a'!$G$86 -> 0.29421059 | H5: ='1.2'!H5/'1.2.a'!$H$86 -> 0.33851833 | I5: ='1.2'!I5/'1.2.a'!$I$86 -> 0.33243738 | J5: ='1.2'!J5/'1.2.a'!$J$86 -> 0.32095797 | K5: ='1.2'!K5/'1.2.a'!$K$86 -> 0.32072586 | L5: ='1.2'!L5/'1.2.a'!$L$86 -> 0.30881221 | M5: ='1.2'!M5/'1.2.a'!$M$86 -> 0.34640141 | N5: ='1.2'!N5/'1.2.a'!$N$86 -> 0.29179236 | O5: ='1.2'!O5/'1.2.a'!O$86 -> 0.31412329 | P5: ='1.2'!P5/'1.2.a'!P$86 -> 0.32255585
A6: 701 | B6: Serviços públicos gerais | C6: ='1.2'!C6/'1.2.a'!$C$86 -> 0.11253653 | D6: ='1.2'!D6/'1.2.a'!$D$86 -> 0.11904991 | E6: ='1.2'!E6/'1.2.a'!$E$86 -> 0.11067207 | F6: ='1.2'!F6/'1.2.a'!$F$86 -> 0.10891204 | G6: ='1.2'!G6/'1.2.a'!$G$86 -> 0.11455099 | H6: ='1.2'!H6/'1.2.a'!$H$86 -> 0.15805128 | I6: ='1.2'!I6/'1.2.a'!$I$86 -> 0.14077818 | J6: ='1.2'!J6/'1.2.a'!$J$86 -> 0.13007394 | K6: ='1.2'!K6/'1.2.a'!$K$86 -> 0.13137424 | L6: ='1.2'!L6/'1.2.a'!$L$86 -> 0.11675583 | M6: ='1.2'!M6/'1.2.a'!$M$86 -> 0.11156569 | N6: ='1.2'!N6/'1.2.a'!$N$86 -> 0.11378387 | O6: ='1.2'!O6/'1.2.a'!$O$86 -> 0.13564194 | P6: ='1.2'!P6/'1.2.a'!P$86 -> 0.13281136
A7: 7011 | B7: Poder execut., leg., assuntos fiscais, financeiros e externos | C7: ='1.2'!C7/'1.2.a'!$C$86 -> 0.006895567 | D7: ='1.2'!D7/'1.2.a'!$D$86 -> 0.0067004274 | E7: ='1.2'!E7/'1.2.a'!$E$86 -> 0.0059288552 | F7: ='1.2'!F7/'1.2.a'!$F$86 -> 0.0054773562 | G7: ='1.2'!G7/'1.2.a'!$G$86 -> 0.0050974626 | H7: ='1.2'!H7/'1.2.a'!$H$86 -> 0.0059185564 | I7: ='1.2'!I7/'1.2.a'!$I$86 -> 0.0062438593 | J7: ='1.2'!J7/'1.2.a'!$J$86 -> 0.0059443446 | K7: ='1.2'!K7/'1.2.a'!$K$86 -> 0.0061753997 | L7: ='1.2'!L7/'1.2.a'!$L$86 -> 0.0061741588 | M7: ='1.2'!M7/'1.2.a'!$M$86 -> 0.0068595432 | N7: ='1.2'!N7/'1.2.a'!$N$86 -> 0.0056285038 | O7: ='1.2'!O7/'1.2.a'!$O$86 -> 0.0065925596 | P7: ='1.2'!P7/'1.2.a'!P$86 -> 0.008577803
A8: 7012 | B8: Ajuda econômica externa | C8: ='1.2'!C8/'1.2.a'!$C$86 -> 4.372526e-05 | D8: ='1.2'!D8/'1.2.a'!$D$86 -> 2.7917991e-05 | E8: ='1.2'!E8/'1.2.a'!$E$86 -> 4.8995453e-06 | F8: ='1.2'!F8/'1.2.a'!$F$86 -> 5.7210087e-06 | G8: ='1.2'!G8/'1.2.a'!$G$86 -> 3.4608345e-09 | H8: ='1.2'!H8/'1.2.a'!$H$86 -> 0 | I8: ='1.2'!I8/'1.2.a'!$I$86 -> 0 | J8: ='1.2'!J8/'1.2.a'!$J$86 -> 0 | K8: ='1.2'!K8/'1.2.a'!$K$86 -> 0 | L8: ='1.2'!L8/'1.2.a'!$L$86 -> 0 | M8: ='1.2'!M8/'1.2.a'!$M$86 -> 0 | N8: ='1.2'!N8/'1.2.a'!$N$86 -> 0 | O8: ='1.2'!O8/'1.2.a'!$O$86 -> 0 | P8: ='1.2'!P8/'1.2.a'!P$86 -> 0
A9: 7013 | B9: Serviços gerais | C9: ='1.2'!C9/'1.2.a'!$C$86 -> 0.0007794808 | D9: ='1.2'!D9/'1.2.a'!$D$86 -> 0.00043338132 | E9: ='1.2'!E9/'1.2.a'!$E$86 -> 0.00038908271 | F9: ='1.2'!F9/'1.2.a'!$F$86 -> 0.00036921577 | G9: ='1.2'!G9/'1.2.a'!$G$86 -> 0.00032352738 | H9: ='1.2'!H9/'1.2.a'!$H$86 -> 0.00032348069 | I9: ='1.2'!I9/'1.2.a'!$I$86 -> 0.00030622703 | J9: ='1.2'!J9/'1.2.a'!$J$86 -> 0.0003534324 | K9: ='1.2'!K9/'1.2.a'!$K$86 -> 0.00035151936 | L9: ='1.2'!L9/'1.2.a'!$L$86 -> 0.0002747106 | M9: ='1.2'!M9/'1.2.a'!$M$86 -> 0.00025935999 | N9: ='1.2'!N9/'1.2.a'!$N$86 -> 0.0002159449 | O9: ='1.2'!O9/'1.2.a'!$O$86 -> 0.00034735566 | P9: ='1.2'!P9/'1.2.a'!P$86 -> 0.00046406061
A10: 7014 | B10: Pesquisa básica | C10: ='1.2'!C10/'1.2.a'!$C$86 -> 0.0003014511 | D10: ='1.2'!D10/'1.2.a'!$D$86 -> 0.00025340965 | E10: ='1.2'!E10/'1.2.a'!$E$86 -> 0.00030091671 | F10: ='1.2'!F10/'1.2.a'!$F$86 -> 0.00025004792 | G10: ='1.2'!G10/'1.2.a'!$G$86 -> 0.00032207765 | H10: ='1.2'!H10/'1.2.a'!$H$86 -> 0.00026947455 | I10: ='1.2'!I10/'1.2.a'!$I$86 -> 0.00026442857 | J10: ='1.2'!J10/'1.2.a'!$J$86 -> 0.00021305765 | K10: ='1.2'!K10/'1.2.a'!$K$86 -> 0.00018553721 | L10: ='1.2'!L10/'1.2.a'!$L$86 -> 0.00018934787 | M10: ='1.2'!M10/'1.2.a'!$M$86 -> 0.00015320414 | N10: ='1.2'!N10/'1.2.a'!$N$86 -> 0.00015975714 | O10: ='1.2'!O10/'1.2.a'!$O$86 -> 0.00023329534 | P10: ='1.2'!P10/'1.2.a'!P$86 -> 0.00026844663
A11: 7015 | B11: Pesquisa e desenvolvimento de serviços públicos gerais | C11: ='1.2'!C11/'1.2.a'!$C$86 -> 7.6442737e-06 | D11: ='1.2'!D11/'1.2.a'!$D$86 -> 5.4195992e-06 | E11: ='1.2'!E11/'1.2.a'!$E$86 -> 5.7787437e-06 | F11: ='1.2'!F11/'1.2.a'!$F$86 -> 8.6266734e-06 | G11: ='1.2'!G11/'1.2.a'!$G$86 -> 6.637192e-06 | H11: ='1.2'!H11/'1.2.a'!$H$86 -> 8.439247e-06 | I11: ='1.2'!I11/'1.2.a'!$I$86 -> 5.3222815e-06 | J11: ='1.2'!J11/'1.2.a'!$J$86 -> 5.389747e-06 | K11: ='1.2'!K11/'1.2.a'!$K$86 -> 4.6143836e-06 | L11: ='1.2'!L11/'1.2.a'!$L$86 -> 3.4962606e-06 | M11: ='1.2'!M11/'1.2.a'!$M$86 -> 2.8809716e-06 | N11: ='1.2'!N11/'1.2.a'!$N$86 -> 2.5254464e-06 | O11: ='1.2'!O11/'1.2.a'!$O$86 -> 2.3272973e-06 | P11: ='1.2'!P11/'1.2.a'!P$86 -> 2.8717349e-06
A12: 7016 | B12: Serviços públicos gerais não especificados | C12: ='1.2'!C12/'1.2.a'!$C$86 -> 0.0011697553 | D12: ='1.2'!D12/'1.2.a'!$D$86 -> 0.0009466223 | E12: ='1.2'!E12/'1.2.a'!$E$86 -> 0.0010038929 | F12: ='1.2'!F12/'1.2.a'!$F$86 -> 0.00082591877 | G12: ='1.2'!G12/'1.2.a'!$G$86 -> 0.00091701637 | H12: ='1.2'!H12/'1.2.a'!$H$86 -> 0.00093191615 | I12: ='1.2'!I12/'1.2.a'!$I$86 -> 0.0010768705 | J12: ='1.2'!J12/'1.2.a'!$J$86 -> 0.00094984364 | K12: ='1.2'!K12/'1.2.a'!$K$86 -> 0.0012899856 | L12: ='1.2'!L12/'1.2.a'!$L$86 -> 0.00096222087 | M12: ='1.2'!M12/'1.2.a'!$M$86 -> 0.0012532791 | N12: ='1.2'!N12/'1.2.a'!$N$86 -> 0.00080584085 | O12: ='1.2'!O12/'1.2.a'!$O$86 -> 0.0014399372 | P12: ='1.2'!P12/'1.2.a'!P$86 -> 0.0008438111
A13: 7017 | B13: Transações da dívida pública4/ | C13: ='1.2'!C13/'1.2.a'!$C$86 -> 0.070462716 | D13: ='1.2'!D13/'1.2.a'!$D$86 -> 0.075915072 | E13: ='1.2'!E13/'1.2.a'!$E$86 -> 0.068865853 | F13: ='1.2'!F13/'1.2.a'!$F$86 -> 0.068695009 | G13: ='1.2'!G13/'1.2.a'!$G$86 -> 0.07374213 | H13: ='1.2'!H13/'1.2.a'!$H$86 -> 0.11682652 | I13: ='1.2'!I13/'1.2.a'!$I$86 -> 0.09681312 | J13: ='1.2'!J13/'1.2.a'!$J$86 -> 0.087590366 | K13: ='1.2'!K13/'1.2.a'!$K$86 -> 0.086107514 | L13: ='1.2'!L13/'1.2.a'!$L$86 -> 0.070041422 | M13: ='1.2'!M13/'1.2.a'!$M$86 -> 0.056589825 | N13: ='1.2'!N13/'1.2.a'!$N$86 -> 0.066778575 | O13: ='1.2'!O13/'1.2.a'!$O$86 -> 0.077838169 | P13: ='1.2'!P13/'1.2.a'!P$86 -> 0.078290869
A14: 7018 | B14: Transferências de caráter geral entre diferentes níveis de governo | C14: ='1.2'!C14/'1.2.a'!$C$86 -> 0.032876195 | D14: ='1.2'!D14/'1.2.a'!$D$86 -> 0.03476766 | E14: ='1.2'!E14/'1.2.a'!$E$86 -> 0.034172789 | F14: ='1.2'!F14/'1.2.a'!$F$86 -> 0.033280148 | G14: ='1.2'!G14/'1.2.a'!$G$86 -> 0.034142131 | H14: ='1.2'!H14/'1.2.a'!$H$86 -> 0.033772897 | I14: ='1.2'!I14/'1.2.a'!$I$86 -> 0.036068351 | J14: ='1.2'!J14/'1.2.a'!$J$86 -> 0.035017501 | K14: ='1.2'!K14/'1.2.a'!$K$86 -> 0.037259671 | L14: ='1.2'!L14/'1.2.a'!$L$86 -> 0.039110473 | M14: ='1.2'!M14/'1.2.a'!$M$86 -> 0.046447595 | N14: ='1.2'!N14/'1.2.a'!$N$86 -> 0.04019272 | O14: ='1.2'!O14/'1.2.a'!$O$86 -> 0.049188298 | P14: ='1.2'!P14/'1.2.a'!P$86 -> 0.0443635
A15: 702 | B15: Defesa | C15: ='1.2'!C15/'1.2.a'!$C$86 -> 0.007509135 | D15: ='1.2'!D15/'1.2.a'!$D$86 -> 0.0064705566 | E15: ='1.2'!E15/'1.2.a'!$E$86 -> 0.0065639903 | F15: ='1.2'!F15/'1.2.a'!$F$86 -> 0.0069917754 | G15: ='1.2'!G15/'1.2.a'!$G$86 -> 0.0067303186 | H15: ='1.2'!H15/'1.2.a'!$H$86 -> 0.0062950719 | I15: ='1.2'!I15/'1.2.a'!$I$86 -> 0.0062158417 | J15: ='1.2'!J15/'1.2.a'!$J$86 -> 0.0064421112 | K15: ='1.2'!K15/'1.2.a'!$K$86 -> 0.0064213362 | L15: ='1.2'!L15/'1.2.a'!$L$86 -> 0.0061918916 | M15: ='1.2'!M15/'1.2.a'!$M$86 -> 0.0065276146 | N15: ='1.2'!N15/'1.2.a'!$N$86 -> 0.0054678508 | O15: ='1.2'!O15/'1.2.a'!$O$86 -> 0.005117601 | P15: ='1.2'!P15/'1.2.a'!P$86 -> 0.0047815678
A16: 7021 | B16: Defesa militar | C16: ='1.2'!C16/'1.2.a'!$C$86 -> 0.006516576 | D16: ='1.2'!D16/'1.2.a'!$D$86 -> 0.0059054672 | E16: ='1.2'!E16/'1.2.a'!$E$86 -> 0.0059153961 | F16: ='1.2'!F16/'1.2.a'!$F$86 -> 0.0060135768 | G16: ='1.2'!G16/'1.2.a'!$G$86 -> 0.0060180089 | H16: ='1.2'!H16/'1.2.a'!$H$86 -> 0.0058247181 | I16: ='1.2'!I16/'1.2.a'!$I$86 -> 0.0057629708 | J16: ='1.2'!J16/'1.2.a'!$J$86 -> 0.005993783 | K16: ='1.2'!K16/'1.2.a'!$K$86 -> 0.0060366046 | L16: ='1.2'!L16/'1.2.a'!$L$86 -> 0.0058457481 | M16: ='1.2'!M16/'1.2.a'!$M$86 -> 0.0062076978 | N16: ='1.2'!N16/'1.2.a'!$N$86 -> 0.0052374036 | O16: ='1.2'!O16/'1.2.a'!$O$86 -> 0.0048738562 | P16: ='1.2'!P16/'1.2.a'!P$86 -> 0.0045388587
A17: 7022 | B17: Defesa civil | C17: ='1.2'!C17/'1.2.a'!$C$86 -> 0.00063162765 | D17: ='1.2'!D17/'1.2.a'!$D$86 -> 0.00027252119 | E17: ='1.2'!E17/'1.2.a'!$E$86 -> 0.00039603814 | F17: ='1.2'!F17/'1.2.a'!$F$86 -> 0.00077621222 | G17: ='1.2'!G17/'1.2.a'!$G$86 -> 0.00049623802 | H17: ='1.2'!H17/'1.2.a'!$H$86 -> 0.00024213539 | I17: ='1.2'!I17/'1.2.a'!$I$86 -> 0.0002578756 | J17: ='1.2'!J17/'1.2.a'!$J$86 -> 0.0002385864 | K17: ='1.2'!K17/'1.2.a'!$K$86 -> 0.00019199409 | L17: ='1.2'!L17/'1.2.a'!$L$86 -> 0.00013749055 | M17: ='1.2'!M17/'1.2.a'!$M$86 -> 0.00015488357 | N17: ='1.2'!N17/'1.2.a'!$N$86 -> 0.00010096365 | O17: ='1.2'!O17/'1.2.a'!$O$86 -> 0.0001154179 | P17: ='1.2'!P17/'1.2.a'!P$86 -> 0.0001239124
... A84: 7109 | B84: Proteção social não especificada | C84: ='1.2'!C84/'1.2.a'!$C$86 -> 0.0037635221 | D84: ='1.2'!D84/'1.2.a'!$D$86 -> 0.0033541456 | E84: ='1.2'!E84/'1.2.a'!$E$86 -> 0.003078318 | F84: ='1.2'!F84/'1.2.a'!$F$86 -> 0.0029969561 | G84: ='1.2'!G84/'1.2.a'!$G$86 -> 0.0030909564 | H84: ='1.2'!H84/'1.2.a'!$H$86 -> 0.0031641681 | I84: ='1.2'!I84/'1.2.a'!$I$86 -> 0.0034143569 | J84: ='1.2'!J84/'1.2.a'!$J$86 -> 0.0035138703 | K84: ='1.2'!K84/'1.2.a'!$K$86 -> 0.0035528376 | L84: ='1.2'!L84/'1.2.a'!$L$86 -> 0.0036710576 | M84: ='1.2'!M84/'1.2.a'!$M$86 -> 0.0036604942 | N84: ='1.2'!N84/'1.2.a'!$N$86 -> 0.0037041139 | O84: ='1.2'!O84/'1.2.a'!$O$86 -> 0.0038724305 | P84: ='1.2'!P84/'1.2.a'!P$86 -> 0.0028227076
A85: Itens de memorando
A86: 1. | B86: PIB (Valores a preços correntes - R$ Milhões) 6/ | C86: 3885847 | D86: 4376382 | E86: 4814760 | F86: 5331619 | G86: 5778953 | H86: 5995787 | I86: 6269328 | J86: 6585479 | K86: 7004141 | L86: 7389131 | M86: 7609597 | N86: 9012142 | O86: 10079676 | P86: 10943344
A87: Fonte: STN, SOF, IBGE e BCB
A88: Obs.: Dados sujeitos a alteração
A89: 1/ A compilação da despesa segue a classificação por Função de Governo (COFOG - Classification of Functions of Government) da OCDE/ONU.
A90: 2/ Fonte: SIAFI e Balancetes contábeis do Fundo de Garantia do Tempo de Serviço - FGTS e do Fundo remanescente do Programa de Integração Social e Programa de Formação do Patrimônio do Servidor Público (PIS/PASEP). O governo central consolidado é composto por todas as unidades que integram o Orçamento Fiscal e da Seguridade Social, exceto o Banco Central do Brasil, o FGTS e Fundo PIS/PASEP.
A91: 3/ Despesa apurada pelo regime competência que corresponde ao conceito de despesa liquidada incluído o pagamento de restos a pagar não processados inscritos em exercícios anteriores.
A92: 4/ Fonte: Banco Central do Brasil.
A93: 5/ Ensino fundamental I corresponde aos 5 primeiros anos do ensino fundamental.
A94: 6/ Fonte: IBGE.

Sheet 1.3.a
A1: Tabela 1.3.a. Despesa por função de governo1/ - Governos Estaduais - Brasil - Anual
A2: Valores em % do PIB
A4: Governos Estaduais 2/ | C4: 2010 | D4: 2011 | E4: 2012 | F4: 2013 | G4: 2014 | H4: 2015 | I4: 2016 | J4: 2017 | K4: 2018 | L4: 2019 | M4: 2020 | N4: 2021 | O4: 2022 | P4: 2023
A5: 7 | B5: Despesa total3/ | C5: ='1.3'!C5/'1.3.a'!$C$86 -> 0.13354566 | D5: ='1.3'!D5/'1.3.a'!$D$86 -> 0.12364296 | E5: ='1.3'!E5/'1.3.a'!$E$86 -> 0.12646995 | F5: ='1.3'!F5/'1.3.a'!$F$86 -> 0.1281743 | G5: ='1.3'!G5/'1.3.a'!$G$86 -> 0.12906652 | H5: ='1.3'!H5/'1.3.a'!$H$86 -> 0.13391136 | I5: ='1.3'!I5/'1.3.a'!$I$86 -> 0.13251804 | J5: ='1.3'!J5/'1.3.a'!$J$86 -> 0.12835425 | K5: ='1.3'!K5/'1.3.a'!$K$86 -> 0.12803771 | L5: ='1.3'!L5/'1.3.a'!$L$86 -> 0.12483868 | M5: ='1.3'!M5/'1.3.a'!$M$86 -> 0.124484 | N5: ='1.3'!N5/'1.3.a'!$N$86 -> 0.12038345 | O5: ='1.3'!O5/'1.3.a'!O$86 -> 0.13589387 | P5: ='1.3'!P5/'1.3.a'!P$86 -> 0.13352385
A6: 701 | B6: Serviços públicos gerais | C6: ='1.3'!C6/'1.3.a'!$C$86 -> 0.046104401 | D6: ='1.3'!D6/'1.3.a'!$D$86 -> 0.039793051 | E6: ='1.3'!E6/'1.3.a'!$E$86 -> 0.041804453 | F6: ='1.3'!F6/'1.3.a'!$F$86 -> 0.039498446 | G6: ='1.3'!G6/'1.3.a'!$G$86 -> 0.038138129 | H6: ='1.3'!H6/'1.3.a'!$H$86 -> 0.043568354 | I6: ='1.3'!I6/'1.3.a'!$I$86 -> 0.039242525 | J6: ='1.3'!J6/'1.3.a'!$J$86 -> 0.034332028 | K6: ='1.3'!K6/'1.3.a'!$K$86 -> 0.034407048 | L6: ='1.3'!L6/'1.3.a'!$L$86 -> 0.032756735 | M6: ='1.3'!M6/'1.3.a'!$M$86 -> 0.029517168 | N6: ='1.3'!N6/'1.3.a'!$N$86 -> 0.036297369 | O6: ='1.3'!O6/'1.3.a'!$O$86 -> 0.039376019 | P6: ='1.3'!P6/'1.3.a'!P$86 -> 0.037363196
A7: 7011 | B7: Poder execut., leg., assuntos fiscais, financeiros e externos | C7: ='1.3'!C7/'1.3.a'!$C$86 -> 0.0093599715 | D7: ='1.3'!D7/'1.3.a'!$D$86 -> 0.0080532932 | E7: ='1.3'!E7/'1.3.a'!$E$86 -> 0.0093720972 | F7: ='1.3'!F7/'1.3.a'!$F$86 -> 0.0088564776 | G7: ='1.3'!G7/'1.3.a'!$G$86 -> 0.0087056737 | H7: ='1.3'!H7/'1.3.a'!$H$86 -> 0.0085401857 | I7: ='1.3'!I7/'1.3.a'!$I$86 -> 0.0074384025 | J7: ='1.3'!J7/'1.3.a'!$J$86 -> 0.0070645137 | K7: ='1.3'!K7/'1.3.a'!$K$86 -> 0.0066536753 | L7: ='1.3'!L7/'1.3.a'!$L$86 -> 0.0066462623 | M7: ='1.3'!M7/'1.3.a'!$M$86 -> 0.0058953891 | N7: ='1.3'!N7/'1.3.a'!$N$86 -> 0.011296253 | O7: ='1.3'!O7/'1.3.a'!$O$86 -> 0.010372504 | P7: ='1.3'!P7/'1.3.a'!P$86 -> 0.0082483564
A8: 7012 | B8: Ajuda econômica externa | C8: ='1.3'!C8/'1.3.a'!$C$86 -> 0 | D8: ='1.3'!D8/'1.3.a'!$D$86 -> 0 | E8: ='1.3'!E8/'1.3.a'!$E$86 -> 0 | F8: ='1.3'!F8/'1.3.a'!$F$86 -> 0 | G8: ='1.3'!G8/'1.3.a'!$G$86 -> 0 | H8: ='1.3'!H8/'1.3.a'!$H$86 -> 0 | I8: ='1.3'!I8/'1.3.a'!$I$86 -> 0 | J8: ='1.3'!J8/'1.3.a'!$J$86 -> 0 | K8: ='1.3'!K8/'1.3.a'!$K$86 -> 0 | L8: ='1.3'!L8/'1.3.a'!$L$86 -> 0 | M8: ='1.3'!M8/'1.3.a'!$M$86 -> 0 | N8: ='1.3'!N8/'1.3.a'!$N$86 -> 0 | O8: ='1.3'!O8/'1.3.a'!$O$86 -> 0 | P8: ='1.3'!P8/'1.3.a'!P$86 -> 0
A9: 7013 | B9: Serviços gerais | C9: ='1.3'!C9/'1.3.a'!$C$86 -> 0.0011061153 | D9: ='1.3'!D9/'1.3.a'!$D$86 -> 0.00095431469 | E9: ='1.3'!E9/'1.3.a'!$E$86 -> 0.0009875808 | F9: ='1.3'!F9/'1.3.a'!$F$86 -> 0.0010580662 | G9: ='1.3'!G9/'1.3.a'!$G$86 -> 0.0010090356 | H9: ='1.3'!H9/'1.3.a'!$H$86 -> 0.00084815127 | I9: ='1.3'!I9/'1.3.a'!$I$86 -> 0.00042856398 | J9: ='1.3'!J9/'1.3.a'!$J$86 -> 0.00044017085 | K9: ='1.3'!K9/'1.3.a'!$K$86 -> 0.00043884408 | L9: ='1.3'!L9/'1.3.a'!$L$86 -> 0.00043225455 | M9: ='1.3'!M9/'1.3.a'!$M$86 -> 0.0004280932 | N9: ='1.3'!N9/'1.3.a'!$N$86 -> 0.00046225834 | O9: ='1.3'!O9/'1.3.a'!$O$86 -> 0.00047148575 | P9: ='1.3'!P9/'1.3.a'!P$86 -> 0.00053026842
A10: 7014 | B10: Pesquisa básica | C10: ='1.3'!C10/'1.3.a'!$C$86 -> 0 | D10: ='1.3'!D10/'1.3.a'!$D$86 -> 0 | E10: ='1.3'!E10/'1.3.a'!$E$86 -> 0 | F10: ='1.3'!F10/'1.3.a'!$F$86 -> 0 | G10: ='1.3'!G10/'1.3.a'!$G$86 -> 0 | H10: ='1.3'!H10/'1.3.a'!$H$86 -> 0 | I10: ='1.3'!I10/'1.3.a'!$I$86 -> 0 | J10: ='1.3'!J10/'1.3.a'!$J$86 -> 0 | K10: ='1.3'!K10/'1.3.a'!$K$86 -> 0 | L10: ='1.3'!L10/'1.3.a'!$L$86 -> 0 | M10: ='1.3'!M10/'1.3.a'!$M$86 -> 0 | N10: ='1.3'!N10/'1.3.a'!$N$86 -> 0 | O10: ='1.3'!O10/'1.3.a'!$O$86 -> 0 | P10: ='1.3'!P10/'1.3.a'!P$86 -> 0
A11: 7015 | B11: Pesquisa e desenvolvimento de serviços públicos gerais | C11: ='1.3'!C11/'1.3.a'!$C$86 -> 1.5886403e-05 | D11: ='1.3'!D11/'1.3.a'!$D$86 -> 1.5138292e-05 | E11: ='1.3'!E11/'1.3.a'!$E$86 -> 1.6391685e-05 | F11: ='1.3'!F11/'1.3.a'!$F$86 -> 1.6789001e-05 | G11: ='1.3'!G11/'1.3.a'!$G$86 -> 1.6447997e-05 | H11: ='1.3'!H11/'1.3.a'!$H$86 -> 1.3836112e-05 | I11: ='1.3'!I11/'1.3.a'!$I$86 -> 1.3718273e-06 | J11: ='1.3'!J11/'1.3.a'!$J$86 -> 6.6629004e-07 | K11: ='1.3'!K11/'1.3.a'!$K$86 -> 7.2730477e-07 | L11: ='1.3'!L11/'1.3.a'!$L$86 -> 7.2612339e-07 | M11: ='1.3'!M11/'1.3.a'!$M$86 -> 1.9679442e-06 | N11: ='1.3'!N11/'1.3.a'!$N$86 -> 8.4926082e-06 | O11: ='1.3'!O11/'1.3.a'!$O$86 -> 1.047154e-06 | P11: ='1.3'!P11/'1.3.a'!P$86 -> 1.1399378e-06
A12: 7016 | B12: Serviços públicos gerais não especificados | C12: ='1.3'!C12/'1.3.a'!$C$86 -> 0 | D12: ='1.3'!D12/'1.3.a'!$D$86 -> 0 | E12: ='1.3'!E12/'1.3.a'!$E$86 -> 0 | F12: ='1.3'!F12/'1.3.a'!$F$86 -> 0 | G12: ='1.3'!G12/'1.3.a'!$G$86 -> 0 | H12: ='1.3'!H12/'1.3.a'!$H$86 -> 0 | I12: ='1.3'!I12/'1.3.a'!$I$86 -> 1.1849074e-12 | J12: ='1.3'!J12/'1.3.a'!$J$86 -> 8.1985557e-12 | K12: ='1.3'!K12/'1.3.a'!$K$86 -> 7.3467745e-12 | L12: ='1.3'!L12/'1.3.a'!$L$86 -> 8.3010945e-12 | M12: ='1.3'!M12/'1.3.a'!$M$86 -> 0 | N12: ='1.3'!N12/'1.3.a'!$N$86 -> 0 | O12: ='1.3'!O12/'1.3.a'!$O$86 -> 0 | P12: ='1.3'!P12/'1.3.a'!P$86 -> 0
A13: 7017 | B13: Transações da dívida pública4/ | C13: ='1.3'!C13/'1.3.a'!$C$86 -> 0.015801268 | D13: ='1.3'!D13/'1.3.a'!$D$86 -> 0.011106 | E13: ='1.3'!E13/'1.3.a'!$E$86 -> 0.011837109 | F13: ='1.3'!F13/'1.3.a'!$F$86 -> 0.010149072 | G13: ='1.3'!G13/'1.3.a'!$G$86 -> 0.0091717743 | H13: ='1.3'!H13/'1.3.a'!$H$86 -> 0.01494917 | I13: ='1.3'!I13/'1.3.a'!$I$86 -> 0.012815211 | J13: ='1.3'!J13/'1.3.a'!$J$86 -> 0.0082474086 | K13: ='1.3'!K13/'1.3.a'!$K$86 -> 0.0086718276 | L13: ='1.3'!L13/'1.3.a'!$L$86 -> 0.006645912 | M13: ='1.3'!M13/'1.3.a'!$M$86 -> 0.0047765158 | N13: ='1.3'!N13/'1.3.a'!$N$86 -> 0.0041025714 | O13: ='1.3'!O13/'1.3.a'!$O$86 -> 0.009364462 | P13: ='1.3'!P13/'1.3.a'!P$86 -> 0.010612634
A14: 7018 | B14: Transferências de caráter geral entre diferentes níveis de governo | C14: ='1.3'!C14/'1.3.a'!$C$86 -> 0.01982116 | D14: ='1.3'!D14/'1.3.a'!$D$86 -> 0.019664305 | E14: ='1.3'!E14/'1.3.a'!$E$86 -> 0.019591274 | F14: ='1.3'!F14/'1.3.a'!$F$86 -> 0.019418041 | G14: ='1.3'!G14/'1.3.a'!$G$86 -> 0.019235198 | H14: ='1.3'!H14/'1.3.a'!$H$86 -> 0.019217011 | I14: ='1.3'!I14/'1.3.a'!$I$86 -> 0.018558976 | J14: ='1.3'!J14/'1.3.a'!$J$86 -> 0.018579269 | K14: ='1.3'!K14/'1.3.a'!$K$86 -> 0.018641974 | L14: ='1.3'!L14/'1.3.a'!$L$86 -> 0.01903158 | M14: ='1.3'!M14/'1.3.a'!$M$86 -> 0.018415202 | N14: ='1.3'!N14/'1.3.a'!$N$86 -> 0.020427793 | O14: ='1.3'!O14/'1.3.a'!$O$86 -> 0.01916652 | P14: ='1.3'!P14/'1.3.a'!P$86 -> 0.017970798
A15: 702 | B15: Defesa | C15: ='1.3'!C15/'1.3.a'!$C$86 -> 0.00032156906 | D15: ='1.3'!D15/'1.3.a'!$D$86 -> 0.0002443405 | E15: ='1.3'!E15/'1.3.a'!$E$86 -> 0.0002654863 | F15: ='1.3'!F15/'1.3.a'!$F$86 -> 0.00027692131 | G15: ='1.3'!G15/'1.3.a'!$G$86 -> 0.00032173921 | H15: ='1.3'!H15/'1.3.a'!$H$86 -> 0.00027044265 | I15: ='1.3'!I15/'1.3.a'!$I$86 -> 0.00021291471 | J15: ='1.3'!J15/'1.3.a'!$J$86 -> 0.00021750034 | K15: ='1.3'!K15/'1.3.a'!$K$86 -> 0.00021733849 | L15: ='1.3'!L15/'1.3.a'!$L$86 -> 0.00019740401 | M15: ='1.3'!M15/'1.3.a'!$M$86 -> 0.00015143054 | N15: ='1.3'!N15/'1.3.a'!$N$86 -> 0.00016970906 | O15: ='1.3'!O15/'1.3.a'!$O$86 -> 0.00023852807 | P15: ='1.3'!P15/'1.3.a'!P$86 -> 0.00022489183
A16: 7021 | B16: Defesa militar | C16: ='1.3'!C16/'1.3.a'!$C$86 -> 0 | D16: ='1.3'!D16/'1.3.a'!$D$86 -> 0 | E16: ='1.3'!E16/'1.3.a'!$E$86 -> 0 | F16: ='1.3'!F16/'1.3.a'!$F$86 -> 0 | G16: ='1.3'!G16/'1.3.a'!$G$86 -> 0 | H16: ='1.3'!H16/'1.3.a'!$H$86 -> 0 | I16: ='1.3'!I16/'1.3.a'!$I$86 -> 0 | J16: ='1.3'!J16/'1.3.a'!$J$86 -> 0 | K16: ='1.3'!K16/'1.3.a'!$K$86 -> 0 | L16: ='1.3'!L16/'1.3.a'!$L$86 -> 0 | M16: ='1.3'!M16/'1.3.a'!$M$86 -> 0 | N16: ='1.3'!N16/'1.3.a'!$N$86 -> 0 | O16: ='1.3'!O16/'1.3.a'!$O$86 -> 0 | P16: ='1.3'!P16/'1.3.a'!P$86 -> 0
A17: 7022 | B17: Defesa civil | C17: ='1.3'!C17/'1.3.a'!$C$86 -> 0.00032156906 | D17: ='1.3'!D17/'1.3.a'!$D$86 -> 0.0002443405 | E17: ='1.3'!E17/'1.3.a'!$E$86 -> 0.0002654863 | F17: ='1.3'!F17/'1.3.a'!$F$86 -> 0.00027692131 | G17: ='1.3'!G17/'1.3.a'!$G$86 -> 0.00032173921 | H17: ='1.3'!H17/'1.3.a'!$H$86 -> 0.00027044265 | I17: ='1.3'!I17/'1.3.a'!$I$86 -> 0.00021291471 | J17: ='1.3'!J17/'1.3.a'!$J$86 -> 0.00021750034 | K17: ='1.3'!K17/'1.3.a'!$K$86 -> 0.00021733849 | L17: ='1.3'!L17/'1.3.a'!$L$86 -> 0.00019740401 | M17: ='1.3'!M17/'1.3.a'!$M$86 -> 0.00015143054 | N17: ='1.3'!N17/'1.3.a'!$N$86 -> 0.00016970906 | O17: ='1.3'!O17/'1.3.a'!$O$86 -> 0.00023852807 | P17: ='1.3'!P17/'1.3.a'!P$86 -> 0.00022489183
... A84: 7109 | B84: Proteção social não especificada | C84: ='1.3'!C84/'1.3.a'!$C$86 -> 0.00022932885 | D84: ='1.3'!D84/'1.3.a'!$D$86 -> 0.00023173456 | E84: ='1.3'!E84/'1.3.a'!$E$86 -> 0.00023929732 | F84: ='1.3'!F84/'1.3.a'!$F$86 -> 0.00025866477 | G84: ='1.3'!G84/'1.3.a'!$G$86 -> 0.00026582632 | H84: ='1.3'!H84/'1.3.a'!$H$86 -> 0.00024813746 | I84: ='1.3'!I84/'1.3.a'!$I$86 -> 0.00021815325 | J84: ='1.3'!J84/'1.3.a'!$J$86 -> 0.00019319155 | K84: ='1.3'!K84/'1.3.a'!$K$86 -> 0.00018883607 | L84: ='1.3'!L84/'1.3.a'!$L$86 -> 0.00017034395 | M84: ='1.3'!M84/'1.3.a'!$M$86 -> 0.00034227623 | N84: ='1.3'!N84/'1.3.a'!$N$86 -> 0.00017720973 | O84: ='1.3'!O84/'1.3.a'!$O$86 -> 0.00028349341 | P84: ='1.3'!P84/'1.3.a'!P$86 -> 0.00022795061
A85: Itens de memorando
A86: 1. | B86: PIB (Valores a preços correntes - R$ Milhões) 6/ | C86: 3885847 | D86: 4376382 | E86: 4814760 | F86: 5331619 | G86: 5778953 | H86: 5995787 | I86: 6269328 | J86: 6585479 | K86: 7004141 | L86: 7389131 | M86: 7609597 | N86: 9012142 | O86: 10079676 | P86: 10943344
A87: Fonte: STN, SOF, IBGE e BCB
A88: Obs.: Dados sujeitos a alteração
A89: 1/ A compilação da despesa segue a classificação por Função de Governo (COFOG - Classification of Functions of Government) da OCDE/ONU.
A90: 2/ Fonte: Matriz de Saldos Contábeis disponível no Sistema de Informações Contábeis e Fiscais do Setor Público Brasileiro - Siconfi, Relatório Resumido da Execução Orçamentária (RREO) do FINBRA, Demonstrativo de Contas Anuais e portais de transparência.
A91: 3/ Despesa apurada pelo regime competência que corresponde ao conceito de despesa liquidada incluído o pagamento de restos a pagar não processados inscritos em exercícios anteriores.
A92: 4/ Fonte: Banco Central do Brasil.
A93: 5/ Ensino fundamental I corresponde aos 5 primeiros anos do ensino fundamental.
A94: 6/ Fonte: IBGE.

Sheet 1.4.a
A1: Tabela 1.4.a. Despesa por função de governo1/ - Governos Municipais - Brasil - Anual
A2: Valores em % do PIB
A4: Governos Municipais 2/ | C4: 2010 | D4: 2011 | E4: 2012 | F4: 2013 | G4: 2014 | H4: 2015 | I4: 2016 | J4: 2017 | K4: 2018 | L4: 2019 | M4: 2020 | N4: 2021 | O4: 2022 | P4: 2023
A5: 7 | B5: Despesa total3/ | C5: ='1.4'!C5/'1.4.a'!$C$86 -> 0.080838312 | D5: ='1.4'!D5/'1.4.a'!$D$86 -> 0.080492654 | E5: ='1.4'!E5/'1.4.a'!$E$86 -> 0.083876458 | F5: ='1.4'!F5/'1.4.a'!$F$86 -> 0.079514226 | G5: ='1.4'!G5/'1.4.a'!$G$86 -> 0.083880499 | H5: ='1.4'!H5/'1.4.a'!$H$86 -> 0.086991308 | I5: ='1.4'!I5/'1.4.a'!$I$86 -> 0.088134019 | J5: ='1.4'!J5/'1.4.a'!$J$86 -> 0.083264308 | K5: ='1.4'!K5/'1.4.a'!$K$86 -> 0.086164528 | L5: ='1.4'!L5/'1.4.a'!$L$86 -> 0.089272341 | M5: ='1.4'!M5/'1.4.a'!$M$86 -> 0.09460678 | N5: ='1.4'!N5/'1.4.a'!$N$86 -> 0.085743036 | O5: ='1.4'!O5/'1.4.a'!O$86 -> 0.096576501 | P5: ='1.4'!P5/'1.4.a'!P$86 -> 0.10268035
A6: 701 | B6: Serviços públicos gerais | C6: ='1.4'!C6/'1.4.a'!$C$86 -> 0.014414948 | D6: ='1.4'!D6/'1.4.a'!$D$86 -> 0.013894648 | E6: ='1.4'!E6/'1.4.a'!$E$86 -> 0.01408106 | F6: ='1.4'!F6/'1.4.a'!$F$86 -> 0.013473968 | G6: ='1.4'!G6/'1.4.a'!$G$86 -> 0.013555776 | H6: ='1.4'!H6/'1.4.a'!$H$86 -> 0.014766224 | I6: ='1.4'!I6/'1.4.a'!$I$86 -> 0.013664846 | J6: ='1.4'!J6/'1.4.a'!$J$86 -> 0.012241014 | K6: ='1.4'!K6/'1.4.a'!$K$86 -> 0.012638098 | L6: ='1.4'!L6/'1.4.a'!$L$86 -> 0.013729299 | M6: ='1.4'!M6/'1.4.a'!$M$86 -> 0.014194144 | N6: ='1.4'!N6/'1.4.a'!$N$86 -> 0.013033953 | O6: ='1.4'!O6/'1.4.a'!$O$86 -> 0.014175865 | P6: ='1.4'!P6/'1.4.a'!P$86 -> 0.014178327
A7: 7011 | B7: Poder execut., leg., assuntos fiscais, financeiros e externos | C7: ='1.4'!C7/'1.4.a'!$C$86 -> 0.0043985937 | D7: ='1.4'!D7/'1.4.a'!$D$86 -> 0.004426838 | E7: ='1.4'!E7/'1.4.a'!$E$86 -> 0.0045060997 | F7: ='1.4'!F7/'1.4.a'!$F$86 -> 0.0046196873 | G7: ='1.4'!G7/'1.4.a'!$G$86 -> 0.0047645858 | H7: ='1.4'!H7/'1.4.a'!$H$86 -> 0.0050047507 | I7: ='1.4'!I7/'1.4.a'!$I$86 -> 0.0052450144 | J7: ='1.4'!J7/'1.4.a'!$J$86 -> 0.0050820472 | K7: ='1.4'!K7/'1.4.a'!$K$86 -> 0.0051542406 | L7: ='1.4'!L7/'1.4.a'!$L$86 -> 0.0052988268 | M7: ='1.4'!M7/'1.4.a'!$M$86 -> 0.0055850984 | N7: ='1.4'!N7/'1.4.a'!$N$86 -> 0.0052048244 | O7: ='1.4'!O7/'1.4.a'!$O$86 -> 0.0054645657 | P7: ='1.4'!P7/'1.4.a'!P$86 -> 0.0055944501
A8: 7012 | B8: Ajuda econômica externa | C8: ='1.4'!C8/'1.4.a'!$C$86 -> 1.6991e-06 | D8: ='1.4'!D8/'1.4.a'!$D$86 -> 1.266644e-06 | E8: ='1.4'!E8/'1.4.a'!$E$86 -> 1.2423588e-06 | F8: ='1.4'!F8/'1.4.a'!$F$86 -> 1.0981615e-06 | G8: ='1.4'!G8/'1.4.a'!$G$86 -> 9.9634452e-07 | H8: ='1.4'!H8/'1.4.a'!$H$86 -> 1.0952624e-06 | I8: ='1.4'!I8/'1.4.a'!$I$86 -> 1.0953327e-06 | J8: ='1.4'!J8/'1.4.a'!$J$86 -> 3.3067867e-07 | K8: ='1.4'!K8/'1.4.a'!$K$86 -> 1.9303629e-07 | L8: ='1.4'!L8/'1.4.a'!$L$86 -> 0 | M8: ='1.4'!M8/'1.4.a'!$M$86 -> 0 | N8: ='1.4'!N8/'1.4.a'!$N$86 -> 0 | O8: ='1.4'!O8/'1.4.a'!$O$86 -> 0 | P8: ='1.4'!P8/'1.4.a'!P$86 -> 0
A9: 7013 | B9: Serviços gerais | C9: ='1.4'!C9/'1.4.a'!$C$86 -> 0.0070939035 | D9: ='1.4'!D9/'1.4.a'!$D$86 -> 0.0072988304 | E9: ='1.4'!E9/'1.4.a'!$E$86 -> 0.0072395289 | F9: ='1.4'!F9/'1.4.a'!$F$86 -> 0.0067258257 | G9: ='1.4'!G9/'1.4.a'!$G$86 -> 0.0068168655 | H9: ='1.4'!H9/'1.4.a'!$H$86 -> 0.0067754207 | I9: ='1.4'!I9/'1.4.a'!$I$86 -> 0.0067808919 | J9: ='1.4'!J9/'1.4.a'!$J$86 -> 0.0062553821 | K9: ='1.4'!K9/'1.4.a'!$K$86 -> 0.0066028346 | L9: ='1.4'!L9/'1.4.a'!$L$86 -> 0.0076185151 | M9: ='1.4'!M9/'1.4.a'!$M$86 -> 0.0077781986 | N9: ='1.4'!N9/'1.4.a'!$N$86 -> 0.0070636939 | O9: ='1.4'!O9/'1.4.a'!$O$86 -> 0.0076103798 | P9: ='1.4'!P9/'1.4.a'!P$86 -> 0.0075480576
A10: 7014 | B10: Pesquisa básica | C10: ='1.4'!C10/'1.4.a'!$C$86 -> 1.5929246e-05 | D10: ='1.4'!D10/'1.4.a'!$D$86 -> 5.2298391e-06 | E10: ='1.4'!E10/'1.4.a'!$E$86 -> 1.7257198e-05 | F10: ='1.4'!F10/'1.4.a'!$F$86 -> 6.7030174e-06 | G10: ='1.4'!G10/'1.4.a'!$G$86 -> 1.8635238e-05 | H10: ='1.4'!H10/'1.4.a'!$H$86 -> 2.282409e-05 | I10: ='1.4'!I10/'1.4.a'!$I$86 -> 1.1719394e-05 | J10: ='1.4'!J10/'1.4.a'!$J$86 -> 1.3379728e-05 | K10: ='1.4'!K10/'1.4.a'!$K$86 -> 1.7719711e-05 | L10: ='1.4'!L10/'1.4.a'!$L$86 -> 2.580082e-05 | M10: ='1.4'!M10/'1.4.a'!$M$86 -> 2.7691649e-05 | N10: ='1.4'!N10/'1.4.a'!$N$86 -> 2.5913976e-05 | O10: ='1.4'!O10/'1.4.a'!$O$86 -> 6.3474279e-05 | P10: ='1.4'!P10/'1.4.a'!P$86 -> 7.2573885e-05
A11: 7015 | B11: Pesquisa e desenvolvimento de serviços públicos gerais | C11: ='1.4'!C11/'1.4.a'!$C$86 -> 0 | D11: ='1.4'!D11/'1.4.a'!$D$86 -> 0 | E11: ='1.4'!E11/'1.4.a'!$E$86 -> 0 | F11: ='1.4'!F11/'1.4.a'!$F$86 -> 0 | G11: ='1.4'!G11/'1.4.a'!$G$86 -> 1.4177213e-08 | H11: ='1.4'!H11/'1.4.a'!$H$86 -> 2.6696192e-08 | I11: ='1.4'!I11/'1.4.a'!$I$86 -> 2.0587051e-08 | J11: ='1.4'!J11/'1.4.a'!$J$86 -> 1.2807448e-08 | K11: ='1.4'!K11/'1.4.a'!$K$86 -> 2.0987806e-08 | L11: ='1.4'!L11/'1.4.a'!$L$86 -> 1.3992607e-08 | M11: ='1.4'!M11/'1.4.a'!$M$86 -> 1.8233718e-08 | N11: ='1.4'!N11/'1.4.a'!$N$86 -> 1.6969576e-08 | O11: ='1.4'!O11/'1.4.a'!$O$86 -> 4.468637e-08 | P11: ='1.4'!P11/'1.4.a'!P$86 -> 5.6849832e-08
A12: 7016 | B12: Serviços públicos gerais não especificados | C12: ='1.4'!C12/'1.4.a'!$C$86 -> 7.8424564e-05 | D12: ='1.4'!D12/'1.4.a'!$D$86 -> 4.3544177e-05 | E12: ='1.4'!E12/'1.4.a'!$E$86 -> 7.173648e-05 | F12: ='1.4'!F12/'1.4.a'!$F$86 -> 9.5746662e-05 | G12: ='1.4'!G12/'1.4.a'!$G$86 -> 9.1725693e-05 | H12: ='1.4'!H12/'1.4.a'!$H$86 -> 0.00011001316 | I12: ='1.4'!I12/'1.4.a'!$I$86 -> 0.00012010753 | J12: ='1.4'!J12/'1.4.a'!$J$86 -> 0.00010409213 | K12: ='1.4'!K12/'1.4.a'!$K$86 -> 9.899823e-05 | L12: ='1.4'!L12/'1.4.a'!$L$86 -> 0.0001278953 | M12: ='1.4'!M12/'1.4.a'!$M$86 -> 0.00014416169 | N12: ='1.4'!N12/'1.4.a'!$N$86 -> 0.00013632822 | O12: ='1.4'!O12/'1.4.a'!$O$86 -> 0.00014534104 | P12: ='1.4'!P12/'1.4.a'!P$86 -> 0.00014863205
A13: 7017 | B13: Transações da dívida pública4/ | C13: ='1.4'!C13/'1.4.a'!$C$86 -> 0.0028263976 | D13: ='1.4'!D13/'1.4.a'!$D$86 -> 0.0021189389 | E13: ='1.4'!E13/'1.4.a'!$E$86 -> 0.0022451086 | F13: ='1.4'!F13/'1.4.a'!$F$86 -> 0.0020249076 | G13: ='1.4'!G13/'1.4.a'!$G$86 -> 0.00186287 | H13: ='1.4'!H13/'1.4.a'!$H$86 -> 0.0028520755 | I13: ='1.4'!I13/'1.4.a'!$I$86 -> 0.0015059968 | J13: ='1.4'!J13/'1.4.a'!$J$86 -> 0.00078575929 | K13: ='1.4'!K13/'1.4.a'!$K$86 -> 0.00076408027 | L13: ='1.4'!L13/'1.4.a'!$L$86 -> 0.00065756831 | M13: ='1.4'!M13/'1.4.a'!$M$86 -> 0.00065787699 | N13: ='1.4'!N13/'1.4.a'!$N$86 -> 0.00060223362 | O13: ='1.4'!O13/'1.4.a'!$O$86 -> 0.00089091229 | P13: ='1.4'!P13/'1.4.a'!P$86 -> 0.00081373082
A14: 7018 | B14: Transferências de caráter geral entre diferentes níveis de governo | C14: ='1.4'!C14/'1.4.a'!$C$86 -> 0 | D14: ='1.4'!D14/'1.4.a'!$D$86 -> 0 | E14: ='1.4'!E14/'1.4.a'!$E$86 -> 8.6472067e-08 | F14: ='1.4'!F14/'1.4.a'!$F$86 -> 0 | G14: ='1.4'!G14/'1.4.a'!$G$86 -> 8.3648919e-08 | H14: ='1.4'!H14/'1.4.a'!$H$86 -> 1.7873315e-08 | I14: ='1.4'!I14/'1.4.a'!$I$86 -> 0 | J14: ='1.4'!J14/'1.4.a'!$J$86 -> 9.8988005e-09 | K14: ='1.4'!K14/'1.4.a'!$K$86 -> 1.0789401e-08 | L14: ='1.4'!L14/'1.4.a'!$L$86 -> 6.7885593e-07 | M14: ='1.4'!M14/'1.4.a'!$M$86 -> 1.0980005e-06 | N14: ='1.4'!N14/'1.4.a'!$N$86 -> 9.4155487e-07 | O14: ='1.4'!O14/'1.4.a'!$O$86 -> 1.1474531e-06 | P14: ='1.4'!P14/'1.4.a'!P$86 -> 8.2611186e-07
A15: 702 | B15: Defesa | C15: ='1.4'!C15/'1.4.a'!$C$86 -> 0.00018629981 | D15: ='1.4'!D15/'1.4.a'!$D$86 -> 0.00021067654 | E15: ='1.4'!E15/'1.4.a'!$E$86 -> 0.00019616988 | F15: ='1.4'!F15/'1.4.a'!$F$86 -> 0.00017876021 | G15: ='1.4'!G15/'1.4.a'!$G$86 -> 0.00015429906 | H15: ='1.4'!H15/'1.4.a'!$H$86 -> 0.0001389874 | I15: ='1.4'!I15/'1.4.a'!$I$86 -> 0.00014096555 | J15: ='1.4'!J15/'1.4.a'!$J$86 -> 0.00012814898 | K15: ='1.4'!K15/'1.4.a'!$K$86 -> 0.00011619005 | L15: ='1.4'!L15/'1.4.a'!$L$86 -> 0.00014409884 | M15: ='1.4'!M15/'1.4.a'!$M$86 -> 0.00015213228 | N15: ='1.4'!N15/'1.4.a'!$N$86 -> 0.00013520093 | O15: ='1.4'!O15/'1.4.a'!$O$86 -> 0.00015303048 | P15: ='1.4'!P15/'1.4.a'!P$86 -> 0.00018435503
A16: 7021 | B16: Defesa militar | C16: ='1.4'!C16/'1.4.a'!$C$86 -> 4.283372e-06 | D16: ='1.4'!D16/'1.4.a'!$D$86 -> 5.669662e-06 | E16: ='1.4'!E16/'1.4.a'!$E$86 -> 4.2042789e-06 | F16: ='1.4'!F16/'1.4.a'!$F$86 -> 2.8877553e-06 | G16: ='1.4'!G16/'1.4.a'!$G$86 -> 3.262607e-06 | H16: ='1.4'!H16/'1.4.a'!$H$86 -> 3.5499058e-06 | I16: ='1.4'!I16/'1.4.a'!$I$86 -> 3.0575298e-06 | J16: ='1.4'!J16/'1.4.a'!$J$86 -> 2.8865601e-06 | K16: ='1.4'!K16/'1.4.a'!$K$86 -> 4.0188261e-06 | L16: ='1.4'!L16/'1.4.a'!$L$86 -> 2.8203976e-06 | M16: ='1.4'!M16/'1.4.a'!$M$86 -> 2.710673e-06 | N16: ='1.4'!N16/'1.4.a'!$N$86 -> 2.5570472e-06 | O16: ='1.4'!O16/'1.4.a'!$O$86 -> 2.8641625e-06 | P16: ='1.4'!P16/'1.4.a'!P$86 -> 3.6941235e-06
A17: 7022 | B17: Defesa civil | C17: ='1.4'!C17/'1.4.a'!$C$86 -> 0.00018201644 | D17: ='1.4'!D17/'1.4.a'!$D$86 -> 0.00020500688 | E17: ='1.4'!E17/'1.4.a'!$E$86 -> 0.0001919656 | F17: ='1.4'!F17/'1.4.a'!$F$86 -> 0.00017587245 | G17: ='1.4'!G17/'1.4.a'!$G$86 -> 0.00015103646 | H17: ='1.4'!H17/'1.4.a'!$H$86 -> 0.00013543749 | I17: ='1.4'!I17/'1.4.a'!$I$86 -> 0.00013790802 | J17: ='1.4'!J17/'1.4.a'!$J$86 -> 0.00012526242 | K17: ='1.4'!K17/'1.4.a'!$K$86 -> 0.00011217122 | L17: ='1.4'!L17/'1.4.a'!$L$86 -> 0.00014127844 | M17: ='1.4'!M17/'1.4.a'!$M$86 -> 0.00014942161 | N17: ='1.4'!N17/'1.4.a'!$N$86 -> 0.00013264389 | O17: ='1.4'!O17/'1.4.a'!$O$86 -> 0.00015016632 | P17: ='1.4'!P17/'1.4.a'!P$86 -> 0.00018066091
... A84: 7109 | B84: Proteção social não especificada | C84: ='1.4'!C84/'1.4.a'!$C$86 -> 0.0016911665 | D84: ='1.4'!D84/'1.4.a'!$D$86 -> 0.0018485054 | E84: ='1.4'!E84/'1.4.a'!$E$86 -> 0.0017686314 | F84: ='1.4'!F84/'1.4.a'!$F$86 -> 0.0017118791 | G84: ='1.4'!G84/'1.4.a'!$G$86 -> 0.0018618766 | H84: ='1.4'!H84/'1.4.a'!$H$86 -> 0.0019652572 | I84: ='1.4'!I84/'1.4.a'!$I$86 -> 0.0019369055 | J84: ='1.4'!J84/'1.4.a'!$J$86 -> 0.0017975232 | K84: ='1.4'!K84/'1.4.a'!$K$86 -> 0.0019423705 | L84: ='1.4'!L84/'1.4.a'!$L$86 -> 0.0019117887 | M84: ='1.4'!M84/'1.4.a'!$M$86 -> 0.0022297154 | N84: ='1.4'!N84/'1.4.a'!$N$86 -> 0.0021050352 | O84: ='1.4'!O84/'1.4.a'!$O$86 -> 0.0023315887 | P84: ='1.4'!P84/'1.4.a'!P$86 -> 0.0023939559
A85: Itens de memorando
A86: 1. | B86: PIB (Valores a preços correntes - R$ Milhões) 6/ | C86: 3885847 | D86: 4376382 | E86: 4814760 | F86: 5331619 | G86: 5778953 | H86: 5995787 | I86: 6269328 | J86: 6585479 | K86: 7004141 | L86: 7389131 | M86: 7609597 | N86: 9012142 | O86: 10079676 | P86: 10943344
A87: Fonte: STN, SOF, IBGE e BCB
A88: Obs.: Dados sujeitos a alteração
A89: 1/ A compilação da despesa segue a classificação por Função de Governo (COFOG - Classification of Functions of Government) da OCDE/ONU.
A90: 2/ Fonte: Matriz de Saldos Contábeis disponível no Sistema de Informações Contábeis e Fiscais do Setor Público Brasileiro - Siconfi, Relatório Resumido da Execução Orçamentária (RREO) do FINBRA, Demonstrativo de Contas Anuais e portais de transparência. Destaca-se que foram utilizadas técnicas de imputação dos valores do FINBRA, de modo a ampliar a cobertura de municípios, bem como sua complementação com informações provenientes de outras fontes de dados.
A91: 3/ Despesa apurada pelo regime competência que corresponde ao conceito de despesa liquidada incluído o pagamento de restos a pagar não processados inscritos em exercícios anteriores.
A92: 4/ Fonte: Banco Central do Brasil.
A93: 5/ Ensino fundamental I corresponde aos 5 primeiros anos do ensino fundamental.
A94: 6/ Fonte: IBGE.

Sheet 1.5.a
A1: Tabela 1.5.a. Despesa por função de governo1/ - Governo Geral - Brasil - Anual
A2: Valores em % do PIB
A4: Governo Geral 2/ | C4: 2010 | D4: 2011 | E4: 2012 | F4: 2013 | G4: 2014 | H4: 2015 | I4: 2016 | J4: 2017 | K4: 2018 | L4: 2019 | M4: 2020 | N4: 2021 | O4: 2022 | P4: 2023
A5: 7 | B5: Despesa total3/ | C5: ='1.5'!C5/'1.5.a'!$C$86 -> 0.39515877 | D5: ='1.5'!D5/'1.5.a'!$D$86 -> 0.39367254 | E5: ='1.5'!E5/'1.5.a'!$E$86 -> 0.39309502 | F5: ='1.5'!F5/'1.5.a'!$F$86 -> 0.39780146 | G5: ='1.5'!G5/'1.5.a'!$G$86 -> 0.41426432 | H5: ='1.5'!H5/'1.5.a'!$H$86 -> 0.46190851 | I5: ='1.5'!I5/'1.5.a'!$I$86 -> 0.45502917 | J5: ='1.5'!J5/'1.5.a'!$J$86 -> 0.44297324 | K5: ='1.5'!K5/'1.5.a'!$K$86 -> 0.44180659 | L5: ='1.5'!L5/'1.5.a'!$L$86 -> 0.43042876 | M5: ='1.5'!M5/'1.5.a'!$M$86 -> 0.46178422 | N5: ='1.5'!N5/'1.5.a'!$N$86 -> 0.40370989 | O5: ='1.5'!O5/'1.5.a'!O$86 -> 0.43445331 | P5: ='1.5'!P5/'1.5.a'!P$86 -> 0.45309295
A6: 701 | B6: Serviços públicos gerais | C6: ='1.5'!C6/'1.5.a'!$C$86 -> 0.10152795 | D6: ='1.5'!D6/'1.5.a'!$D$86 -> 0.10530169 | E6: ='1.5'!E6/'1.5.a'!$E$86 -> 0.098849761 | F6: ='1.5'!F6/'1.5.a'!$F$86 -> 0.097536423 | G6: ='1.5'!G6/'1.5.a'!$G$86 -> 0.10277276 | H6: ='1.5'!H6/'1.5.a'!$H$86 -> 0.14764548 | I6: ='1.5'!I6/'1.5.a'!$I$86 -> 0.12719807 | J6: ='1.5'!J6/'1.5.a'!$J$86 -> 0.11618294 | K6: ='1.5'!K6/'1.5.a'!$K$86 -> 0.11510682 | L6: ='1.5'!L6/'1.5.a'!$L$86 -> 0.099654194 | M6: ='1.5'!M6/'1.5.a'!$M$86 -> 0.086213737 | N6: ='1.5'!N6/'1.5.a'!$N$86 -> 0.098923361 | O6: ='1.5'!O6/'1.5.a'!$O$86 -> 0.11052366 | P6: ='1.5'!P6/'1.5.a'!P$86 -> 0.11349527
A7: 7011 | B7: Poder execut., leg., assuntos fiscais, financeiros e externos | C7: ='1.5'!C7/'1.5.a'!$C$86 -> 0.020207065 | D7: ='1.5'!D7/'1.5.a'!$D$86 -> 0.018921566 | E7: ='1.5'!E7/'1.5.a'!$E$86 -> 0.019427105 | F7: ='1.5'!F7/'1.5.a'!$F$86 -> 0.018643593 | G7: ='1.5'!G7/'1.5.a'!$G$86 -> 0.018232969 | H7: ='1.5'!H7/'1.5.a'!$H$86 -> 0.019187576 | I7: ='1.5'!I7/'1.5.a'!$I$86 -> 0.01875459 | J7: ='1.5'!J7/'1.5.a'!$J$86 -> 0.01797248 | K7: ='1.5'!K7/'1.5.a'!$K$86 -> 0.01788048 | L7: ='1.5'!L7/'1.5.a'!$L$86 -> 0.018046172 | M7: ='1.5'!M7/'1.5.a'!$M$86 -> 0.018298037 | N7: ='1.5'!N7/'1.5.a'!$N$86 -> 0.02194159 | O7: ='1.5'!O7/'1.5.a'!$O$86 -> 0.019828431 | P7: ='1.5'!P7/'1.5.a'!P$86 -> 0.022300144
A8: 7012 | B8: Ajuda econômica externa | C8: ='1.5'!C8/'1.5.a'!$C$86 -> 4.542436e-05 | D8: ='1.5'!D8/'1.5.a'!$D$86 -> 2.9184635e-05 | E8: ='1.5'!E8/'1.5.a'!$E$86 -> 6.1419042e-06 | F8: ='1.5'!F8/'1.5.a'!$F$86 -> 6.8191702e-06 | G8: ='1.5'!G8/'1.5.a'!$G$86 -> 9.9980535e-07 | H8: ='1.5'!H8/'1.5.a'!$H$86 -> 1.0952624e-06 | I8: ='1.5'!I8/'1.5.a'!$I$86 -> 1.0953327e-06 | J8: ='1.5'!J8/'1.5.a'!$J$86 -> 3.3067867e-07 | K8: ='1.5'!K8/'1.5.a'!$K$86 -> 1.9303629e-07 | L8: ='1.5'!L8/'1.5.a'!$L$86 -> 0 | M8: ='1.5'!M8/'1.5.a'!$M$86 -> 0 | N8: ='1.5'!N8/'1.5.a'!$N$86 -> 0 | O8: ='1.5'!O8/'1.5.a'!$O$86 -> 0 | P8: ='1.5'!P8/'1.5.a'!P$86 -> 0
A9: 7013 | B9: Serviços gerais | C9: ='1.5'!C9/'1.5.a'!$C$86 -> 0.0089338615 | D9: ='1.5'!D9/'1.5.a'!$D$86 -> 0.0086576443 | E9: ='1.5'!E9/'1.5.a'!$E$86 -> 0.0085850897 | F9: ='1.5'!F9/'1.5.a'!$F$86 -> 0.0081219411 | G9: ='1.5'!G9/'1.5.a'!$G$86 -> 0.0080730589 | H9: ='1.5'!H9/'1.5.a'!$H$86 -> 0.0079098732 | I9: ='1.5'!I9/'1.5.a'!$I$86 -> 0.0074918594 | J9: ='1.5'!J9/'1.5.a'!$J$86 -> 0.007015997 | K9: ='1.5'!K9/'1.5.a'!$K$86 -> 0.0073738209 | L9: ='1.5'!L9/'1.5.a'!$L$86 -> 0.0083099032 | M9: ='1.5'!M9/'1.5.a'!$M$86 -> 0.0084465983 | N9: ='1.5'!N9/'1.5.a'!$N$86 -> 0.0077244284 | O9: ='1.5'!O9/'1.5.a'!$O$86 -> 0.0084125506 | P9: ='1.5'!P9/'1.5.a'!P$86 -> 0.0085266915
A10: 7014 | B10: Pesquisa básica | C10: ='1.5'!C10/'1.5.a'!$C$86 -> 0.00028539174 | D10: ='1.5'!D10/'1.5.a'!$D$86 -> 0.00024891352 | E10: ='1.5'!E10/'1.5.a'!$E$86 -> 0.00030792127 | F10: ='1.5'!F10/'1.5.a'!$F$86 -> 0.00024404678 | G10: ='1.5'!G10/'1.5.a'!$G$86 -> 0.00033017363 | H10: ='1.5'!H10/'1.5.a'!$H$86 -> 0.00028338477 | I10: ='1.5'!I10/'1.5.a'!$I$86 -> 0.00026788966 | J10: ='1.5'!J10/'1.5.a'!$J$86 -> 0.00022336702 | K10: ='1.5'!K10/'1.5.a'!$K$86 -> 0.00020011398 | L10: ='1.5'!L10/'1.5.a'!$L$86 -> 0.00021274904 | M10: ='1.5'!M10/'1.5.a'!$M$86 -> 0.00017879269 | N10: ='1.5'!N10/'1.5.a'!$N$86 -> 0.00018398921 | O10: ='1.5'!O10/'1.5.a'!$O$86 -> 0.00029237788 | P10: ='1.5'!P10/'1.5.a'!P$86 -> 0.00033694565
A11: 7015 | B11: Pesquisa e desenvolvimento de serviços públicos gerais | C11: ='1.5'!C11/'1.5.a'!$C$86 -> 2.3472914e-05 | D11: ='1.5'!D11/'1.5.a'!$D$86 -> 2.0499801e-05 | E11: ='1.5'!E11/'1.5.a'!$E$86 -> 2.21135e-05 | F11: ='1.5'!F11/'1.5.a'!$F$86 -> 2.4425307e-05 | G11: ='1.5'!G11/'1.5.a'!$G$86 -> 2.3066812e-05 | H11: ='1.5'!H11/'1.5.a'!$H$86 -> 2.2288384e-05 | I11: ='1.5'!I11/'1.5.a'!$I$86 -> 6.6563086e-06 | J11: ='1.5'!J11/'1.5.a'!$J$86 -> 6.0138422e-06 | K11: ='1.5'!K11/'1.5.a'!$K$86 -> 5.3267101e-06 | L11: ='1.5'!L11/'1.5.a'!$L$86 -> 4.2149053e-06 | M11: ='1.5'!M11/'1.5.a'!$M$86 -> 4.8531677e-06 | N11: ='1.5'!N11/'1.5.a'!$N$86 -> 1.1035024e-05 | O11: ='1.5'!O11/'1.5.a'!$O$86 -> 3.4191377e-06 | P11: ='1.5'!P11/'1.5.a'!P$86 -> 4.0668638e-06
A12: 7016 | B12: Serviços públicos gerais não especificados | C12: ='1.5'!C12/'1.5.a'!$C$86 -> 0.0012063321 | D12: ='1.5'!D12/'1.5.a'!$D$86 -> 0.00096752885 | E12: ='1.5'!E12/'1.5.a'!$E$86 -> 0.0010563299 | F12: ='1.5'!F12/'1.5.a'!$F$86 -> 0.00088283508 | G12: ='1.5'!G12/'1.5.a'!$G$86 -> 0.00097563984 | H12: ='1.5'!H12/'1.5.a'!$H$86 -> 0.00099804913 | I12: ='1.5'!I12/'1.5.a'!$I$86 -> 0.0011460475 | J12: ='1.5'!J12/'1.5.a'!$J$86 -> 0.0010112342 | K12: ='1.5'!K12/'1.5.a'!$K$86 -> 0.0013576292 | L12: ='1.5'!L12/'1.5.a'!$L$86 -> 0.0010619777 | M12: ='1.5'!M12/'1.5.a'!$M$86 -> 0.0013622373 | N12: ='1.5'!N12/'1.5.a'!$N$86 -> 0.00091226605 | O12: ='1.5'!O12/'1.5.a'!$O$86 -> 0.0015603548 | P12: ='1.5'!P12/'1.5.a'!P$86 -> 0.00096599569
A13: 7017 | B13: Transações da dívida pública4/ | C13: ='1.5'!C13/'1.5.a'!$C$86 -> 0.070826399 | D13: ='1.5'!D13/'1.5.a'!$D$86 -> 0.076456353 | E13: ='1.5'!E13/'1.5.a'!$E$86 -> 0.06944506 | F13: ='1.5'!F13/'1.5.a'!$F$86 -> 0.069612763 | G13: ='1.5'!G13/'1.5.a'!$G$86 -> 0.075136851 | H13: ='1.5'!H13/'1.5.a'!$H$86 -> 0.11924322 | I13: ='1.5'!I13/'1.5.a'!$I$86 -> 0.099529934 | J13: ='1.5'!J13/'1.5.a'!$J$86 -> 0.089953518 | K13: ='1.5'!K13/'1.5.a'!$K$86 -> 0.088289255 | L13: ='1.5'!L13/'1.5.a'!$L$86 -> 0.072019177 | M13: ='1.5'!M13/'1.5.a'!$M$86 -> 0.057923219 | N13: ='1.5'!N13/'1.5.a'!$N$86 -> 0.068150053 | O13: ='1.5'!O13/'1.5.a'!$O$86 -> 0.080426532 | P13: ='1.5'!P13/'1.5.a'!P$86 -> 0.081361432
A14: 7018 | B14: Transferências de caráter geral entre diferentes níveis de governo | C14: ='1.5'!C14/'1.5.a'!$C$86 -> 0 | D14: ='1.5'!D14/'1.5.a'!$D$86 -> 0 | E14: ='1.5'!E14/'1.5.a'!$E$86 -> 0 | F14: ='1.5'!F14/'1.5.a'!$F$86 -> 0 | G14: ='1.5'!G14/'1.5.a'!$G$86 -> 0 | H14: ='1.5'!H14/'1.5.a'!$H$86 -> 0 | I14: ='1.5'!I14/'1.5.a'!$I$86 -> 0 | J14: ='1.5'!J14/'1.5.a'!$J$86 -> 0 | K14: ='1.5'!K14/'1.5.a'!$K$86 -> 0 | L14: ='1.5'!L14/'1.5.a'!$L$86 -> 0 | M14: ='1.5'!M14/'1.5.a'!$M$86 -> 0 | N14: ='1.5'!N14/'1.5.a'!$N$86 -> 0 | O14: ='1.5'!O14/'1.5.a'!$O$86 -> 0 | P14: ='1.5'!P14/'1.5.a'!P$86 -> 0
A15: 702 | B15: Defesa | C15: ='1.5'!C15/'1.5.a'!$C$86 -> 0.0074903728 | D15: ='1.5'!D15/'1.5.a'!$D$86 -> 0.0067330692 | E15: ='1.5'!E15/'1.5.a'!$E$86 -> 0.0068449526 | F15: ='1.5'!F15/'1.5.a'!$F$86 -> 0.0071371371 | G15: ='1.5'!G15/'1.5.a'!$G$86 -> 0.0071002187 | H15: ='1.5'!H15/'1.5.a'!$H$86 -> 0.0066233846 | I15: ='1.5'!I15/'1.5.a'!$I$86 -> 0.0064952286 | J15: ='1.5'!J15/'1.5.a'!$J$86 -> 0.0067135668 | K15: ='1.5'!K15/'1.5.a'!$K$86 -> 0.0066754497 | L15: ='1.5'!L15/'1.5.a'!$L$86 -> 0.0064791571 | M15: ='1.5'!M15/'1.5.a'!$M$86 -> 0.0067480564 | N15: ='1.5'!N15/'1.5.a'!$N$86 -> 0.0057244966 | O15: ='1.5'!O15/'1.5.a'!$O$86 -> 0.0054377348 | P15: ='1.5'!P15/'1.5.a'!P$86 -> 0.0050982435
A16: 7021 | B16: Defesa militar | C16: ='1.5'!C16/'1.5.a'!$C$86 -> 0.006519952 | D16: ='1.5'!D16/'1.5.a'!$D$86 -> 0.0059111368 | E16: ='1.5'!E16/'1.5.a'!$E$86 -> 0.0059196003 | F16: ='1.5'!F16/'1.5.a'!$F$86 -> 0.0060164646 | G16: ='1.5'!G16/'1.5.a'!$G$86 -> 0.0060209503 | H16: ='1.5'!H16/'1.5.a'!$H$86 -> 0.0058278666 | I16: ='1.5'!I16/'1.5.a'!$I$86 -> 0.0057655184 | J16: ='1.5'!J16/'1.5.a'!$J$86 -> 0.0059962376 | K16: ='1.5'!K16/'1.5.a'!$K$86 -> 0.006040338 | L16: ='1.5'!L16/'1.5.a'!$L$86 -> 0.0058483812 | M16: ='1.5'!M16/'1.5.a'!$M$86 -> 0.0062102055 | N16: ='1.5'!N16/'1.5.a'!$N$86 -> 0.0052391199 | O16: ='1.5'!O16/'1.5.a'!$O$86 -> 0.0048765621 | P16: ='1.5'!P16/'1.5.a'!P$86 -> 0.0045422353
A17: 7022 | B17: Defesa civil | C17: ='1.5'!C17/'1.5.a'!$C$86 -> 0.00061000409 | D17: ='1.5'!D17/'1.5.a'!$D$86 -> 0.00052936412 | E17: ='1.5'!E17/'1.5.a'!$E$86 -> 0.00067485197 | F17: ='1.5'!F17/'1.5.a'!$F$86 -> 0.00091868623 | G17: ='1.5'!G17/'1.5.a'!$G$86 -> 0.00086319681 | H17: ='1.5'!H17/'1.5.a'!$H$86 -> 0.00056729954 | I17: ='1.5'!I17/'1.5.a'!$I$86 -> 0.00053471498 | J17: ='1.5'!J17/'1.5.a'!$J$86 -> 0.00050758739 | K17: ='1.5'!K17/'1.5.a'!$K$86 -> 0.00044237414 | L17: ='1.5'!L17/'1.5.a'!$L$86 -> 0.00042212286 | M17: ='1.5'!M17/'1.5.a'!$M$86 -> 0.00037281766 | N17: ='1.5'!N17/'1.5.a'!$N$86 -> 0.00035589305 | O17: ='1.5'!O17/'1.5.a'!$O$86 -> 0.00043284582 | P17: ='1.5'!P17/'1.5.a'!P$86 -> 0.00043721152
... A84: 7109 | B84: Proteção social não especificada | C84: ='1.5'!C84/'1.5.a'!$C$86 -> 0.0056193207 | D84: ='1.5'!D84/'1.5.a'!$D$86 -> 0.0053735744 | E84: ='1.5'!E84/'1.5.a'!$E$86 -> 0.0050066812 | F84: ='1.5'!F84/'1.5.a'!$F$86 -> 0.0048913585 | G84: ='1.5'!G84/'1.5.a'!$G$86 -> 0.0051439689 | H84: ='1.5'!H84/'1.5.a'!$H$86 -> 0.0053088476 | I84: ='1.5'!I84/'1.5.a'!$I$86 -> 0.005483433 | J84: ='1.5'!J84/'1.5.a'!$J$86 -> 0.0054188728 | K84: ='1.5'!K84/'1.5.a'!$K$86 -> 0.0056141763 | L84: ='1.5'!L84/'1.5.a'!$L$86 -> 0.0056949576 | M84: ='1.5'!M84/'1.5.a'!$M$86 -> 0.0061218693 | N84: ='1.5'!N84/'1.5.a'!$N$86 -> 0.0059125898 | O84: ='1.5'!O84/'1.5.a'!$O$86 -> 0.0061320768 | P84: ='1.5'!P84/'1.5.a'!P$86 -> 0.005236603
A85: Itens de memorando
A86: 1. | B86: PIB (Valores a preços correntes - R$ Milhões) 6/ | C86: 3885847 | D86: 4376382 | E86: 4814760 | F86: 5331619 | G86: 5778953 | H86: 5995787 | I86: 6269328 | J86: 6585479 | K86: 7004141 | L86: 7389131 | M86: 7609597 | N86: 9012142 | O86: 10079676 | P86: 10943344
A87: Fonte: STN, SOF, IBGE e BCB
A88: Obs.: Dados sujeitos a alteração
A89: 1/ A compilação da despesa segue a classificação por Função de Governo (COFOG - Classification of Functions of Government) da OCDE/ONU.
A90: 2/ O governo geral é composto pelo governo central (orçamentário e extraorçamentário), governos estaduais e governos municipais.
A91: 3/ Despesa apurada pelo regime competência que corresponde ao conceito de despesa liquidada incluído o pagamento de restos a pagar não processados inscritos em exercícios anteriores.
A92: 4/ Fonte: Banco Central do Brasil.
A93: 5/ Ensino fundamental I corresponde aos 5 primeiros anos do ensino fundamental.
A94: 6/ Fonte: IBGE.

Sheet 1.1.b
A1: Tabela 1.1.b. Despesa por função de governo1/ por esfera de governo - Governo Geral - Brasil - Anual
A2: R$ Milhões - Valores reais a preços de dezembro de 2023- IPCA
C4: 2010 | D4: 2010 | E4: 2010 | F4: 2010 | G4: 2010 | H4: 2010 | I4: 2010 | J4: 2010 | K4: 2011 | L4: 2011 | M4: 2011 | N4: 2011 | O4: 2011 | P4: 2011 | Q4: 2011 | R4: 2011 | S4: 2012 | T4: 2012 | U4: 2012 | V4: 2012 | W4: 2012 | X4: 2012 | Y4: 2012 | Z4: 2012 | AA4: 2013 | AB4: 2013 | AC4: 2013 | AD4: 2013 | AE4: 2013 | AF4: 2013 | AG4: 2013 | AH4: 2013 | AI4: 2014 | AJ4: 2014 | AK4: 2014 | AL4: 2014 | AM4: 2014 | AN4: 2014 | AO4: 2014 | AP4: 2014 | AQ4: 2015 | AR4: 2015 | AS4: 2015 | AT4: 2015 | AU4: 2015 | AV4: 2015 | AW4: 2015 | AX4: 2015 | AY4: 2016 | AZ4: 2016 | BA4: 2016 | BB4: 2016 | BC4: 2016 | BD4: 2016 | BE4: 2016 | BF4: 2016 | BG4: 2017 | BH4: 2017 | BI4: 2017 | BJ4: 2017 | BK4: 2017 | BL4: 2017 | BM4: 2017 | BN4: 2017 | BO4: 2018 | BP4: 2018 | BQ4: 2018 | BR4: 2018 | BS4: 2018 | BT4: 2018 | BU4: 2018 | BV4: 2018 | BW4: 2019 | BX4: 2019 | BY4: 2019 | BZ4: 2019 | CA4: 2019 | CB4: 2019 | CC4: 2019 | CD4: 2019 | CE4: 2020 | CF4: 2020 | CG4: 2020 | CH4: 2020 | CI4: 2020 | CJ4: 2020 | CK4: 2020 | CL4: 2020 | CM4: 2021 | CN4: 2021 | CO4: 2021 | CP4: 2021 | CQ4: 2021 | CR4: 2021 | CS4: 2021 | CT4: 2021 | CU4: 2022 | CV4: 2022 | CW4: 2022 | CX4: 2022 | CY4: 2022 | CZ4: 2022 | DA4: 2022 | DB4: 2022 | DC4: 2023 | DD4: 2023 | DE4: 2023 | DF4: 2023 | DG4: 2023 | DH4: 2023 | DI4: 2023 | DJ4: 2023
A5: Governo Geral | C5: 2010 | K5: 2011 | S5: 2012 | AA5: 2013 | AI5: 2014 | AQ5: 2015 | AY5: 2016 | BG5: 2017 | BO5: 2018 | BW5: 2019 | CE5: 2020 | CM5: 2021 | CU5: 2022 | DC5: 2023
C6: Governo Central | G6: Governos Estaduais 5/ | H6: Governos Municipais 6/ | I6: Coluna de Consolidação 4/ | J6: Governo Geral 7/ | K6: Governo Central | O6: Governos Estaduais 5/ | P6: Governos Municipais 6/ | Q6: Coluna de Consolidação 4/ | R6: Governo Geral 7/ | S6: Governo Central | W6: Governos Estaduais 5/ | X6: Governos Municipais 6/ | Y6: Coluna de Consolidação 4/ | Z6: Governo Geral 7/ | AA6: Governo Central | AE6: Governos Estaduais 5/ | AF6: Governos Municipais 6/ | AG6: Coluna de Consolidação 4/ | AH6: Governo Geral 7/ | AI6: Governo Central | AM6: Governos Estaduais 5/ | AN6: Governos Municipais 6/ | AO6: Coluna de Consolidação 4/ | AP6: Governo Geral 7/ | AQ6: Governo Central | AU6: Governos Estaduais 5/ | AV6: Governos Municipais 6/ | AW6: Coluna de Consolidação 4/ | AX6: Governo Geral 7/ | AY6: Governo Central | BC6: Governos Estaduais 5/ | BD6: Governos Municipais 6/ | BE6: Coluna de Consolidação 4/ | BF6: Governo Geral 7/ | BG6: Governo Central | BK6: Governos Estaduais 5/ | BL6: Governos Municipais 6/ | BM6: Coluna de Consolidação 4/ | BN6: Governo Geral 7/ | BO6: Governo Central | BS6: Governos Estaduais 5/ | BT6: Governos Municipais 6/ | BU6: Coluna de Consolidação 4/ | BV6: Governo Geral 7/ | BW6: Governo Central | CA6: Governos Estaduais 5/ | CB6: Governos Municipais 6/ | CC6: Coluna de Consolidação 4/ | CD6: Governo Geral 7/ | CE6: Governo Central | CI6: Governos Estaduais 5/ | CJ6: Governos Municipais 6/ | CK6: Coluna de Consolidação 4/ | CL6: Governo Geral 7/ | CM6: Governo Central | CQ6: Governos Estaduais 5/ | CR6: Governos Municipais 6/ | CS6: Coluna de Consolidação 4/ | CT6: Governo Geral 7/ | CU6: Governo Central | CY6: Governos Estaduais 5/ | CZ6: Governos Municipais 6/ | DA6: Coluna de Consolidação 4/ | DB6: Governo Geral 7/ | DC6: Governo Central | DG6: Governos Estaduais 5/ | DH6: Governos Municipais 6/ | DI6: Coluna de Consolidação 4/ | DJ6: Governo Geral 7/
C7: Orçamentário 2/ | D7: Extraorçamentário 3/ | E7: Coluna de Consolidação 4/ | F7: Governo Central | K7: Orçamentário 2/ | L7: Extraorçamentário 3/ | M7: Coluna de Consolidação 4/ | N7: Governo Central | S7: Orçamentário 2/ | T7: Extraorçamentário 3/ | U7: Coluna de Consolidação 4/ | V7: Governo Central | AA7: Orçamentário 2/ | AB7: Extraorçamentário 3/ | AC7: Coluna de Consolidação 4/ | AD7: Governo Central | AI7: Orçamentário 2/ | AJ7: Extraorçamentário 3/ | AK7: Coluna de Consolidação 4/ | AL7: Governo Central | AQ7: Orçamentário 2/ | AR7: Extraorçamentário 3/ | AS7: Coluna de Consolidação 4/ | AT7: Governo Central | AY7: Orçamentário 2/ | AZ7: Extraorçamentário 3/ | BA7: Coluna de Consolidação 4/ | BB7: Governo Central | BG7: Orçamentário 2/ | BH7: Extraorçamentário 3/ | BI7: Coluna de Consolidação 4/ | BJ7: Governo Central | BO7: Orçamentário 2/ | BP7: Extraorçamentário 3/ | BQ7: Coluna de Consolidação 4/ | BR7: Governo Central | BW7: Orçamentário 2/ | BX7: Extraorçamentário 3/ | BY7: Coluna de Consolidação 4/ | BZ7: Governo Central | CE7: Orçamentário 2/ | CF7: Extraorçamentário 3/ | CG7: Coluna de Consolidação 4/ | CH7: Governo Central | CM7: Orçamentário 2/ | CN7: Extraorçamentário 3/ | CO7: Coluna de Consolidação 4/ | CP7: Governo Central | CU7: Orçamentário 2/ | CV7: Extraorçamentário 3/ | CW7: Coluna de Consolidação 4/ | CX7: Governo Central | DC7: Orçamentário 2/ | DD7: Extraorçamentário 3/ | DE7: Coluna de Consolidação 4/ | DF7: Governo Central
A8: 7 | B8: Despesa total8/ | C8: ='1.1'!C8*'1.1.b'!C$88 -> 2338128.7 | D8: ='1.1'!D8*'1.1.b'!D$88 -> 0 | E8: ='1.1'!E8*'1.1.b'!E$88 -> 0 | F8: ='1.1'!F8*'1.1.b'!F$88 -> 2338128.7 | G8: ='1.1'!G8*'1.1.b'!G$88 -> 1099821.1 | H8: ='1.1'!H8*'1.1.b'!H$88 -> 665747.43 | I8: ='1.1'!I8*'1.1.b'!I$88 -> -849350.05 | J8: ='1.1'!J8*'1.1.b'!J$88 -> 3254347.2 | ... DJ8: ='1.1'!DJ8*'1.1.b'!DJ$88 -> 4958352.1
A9: 701 | B9: Serviços públicos gerais | C9: ='1.1'!C9*'1.1.b'!C$88 -> 926799.51 | D9: ='1.1'!D9*'1.1.b'!D$88 -> 0 | E9: ='1.1'!E9*'1.1.b'!E$88 -> 0 | F9: ='1.1'!F9*'1.1.b'!F$88 -> 926799.51 | G9: ='1.1'!G9*'1.1.b'!G$88 -> 379694.8 | H9: ='1.1'!H9*'1.1.b'!H$88 -> 118714.93 | I9: ='1.1'!I9*'1.1.b'!I$88 -> -589071.42 | J9: ='1.1'!J9*'1.1.b'!J$88 -> 836137.81 | ... DJ9: ='1.1'!DJ9*'1.1.b'!DJ$88 -> 1242017.8
A10: 7011 | B10: Poder execut., leg., assuntos fiscais, financeiros e externos | C10: ='1.1'!C10*'1.1.b'!C$88 -> 56788.741 | D10: ='1.1'!D10*'1.1.b'!D$88 -> 0 | E10: ='1.1'!E10*'1.1.b'!E$88 -> 0 | F10: ='1.1'!F10*'1.1.b'!F$88 -> 56788.741 | G10: ='1.1'!G10*'1.1.b'!G$88 -> 77084.452 | H10: ='1.1'!H10*'1.1.b'!H$88 -> 36224.81 | I10: ='1.1'!I10*'1.1.b'!I$88 -> -3681.844 | J10: ='1.1'!J10*'1.1.b'!J$88 -> 166416.16 | ... DJ10: ='1.1'!DJ10*'1.1.b'!DJ$88 -> 244038.14
A11: 7012 | B11: Ajuda econômica externa | C11: ='1.1'!C11*'1.1.b'!C$88 -> 360.10128 | D11: ='1.1'!D11*'1.1.b'!D$88 -> 0 | E11: ='1.1'!E11*'1.1.b'!E$88 -> 0 | F11: ='1.1'!F11*'1.1.b'!F$88 -> 360.10128 | G11: ='1.1'!G11*'1.1.b'!G$88 -> 0 | H11: ='1.1'!H11*'1.1.b'!H$88 -> 13.993012 | I11: ='1.1'!I11*'1.1.b'!I$88 -> 0 | J11: ='1.1'!J11*'1.1.b'!J$88 -> 374.09429 | ... DJ11: ='1.1'!DJ11*'1.1.b'!DJ$88 -> 0
A12: 7013 | B12: Serviços gerais | C12: ='1.1'!C12*'1.1.b'!C$88 -> 6419.448 | D12: ='1.1'!D12*'1.1.b'!D$88 -> 0 | E12: ='1.1'!E12*'1.1.b'!E$88 -> 0 | F12: ='1.1'!F12*'1.1.b'!F$88 -> 6419.448 | G12: ='1.1'!G12*'1.1.b'!G$88 -> 9109.4604 | H12: ='1.1'!H12*'1.1.b'!H$88 -> 58422.15 | I12: ='1.1'!I12*'1.1.b'!I$88 -> -375.8545 | J12: ='1.1'!J12*'1.1.b'!J$88 -> 73575.204 | ... DJ12: ='1.1'!DJ12*'1.1.b'!DJ$88 -> 93310.518
A13: 7014 | B13: Pesquisa básica | C13: ='1.1'!C13*'1.1.b'!C$88 -> 2482.6136 | D13: ='1.1'!D13*'1.1.b'!D$88 -> 0 | E13: ='1.1'!E13*'1.1.b'!E$88 -> 0 | F13: ='1.1'!F13*'1.1.b'!F$88 -> 2482.6136 | G13: ='1.1'!G13*'1.1.b'!G$88 -> 0 | H13: ='1.1'!H13*'1.1.b'!H$88 -> 131.186 | I13: ='1.1'!I13*'1.1.b'!I$88 -> -263.44358 | J13: ='1.1'!J13*'1.1.b'!J$88 -> 2350.3561 | ... DJ13: ='1.1'!DJ13*'1.1.b'!DJ$88 -> 3687.3121
A14: 7015 | B14: Pesquisa e desenvolvimento de serviços públicos gerais | C14: ='1.1'!C14*'1.1.b'!C$88 -> 62.954748 | D14: ='1.1'!D14*'1.1.b'!D$88 -> 0 | E14: ='1.1'!E14*'1.1.b'!E$88 -> 0 | F14: ='1.1'!F14*'1.1.b'!F$88 -> 62.954748 | G14: ='1.1'!G14*'1.1.b'!G$88 -> 130.83316 | H14: ='1.1'!H14*'1.1.b'!H$88 -> 0 | I14: ='1.1'!I14*'1.1.b'!I$88 -> -0.47570089 | J14: ='1.1'!J14*'1.1.b'!J$88 -> 193.31221 | ... DJ14: ='1.1'!DJ14*'1.1.b'!DJ$88 -> 44.50509
A15: 7016 | B15: Serviços públicos gerais não especificados | C15: ='1.1'!C15*'1.1.b'!C$88 -> 9633.5702 | D15: ='1.1'!D15*'1.1.b'!D$88 -> 0 | E15: ='1.1'!E15*'1.1.b'!E$88 -> 0 | F15: ='1.1'!F15*'1.1.b'!F$88 -> 9633.5702 | G15: ='1.1'!G15*'1.1.b'!G$88 -> 0 | H15: ='1.1'!H15*'1.1.b'!H$88 -> 645.86891 | I15: ='1.1'!I15*'1.1.b'!I$88 -> -344.63845 | J15: ='1.1'!J15*'1.1.b'!J$88 -> 9934.8007 | ... DJ15: ='1.1'!DJ15*'1.1.b'!DJ$88 -> 10571.223
A16: 7017 | B16: Transações da dívida pública9/ | C16: ='1.1'!C16*'1.1.b'!C$88 -> 580298.76 | D16: ='1.1'!D16*'1.1.b'!D$88 -> 0 | E16: ='1.1'!E16*'1.1.b'!E$88 -> 0 | F16: ='1.1'!F16*'1.1.b'!F$88 -> 580298.76 | G16: ='1.1'!G16*'1.1.b'!G$88 -> 130132.03 | H16: ='1.1'!H16*'1.1.b'!H$88 -> 23276.92 | I16: ='1.1'!I16*'1.1.b'!I$88 -> -150413.82 | J16: ='1.1'!J16*'1.1.b'!J$88 -> 583293.89 | ... DJ16: ='1.1'!DJ16*'1.1.b'!DJ$88 -> 890366.13
A17: 7018 | B17: Transferências de caráter geral entre diferentes níveis de governo | C17: ='1.1'!C17*'1.1.b'!C$88 -> 270753.33 | D17: ='1.1'!D17*'1.1.b'!D$88 -> 0 | E17: ='1.1'!E17*'1.1.b'!E$88 -> 0 | F17: ='1.1'!F17*'1.1.b'!F$88 -> 270753.33 | G17: ='1.1'!G17*'1.1.b'!G$88 -> 163238.02 | H17: ='1.1'!H17*'1.1.b'!H$88 -> 0 | I17: ='1.1'!I17*'1.1.b'!I$88 -> -433991.35 | J17: ='1.1'!J17*'1.1.b'!J$88 -> 0 | ... DJ17: ='1.1'!DJ17*'1.1.b'!DJ$88 -> 0
A18: 702 | B18: Defesa | C18: ='1.1'!C18*'1.1.b'!C$88 -> 61841.808 | D18: ='1.1'!D18*'1.1.b'!D$88 -> 0 | E18: ='1.1'!E18*'1.1.b'!E$88 -> 0 | F18: ='1.1'!F18*'1.1.b'!F$88 -> 61841.808 | G18: ='1.1'!G18*'1.1.b'!G$88 -> 2648.296 | H18: ='1.1'!H18*'1.1.b'!H$88 -> 1534.2802 | I18: ='1.1'!I18*'1.1.b'!I$88 -> -4337.0936 | J18: ='1.1'!J18*'1.1.b'!J$88 -> 61687.29 | ... DJ18: ='1.1'!DJ18*'1.1.b'!DJ$88 -> 55791.833
A19: 7021 | B19: Defesa militar | C19: ='1.1'!C19*'1.1.b'!C$88 -> 53667.545 | D19: ='1.1'!D19*'1.1.b'!D$88 -> 0 | E19: ='1.1'!E19*'1.1.b'!E$88 -> 0 | F19: ='1.1'!F19*'1.1.b'!F$88 -> 53667.545 | G19: ='1.1'!G19*'1.1.b'!G$88 -> 0 | H19: ='1.1'!H19*'1.1.b'!H$88 -> 35.275896 | I19: ='1.1'!I19*'1.1.b'!I$88 -> -7.4728331 | J19: ='1.1'!J19*'1.1.b'!J$88 -> 53695.348 | ... DJ19: ='1.1'!DJ19*'1.1.b'!DJ$88 -> 49707.244
... A87: 7109 | B87: Proteção social não especificada | C87: ='1.1'!C87*'1.1.b'!C$88 -> 30994.65 | D87: ='1.1'!D87*'1.1.b'!D$88 -> 0 | E87: ='1.1'!E87*'1.1.b'!E$88 -> 0 | F87: ='1.1'!F87*'1.1.b'!F$88 -> 30994.65 | G87: ='1.1'!G87*'1.1.b'!G$88 -> 1888.6477 | H87: ='1.1'!H87*'1.1.b'!H$88 -> 13927.675 | I87: ='1.1'!I87*'1.1.b'!I$88 -> -532.8125 | J87: ='1.1'!J87*'1.1.b'!J$88 -> 46278.16 | ... DJ87: ='1.1'!DJ87*'1.1.b'!DJ$88 -> 57305.948
A88: Deflator - IPCA base 2023 | C88: 2.1193689 | D88: 2.1193689 | E88: 2.1193689 | F88: 2.1193689 | G88: 2.1193689 | H88: 2.1193689 | I88: 2.1193689 | J88: 2.1193689 | K88: 1.9899551 | L88: 1.9899551 | M88: 1.9899551 | N88: 1.9899551 | O88: 1.9899551 | P88: 1.9899551 | Q88: 1.9899551 | R88: 1.9899551 | S88: 1.8801791 | T88: 1.8801791 | U88: 1.8801791 | V88: 1.8801791 | W88: 1.8801791 | X88: 1.8801791 | Y88: 1.8801791 | Z88: 1.8801791 | AA88: 1.7752497 | AB88: 1.7752497 | AC88: 1.7752497 | AD88: 1.7752497 | AE88: 1.7752497 | AF88: 1.7752497 | AG88: 1.7752497 | AH88: 1.7752497 | AI88: 1.6683506 | AJ88: 1.6683506 | AK88: 1.6683506 | AL88: 1.6683506 | AM88: 1.6683506 | AN88: 1.6683506 | AO88: 1.6683506 | AP88: 1.6683506 | AQ88: 1.5074591 | AR88: 1.5074591 | AS88: 1.5074591 | AT88: 1.5074591 | AU88: 1.5074591 | AV88: 1.5074591 | AW88: 1.5074591 | AX88: 1.5074591 | AY88: 1.4182779 | AZ88: 1.4182779 | BA88: 1.4182779 | BB88: 1.4182779 | BC88: 1.4182779 | BD88: 1.4182779 | BE88: 1.4182779 | BF88: 1.4182779 | BG88: 1.3776721 | BH88: 1.3776721 | BI88: 1.3776721 | BJ88: 1.3776721 | BK88: 1.3776721 | BL88: 1.3776721 | BM88: 1.3776721 | BN88: 1.3776721 | BO88: 1.3279333 | BP88: 1.3279333 | BQ88: 1.3279333 | BR88: 1.3279333 | BS88: 1.3279333 | BT88: 1.3279333 | BU88: 1.3279333 | BV88: 1.3279333 | BW88: 1.2731112 | BX88: 1.2731112 | BY88: 1.2731112 | BZ88: 1.2731112 | CA88: 1.2731112 | CB88: 1.2731112 | CC88: 1.2731112 | CD88: 1.2731112 | CE88: 1.2180848 | CF88: 1.2180848 | CG88: 1.2180848 | CH88: 1.2180848 | CI88: 1.2180848 | CJ88: 1.2180848 | CK88: 1.2180848 | CL88: 1.2180848 | CM88: 1.1067362 | CN88: 1.1067362 | CO88: 1.1067362 | CP88: 1.1067362 | CQ88: 1.1067362 | CR88: 1.1067362 | CS88: 1.1067362 | CT88: 1.1067362 | CU88: 1.0462119 | CV88: 1.0462119 | CW88: 1.0462119 | CX88: 1.0462119 | CY88: 1.0462119 | CZ88: 1.0462119 | DA88: 1.0462119 | DB88: 1.0462119 | DC88: 1 | DD88: 1 | DE88: 1 | DF88: 1 | DG88: 1 | DH88: 1 | DI88: 1 | DJ88: 1
A89: Fonte: STN, SOF, IBGE e BCB
A90: Obs.: Dados sujeitos a alteração
A91: 1/ A compilação da despesa segue a classificação por Função de Governo (COFOG - Classification of Functions of Government) da OCDE/ONU.
A92: 2/ Fonte: SIAFI. Composto por todas as unidades que integram o Orçamento Fiscal e da Seguridade Social, exceto o Banco Central do Brasil.
A93: 3/ Fonte: Balancetes contábeis do Fundo de Garantia do Tempo de Serviço - FGTS e do Fundo remanescente do Programa de Integração Social e Programa de Formação do Patrimônio do Servidor Público (PIS/PASEP). O FGTS e Fundo PIS/PASEP conceitualmente estão sob a abrangência do Governo Central.
A94: 4/ Corresponde às transações cruzadas que devem ser eliminadas para efeitos de consolidação de modo a excluir a duplicidade de valores.
A95: 5/ Fonte: Matriz de Saldos Contábeis disponível no Sistema de Informações Contábeis e Fiscais do Setor Público Brasileiro - Siconfi, Relatório Resumido da Execução Orçamentária (RREO) do FINBRA, Demonstrativo de Contas Anuais e portais de transparência.
A96: 6/ Fonte: Matriz de Saldos Contábeis disponível no Sistema de Informações Contábeis e Fiscais do Setor Público Brasileiro - Siconfi, Relatório Resumido da Execução Orçamentária (RREO) do FINBRA, Demonstrativo de Contas Anuais e portais de transparência. Destaca-se que foram utilizadas técnicas de imputação dos valores do FINBRA, de modo a ampliar a cobertura de municípios, bem como sua complementação com informações provenientes de outras fontes de dados.
A97: 7/ O resultado consolidado do Governo Geral exclui as transferências e juros intergovernamentais.
A98: 8/ Despesa apurada pelo regime competência que corresponde ao conceito de despesa liquidada incluído o pagamento de restos a pagar não processados inscritos em exercícios anteriores.
A99: 9/ Fonte: Banco Central do Brasil.
A100: 10/ Ensino fundamental I corresponde aos 5 primeiros anos do ensino fundamental.

Sheet 1.2.b
A1: Tabela 1.2.b. Despesa por função de governo1/ - Governo Central - Brasil - Anual
A2: R$ Milhões - Valores reais a preços de dezembro de 2023- IPCA
A4: Governo Central 2/ | C4: 2010 | D4: 2011 | E4: 2012 | F4: 2013 | G4: 2014 | H4: 2015 | I4: 2016 | J4: 2017 | K4: 2018 | L4: 2019 | M4: 2020 | N4: 2021 | O4: 2022 | P4: 2023
A5: 7 | B5: Despesa total3/ | C5: ='1.2'!C5*'1.2.b'!C$85 -> 2338128.7 | D5: ='1.2'!D5*'1.2.b'!D$85 -> 2501621.6 | E5: ='1.2'!E5*'1.2.b'!E$85 -> 2555389.8 | F5: ='1.2'!F5*'1.2.b'!F$85 -> 2678421.1 | G5: ='1.2'!G5*'1.2.b'!G$85 -> 2836578.4 | H5: ='1.2'!H5*'1.2.b'!H$85 -> 3059665.3 | I5: ='1.2'!I5*'1.2.b'!I$85 -> 2955916.7 | J5: ='1.2'!J5*'1.2.b'!J$85 -> 2911933.2 | ... P5: ='1.2'!P5*'1.2.b'!P$85 -> 3529839.6
A6: 701 | B6: Serviços públicos gerais | C6: ='1.2'!C6*'1.2.b'!C$85 -> 926799.51 | D6: ='1.2'!D6*'1.2.b'!D$85 -> 1036782.3 | E6: ='1.2'!E6*'1.2.b'!E$85 -> 1001871.2 | F6: ='1.2'!F6*'1.2.b'!F$85 -> 1030847.6 | G6: ='1.2'!G6*'1.2.b'!G$85 -> 1104422.7 | H6: ='1.2'!H6*'1.2.b'!H$85 -> 1428531.3 | I6: ='1.2'!I6*'1.2.b'!I$85 -> 1251750.2 | J6: ='1.2'!J6*'1.2.b'!J$85 -> 1180112.8 | ... P6: ='1.2'!P6*'1.2.b'!P$85 -> 1453400.4
A7: 7011 | B7: Poder execut., leg., assuntos fiscais, financeiros e externos | C7: ='1.2'!C7*'1.2.b'!C$85 -> 56788.741 | D7: ='1.2'!D7*'1.2.b'!D$85 -> 58352.708 | E7: ='1.2'!E7*'1.2.b'!E$85 -> 53671.621 | F7: ='1.2'!F7*'1.2.b'!F$85 -> 51842.931 | G7: ='1.2'!G7*'1.2.b'!G$85 -> 49146.267 | H7: ='1.2'!H7*'1.2.b'!H$85 -> 53494.302 | I7: ='1.2'!I7*'1.2.b'!I$85 -> 55518.21 | J7: ='1.2'!J7*'1.2.b'!J$85 -> 53930.845 | ... P7: ='1.2'!P7*'1.2.b'!P$85 -> 93869.849
A8: 7012 | B8: Ajuda econômica externa | C8: ='1.2'!C8*'1.2.b'!C$85 -> 360.10128 | D8: ='1.2'!D8*'1.2.b'!D$85 -> 243.1323 | E8: ='1.2'!E8*'1.2.b'!E$85 -> 44.353678 | F8: ='1.2'!F8*'1.2.b'!F$85 -> 54.14909 | G8: ='1.2'!G8*'1.2.b'!G$85 -> 0.033367013 | H8: ='1.2'!H8*'1.2.b'!H$85 -> 0 | I8: ='1.2'!I8*'1.2.b'!I$85 -> 0 | J8: ='1.2'!J8*'1.2.b'!J$85 -> 0 | ... P8: ='1.2'!P8*'1.2.b'!P$85 -> 0
A9: 7013 | B9: Serviços gerais | C9: ='1.2'!C9*'1.2.b'!C$85 -> 6419.448 | D9: ='1.2'!D9*'1.2.b'!D$85 -> 3774.2329 | E9: ='1.2'!E9*'1.2.b'!E$85 -> 3522.2145 | F9: ='1.2'!F9*'1.2.b'!F$85 -> 3494.6107 | G9: ='1.2'!G9*'1.2.b'!G$85 -> 3119.231 | H9: ='1.2'!H9*'1.2.b'!H$85 -> 2923.749 | I9: ='1.2'!I9*'1.2.b'!I$85 -> 2722.8634 | J9: ='1.2'!J9*'1.2.b'!J$85 -> 3206.5617 | ... P9: ='1.2'!P9*'1.2.b'!P$85 -> 5078.3748
A10: 7014 | B10: Pesquisa básica | C10: ='1.2'!C10*'1.2.b'!C$85 -> 2482.6136 | D10: ='1.2'!D10*'1.2.b'!D$85 -> 2206.8949 | E10: ='1.2'!E10*'1.2.b'!E$85 -> 2724.082 | F10: ='1.2'!F10*'1.2.b'!F$85 -> 2366.6923 | G10: ='1.2'!G10*'1.2.b'!G$85 -> 3105.2536 | H10: ='1.2'!H10*'1.2.b'!H$85 -> 2435.6198 | I10: ='1.2'!I10*'1.2.b'!I$85 -> 2351.2062 | J10: ='1.2'!J10*'1.2.b'!J$85 -> 1932.9935 | ... P10: ='1.2'!P10*'1.2.b'!P$85 -> 2937.7038
A11: 7015 | B11: Pesquisa e desenvolvimento de serviços públicos gerais | C11: ='1.2'!C11*'1.2.b'!C$85 -> 62.954748 | D11: ='1.2'!D11*'1.2.b'!D$85 -> 47.198226 | E11: ='1.2'!E11*'1.2.b'!E$85 -> 52.312719 | F11: ='1.2'!F11*'1.2.b'!F$85 -> 81.651076 | G11: ='1.2'!G11*'1.2.b'!G$85 -> 63.991292 | H11: ='1.2'!H11*'1.2.b'!H$85 -> 76.277321 | I11: ='1.2'!I11*'1.2.b'!I$85 -> 47.323862 | J11: ='1.2'!J11*'1.2.b'!J$85 -> 48.899185 | ... P11: ='1.2'!P11*'1.2.b'!P$85 -> 31.426383
A12: 7016 | B12: Serviços públicos gerais não especificados | C12: ='1.2'!C12*'1.2.b'!C$85 -> 9633.5702 | D12: ='1.2'!D12*'1.2.b'!D$85 -> 8243.948 | E12: ='1.2'!E12*'1.2.b'!E$85 -> 9087.8516 | F12: ='1.2'!F12*'1.2.b'!F$85 -> 7817.2841 | G12: ='1.2'!G12*'1.2.b'!G$85 -> 8841.2482 | H12: ='1.2'!H12*'1.2.b'!H$85 -> 8423.0344 | I12: ='1.2'!I12*'1.2.b'!I$85 -> 9575.1548 | J12: ='1.2'!J12*'1.2.b'!J$85 -> 8617.5808 | ... P12: ='1.2'!P12*'1.2.b'!P$85 -> 9234.1152
A13: 7017 | B13: Transações da dívida pública4/ | C13: ='1.2'!C13*'1.2.b'!C$85 -> 580298.76 | D13: ='1.2'!D13*'1.2.b'!D$85 -> 661129.47 | E13: ='1.2'!E13*'1.2.b'!E$85 -> 623415.79 | F13: ='1.2'!F13*'1.2.b'!F$85 -> 650195.17 | G13: ='1.2'!G13*'1.2.b'!G$85 -> 710971.46 | H13: ='1.2'!H13*'1.2.b'!H$85 -> 1055925.2 | I13: ='1.2'!I13*'1.2.b'!I$85 -> 860828.34 | J13: ='1.2'!J13*'1.2.b'!J$85 -> 794675.07 | ... P13: ='1.2'!P13*'1.2.b'!P$85 -> 856763.91
A14: 7018 | B14: Transferências de caráter geral entre diferentes níveis de governo | C14: ='1.2'!C14*'1.2.b'!C$85 -> 270753.33 | D14: ='1.2'!D14*'1.2.b'!D$85 -> 302784.73 | E14: ='1.2'!E14*'1.2.b'!E$85 -> 309352.97 | F14: ='1.2'!F14*'1.2.b'!F$85 -> 314995.11 | G14: ='1.2'!G14*'1.2.b'!G$85 -> 329175.21 | H14: ='1.2'!H14*'1.2.b'!H$85 -> 305253.07 | I14: ='1.2'!I14*'1.2.b'!I$85 -> 320707.14 | J14: ='1.2'!J14*'1.2.b'!J$85 -> 317700.87 | ... P14: ='1.2'!P14*'1.2.b'!P$85 -> 485485.04
A15: 702 | B15: Defesa | C15: ='1.2'!C15*'1.2.b'!C$85 -> 61841.808 | D15: ='1.2'!D15*'1.2.b'!D$85 -> 56350.808 | E15: ='1.2'!E15*'1.2.b'!E$85 -> 59421.251 | F15: ='1.2'!F15*'1.2.b'!F$85 -> 66176.84 | G15: ='1.2'!G15*'1.2.b'!G$85 -> 64889.155 | H15: ='1.2'!H15*'1.2.b'!H$85 -> 56897.401 | I15: ='1.2'!I15*'1.2.b'!I$85 -> 55269.086 | J15: ='1.2'!J15*'1.2.b'!J$85 -> 58446.898 | ... P15: ='1.2'!P15*'1.2.b'!P$85 -> 52326.341
A16: 7021 | B16: Defesa militar | C16: ='1.2'!C16*'1.2.b'!C$85 -> 53667.545 | D16: ='1.2'!D16*'1.2.b'!D$85 -> 51429.555 | E16: ='1.2'!E16*'1.2.b'!E$85 -> 53549.78 | F16: ='1.2'!F16*'1.2.b'!F$85 -> 56918.234 | G16: ='1.2'!G16*'1.2.b'!G$85 -> 58021.549 | H16: ='1.2'!H16*'1.2.b'!H$85 -> 52646.153 | I16: ='1.2'!I16*'1.2.b'!I$85 -> 51242.318 | J16: ='1.2'!J16*'1.2.b'!J$85 -> 54379.381 | ... P16: ='1.2'!P16*'1.2.b'!P$85 -> 49670.292
... A84: 7109 | B84: Proteção social não especificada | C84: ='1.2'!C84*'1.2.b'!C$85 -> 30994.65 | D84: ='1.2'!D84*'1.2.b'!D$85 -> 29210.596 | E84: ='1.2'!E84*'1.2.b'!E$85 -> 27866.816 | F84: ='1.2'!F84*'1.2.b'!F$85 -> 28366.055 | G84: ='1.2'!G84*'1.2.b'!G$85 -> 29800.9 | H84: ='1.2'!H84*'1.2.b'!H$85 -> 28599.028 | I84: ='1.2'!I84*'1.2.b'!I$85 -> 30359.265 | J84: ='1.2'!J84*'1.2.b'!J$85 -> 31880.049 | ... P84: ='1.2'!P84*'1.2.b'!P$85 -> 30889.86
A85: ='1.1.b'!A88 -> Deflator - IPCA base 2023 | C85: 2.1193689 | D85: 1.9899551 | E85: 1.8801791 | F85: 1.7752497 | G85: 1.6683506 | H85: 1.5074591 | I85: 1.4182779 | J85: 1.3776721 | K85: 1.3279333 | L85: 1.2731112 | M85: 1.2180848 | N85: 1.1067362 | O85: 1.0462119 | P85: 1
A86: Fonte: STN, SOF, IBGE e BCB
A87: Obs.: Dados sujeitos a alteração
A88: 1/ A compilação da despesa segue a classificação por Função de Governo (COFOG - Classification of Functions of Government) da OCDE/ONU.
A89: 2/ Fonte: SIAFI e Balancetes contábeis do Fundo de Garantia do Tempo de Serviço - FGTS e do Fundo remanescente do Programa de Integração Social e Programa de Formação do Patrimônio do Servidor Público (PIS/PASEP). O governo central consolidado é composto por todas as unidades que integram o Orçamento Fiscal e da Seguridade Social, exceto o Banco Central do Brasil, o FGTS e Fundo PIS/PASEP.
A90: 3/ Despesa apurada pelo regime competência que corresponde ao conceito de despesa liquidada incluído o pagamento de restos a pagar não processados inscritos em exercícios anteriores.
A91: 4/ Fonte: Banco Central do Brasil.
A92: 5/ Ensino fundamental I corresponde aos 5 primeiros anos do ensino fundamental.

Sheet 1.3.b
A1: Tabela 1.3.b. Despesa por função de governo1/ - Governos Estaduais - Brasil - Anual
A2: R$ Milhões - Valores reais a preços de dezembro de 2023- IPCA
A4: Governos Estaduais 2/ | C4: 2010 | D4: 2011 | E4: 2012 | F4: 2013 | G4: 2014 | H4: 2015 | I4: 2016 | J4: 2017 | K4: 2018 | L4: 2019 | M4: 2020 | N4: 2021 | O4: 2022 | P4: 2023
A5: 7 | B5: Despesa total3/ | C5: ='1.3'!C5*'1.3.b'!C$85 -> 1099821.1 | D5: ='1.3'!D5*'1.3.b'!D$85 -> 1076782.3 | E5: ='1.3'!E5*'1.3.b'!E$85 -> 1144883.3 | F5: ='1.3'!F5*'1.3.b'!F$85 -> 1213164 | G5: ='1.3'!G5*'1.3.b'!G$85 -> 1244371.7 | H5: ='1.3'!H5*'1.3.b'!H$85 -> 1210344.9 | I5: ='1.3'!I5*'1.3.b'!I$85 -> 1178304 | J5: ='1.3'!J5*'1.3.b'!J$85 -> 1164510.7 | ... P5: ='1.3'!P5*'1.3.b'!P$85 -> 1461197.4
A6: 701 | B6: Serviços públicos gerais | C6: ='1.3'!C6*'1.3.b'!C$85 -> 379694.8 | D6: ='1.3'!D6*'1.3.b'!D$85 -> 346549.88 | E6: ='1.3'!E6*'1.3.b'!E$85 -> 378439.46 | F6: ='1.3'!F6*'1.3.b'!F$85 -> 373851.02 | G6: ='1.3'!G6*'1.3.b'!G$85 -> 367701.91 | H6: ='1.3'!H6*'1.3.b'!H$85 -> 393788.37 | I6: ='1.3'!I6*'1.3.b'!I$85 -> 348930.78 | J6: ='1.3'!J6*'1.3.b'!J$85 -> 311481.83 | ... P6: ='1.3'!P6*'1.3.b'!P$85 -> 408878.31
A7: 7011 | B7: Poder execut., leg., assuntos fiscais, financeiros e externos | C7: ='1.3'!C7*'1.3.b'!C$85 -> 77084.452 | D7: ='1.3'!D7*'1.3.b'!D$85 -> 70134.551 | E7: ='1.3'!E7*'1.3.b'!E$85 -> 84841.951 | F7: ='1.3'!F7*'1.3.b'!F$85 -> 83826.163 | G7: ='1.3'!G7*'1.3.b'!G$85 -> 83934.185 | H7: ='1.3'!H7*'1.3.b'!H$85 -> 77189.646 | I7: ='1.3'!I7*'1.3.b'!I$85 -> 66139.669 | J7: ='1.3'!J7*'1.3.b'!J$85 -> 64093.726 | ... P7: ='1.3'!P7*'1.3.b'!P$85 -> 90264.601
A8: 7012 | B8: Ajuda econômica externa | C8: ='1.3'!C8*'1.3.b'!C$85 -> 0 | D8: ='1.3'!D8*'1.3.b'!D$85 -> 0 | E8: ='1.3'!E8*'1.3.b'!E$85 -> 0 | F8: ='1.3'!F8*'1.3.b'!F$85 -> 0 | G8: ='1.3'!G8*'1.3.b'!G$85 -> 0 | H8: ='1.3'!H8*'1.3.b'!H$85 -> 0 | I8: ='1.3'!I8*'1.3.b'!I$85 -> 0 | J8: ='1.3'!J8*'1.3.b'!J$85 -> 0 | ... P8: ='1.3'!P8*'1.3.b'!P$85 -> 0
A9: 7013 | B9: Serviços gerais | C9: ='1.3'!C9*'1.3.b'!C$85 -> 9109.4604 | D9: ='1.3'!D9*'1.3.b'!D$85 -> 8310.9395 | E9: ='1.3'!E9*'1.3.b'!E$85 -> 8940.185 | F9: ='1.3'!F9*'1.3.b'!F$85 -> 10014.549 | G9: ='1.3'!G9*'1.3.b'!G$85 -> 9728.4354 | H9: ='1.3'!H9*'1.3.b'!H$85 -> 7665.9335 | I9: ='1.3'!I9*'1.3.b'!I$85 -> 3810.6408 | J9: ='1.3'!J9*'1.3.b'!J$85 -> 3993.5077 | ... P9: ='1.3'!P9*'1.3.b'!P$85 -> 5802.9097
